Workbook

Sheet Index
C9: Facts and figures Q4 2017
C10: Results and KPIs for the period ending 31 December 2017
C11: (in millions of euro unless indicated otherwise)
C13: Index of sheets
C14: - | E14: P&L & Cash flow
C15: - | E15: Revenues
C16: - | E16: Opex (excl. D&A)
C17: - | E17: EBITDA & contribution margin
C18: - | E18: Cash flow statement, Capex, Balance sheet & Debt summary
C19: - | E19: FTE
C20: - | E20: Growth analysis (Q4, FY, Q1, Q2, Q3)
C21: - | E21: Consumer Revenues
C22: - | E22: Consumer KPIs
C23: - | E23: Business Revenues
C24: - | E24: Business KPIs
C25: - | E25: Wholesale Revenues
... C27: - | E27: Bond overview
C29: For further information please contact
C30: KPN Investor Relations
C31: Phone | F31: +31 70 44 60986
C32: ir@kpn.com
C33: ir.kpn.com
D66: -318

Sheet P&L & Cash flow
C2: Consolidated figures | D2: 2017 | E2: Q4 '17 | F2: Q3 '17 | G2: Q2 '17 | H2: Q1 '17 | J2: 2016 | K2: Q4 '16 | L2: Q3 '16 | M2: Q2 '16 | N2: Q1 '16 | P2: y-on-y | Q2: y-on-y
C3: Income statement from continuing operations1 | P3: Q4% | Q3: FY%
C5: Revenues | D5: 6498 | E5: 1614 | F5: 1605 | G5: 1631 | H5: 1648 | J5: 6806 | K5: 1723 | L5: 1718 | M5: 1676 | N5: 1689 | P5: -0.063261753 | Q5: -0.045254187
C6: Adjusted revenues | D6: 6500 | E6: 1614 | F6: 1615 | G6: 1623 | H6: 1648 | J6: 6780 | K6: 1704 | L6: 1711 | M6: 1676 | N6: 1689 | P6: -0.052816901 | Q6: -0.041297935
C8: Cost of goods & services | D8: 1923 | E8: 462 | F8: 470 | G8: 491 | H8: 500 | J8: 2103 | K8: 526 | L8: 524 | M8: 528 | N8: 525 | P8: -0.121673 | Q8: -0.085592011
C9: Personnel expenses | D9: 1151 | E9: 287 | F9: 275 | G9: 291 | H9: 298 | J9: 1175 | K9: 282 | L9: 268 | M9: 298 | N9: 327 | P9: 0.017730496 | Q9: -0.020425532
C10: IT/TI | D10: 502 | E10: 126 | F10: 120 | G10: 122 | H10: 134 | J10: 547 | K10: 143 | L10: 127 | M10: 134 | N10: 143 | P10: -0.11888112 | Q10: -0.08226691
C11: Other operating expenses | D11: 616 | E11: 179 | F11: 137 | G11: 140 | H11: 160 | J11: 552 | K11: 146 | L11: 134 | M11: 137 | N11: 135 | P11: 0.2260274 | Q11: 0.11594203
C12: Operating expenses (excl. D&A) | D12: 4192 | E12: 1054 | F12: 1002 | G12: 1044 | H12: 1092 | J12: 4377 | K12: 1097 | L12: 1053 | M12: 1097 | N12: 1130 | P12: -0.039197812 | Q12: -0.042266393
C14: EBITDA | D14: 2306 | E14: 560 | F14: 603 | G14: 587 | H14: 556 | J14: 2429 | K14: 626 | L14: 665 | M14: 579 | N14: 559 | P14: -0.10543131 | Q14: -0.050638123
C15: Adjusted EBITDA | D15: 2417 | E15: 596 | F15: 636 | G15: 601 | H15: 584 | J15: 2428 | K15: 606 | L15: 662 | M15: 592 | N15: 568 | P15: -0.01650165 | Q15: -0.0045304778
C17: Depreciation | D17: 1005 | E17: 257 | F17: 248 | G17: 252 | H17: 248 | J17: 1008 | K17: 254 | L17: 251 | M17: 252 | N17: 251 | P17: 0.011811024 | Q17: -0.0029761905
C18: Amortization | D18: 419 | E18: 107 | F18: 102 | G18: 103 | H18: 107 | J18: 537 | K18: 126 | L18: 122 | M18: 122 | N18: 167 | P18: -0.15079365 | Q18: -0.21973929
C19: Total operating expenses | D19: 5616 | E19: 1418 | F19: 1352 | G19: 1399 | H19: 1447 | J19: 5922 | K19: 1477 | L19: 1426 | M19: 1471 | N19: 1548 | P19: -0.039945836 | Q19: -0.051671733
... C23: Net finance costs | D23: -241 | E23: -86 | F23: -82 | G23: 7 | H23: -80 | J23: -417 | K23: -99 | L23: -246 | M23: 10 | N23: -82 | P23: -0.13131313 | Q23: -0.42206235
C24: Share of the profit of associates and joint ventures | D24: 1 | E24: 1 | F24: -1 | G24: 1 | H24: 0 | J24: -1 | K24: -1 | L24: 1 | M24: -2 | N24: 1 | P24: n.m. | Q24: n.m.
C26: Profit before income tax | D26: 642 | E26: 111 | F26: 170 | G26: 240 | H26: 121 | J26: 466 | K26: 146 | L26: 47 | M26: 213 | N26: 60 | P26: -0.23972603 | Q26: 0.3776824
C28: Income taxes | D28: -157 | E28: -41 | F28: -38 | G28: -49 | H28: -29 | J28: -96 | K28: -31 | L28: -2 | M28: -51 | N28: -12 | P28: 0.32258065 | Q28: 0.63541667
C30: Profit for the period | D30: 485 | E30: 70 | F30: 132 | G30: 191 | H30: 92 | J30: 370 | K30: 115 | L30: 45 | M30: 162 | N30: 48 | P30: -0.39130435 | Q30: 0.31081081
C32: Profit for the period from discontinued operations | D32: -2 | E32: -1 | F32: -1 | G32: 0 | H32: 0 | J32: 430 | K32: 19 | L32: 49 | M32: 0 | N32: 362 | P32: n.m. | Q32: n.m.
C34: Profit for the period (incl. discontinued operations) | D34: 483 | E34: 69 | F34: 131 | G34: 191 | H34: 92 | J34: 800 | K34: 134 | L34: 94 | M34: 162 | N34: 410 | P34: -0.48507463 | Q34: -0.39625
C36: Profit attributable to non-controlling interest (incl. disc. ops.) | D36: 0 | E36: 0 | F36: 0 | G36: 0 | H36: 0 | J36: 7 | K36: 1 | L36: -1 | M36: 1 | N36: 6 | P36: -1 | Q36: -1
C37: Profit attributable to equity holders (incl. discontinued operations) | D37: 483 | E37: 69 | F37: 131 | G37: 191 | H37: 92 | J37: 793 | K37: 133 | L37: 95 | M37: 161 | N37: 404 | P37: -0.48120301 | Q37: -0.39092055
C39: Earnings per share2
C40: From continuing operations (non-diluted) | D40: 0.1 | E40: 0.01 | F40: 0.03 | G40: 0.04 | H40: 0.02 | J40: 0.07 | K40: 0.02 | L40: 0.001 | M40: 0.04 | N40: 0.01 | P40: -0.5 | Q40: 0.42857143
C41: From continuing operations (fully-diluted) | D41: 0.1 | E41: 0.01 | F41: 0.03 | G41: 0.04 | H41: 0.02 | J41: 0.07 | K41: 0.02 | L41: 0.001 | M41: 0.04 | N41: 0.01 | P41: -0.5 | Q41: 0.42857143
C43: Including discontinued operations (non-diluted) | D43: 0.1 | E43: 0.01 | F43: 0.03 | G43: 0.04 | H43: 0.02 | J43: 0.17 | K43: 0.02 | L43: 0.02 | M43: 0.04 | N43: 0.09 | P43: -0.5 | Q43: -0.41176471
C44: Including discontinued operations (fully-diluted) | D44: 0.1 | E44: 0.01 | F44: 0.03 | G44: 0.04 | H44: 0.02 | J44: 0.17 | K44: 0.02 | L44: 0.02 | M44: 0.04 | N44: 0.09 | P44: -0.5 | Q44: -0.41176471
C46: Dividend per share
C47: Dividend per share (in € cents) - Regular | D47: 11 | E47: 7.3 | F47: 0 | G47: 3.7 | H47: 0 | J47: 10 | K47: 6.7 | L47: 0 | M47: 3.3 | N47: 0 | P47: 0.089552239 | Q47: 0.1
C48: Dividend per share (in € cents) - Additional | D48: 1.7 | E48: 0 | F48: 0 | G48: 1.7 | H48: 0 | J48: 2.8 | K48: 0 | L48: 0 | M48: 2.8 | N48: 0 | P48: n.m. | Q48: -0.39285714
C49: Dividend per share (in € cents) - Total | D49: 12.7 | E49: 7.3 | F49: 0 | G49: 5.4 | H49: 0 | J49: 12.8 | K49: 6.7 | L49: 0 | M49: 6.1 | N49: 0 | P49: 0.089552239 | Q49: -0.0078125
B52: 1 Results from discontinued operations include results related to BASE Company and E-Plus
B53: 2 Defined as profit after taxes per ordinary share / ADS (in €)
C57: Consolidated figures | D57: 2017 | E57: Q4 '17 | F57: Q3 '17 | G57: Q2 '17 | H57: Q1 '17 | J57: 2016 | K57: Q4 '16 | L57: Q3 '16 | M57: Q2 '16 | N57: Q1 '16 | P57: y-on-y | Q57: y-on-y
C58: Cash flow from continuing operations & Leverage | P58: Q4% | Q58: FY%
C60: EBITDA | D60: 2306 | E60: 560 | F60: 603 | G60: 587 | H60: 556 | J60: 2429 | K60: 626 | L60: 665 | M60: 579 | N60: 559 | P60: -0.10543131 | Q60: -0.050638123
C61: Interest received (paid) | D61: -349 | E61: -71 | F61: -84 | G61: -39 | H61: -155 | J61: -460 | K61: -61 | L61: -136 | M61: -37 | N61: -226 | P61: 0.16393443 | Q61: -0.24130435
C62: Taxes received (paid) | D62: -13 | E62: 0 | F62: 0 | G62: -14 | H62: 1 | J62: 50 | K62: 6 | L62: 0 | M62: -6 | N62: 50 | P62: -1 | Q62: n.m.
C63: Change in provisions1 | D63: -4 | E63: 11 | F63: -9 | G63: -1 | H63: -5 | J63: -68 | K63: -19 | L63: -15 | M63: -7 | N63: -27 | P63: n.m. | Q63: -0.94117647
C64: Change in working capital1 | D64: -69 | E64: 113 | F64: -13 | G64: -70 | H64: -99 | J64: -121 | K64: 127 | L64: -103 | M64: -67 | N64: -78 | P64: -0.11023622 | Q64: -0.42975207
C65: Other movements (incl. Telefónica Deutschland dividend) | D65: 81 | E65: 4 | F65: 3 | G65: 71 | H65: 3 | J65: 94 | K65: -2 | L65: -8 | M65: 104 | N65: 0 | P65: n.m. | Q65: -0.13829787
C66: Net cash flow from continuing operating activities | D66: 1952 | E66: 617 | F66: 500 | G66: 534 | H66: 301 | J66: 1924 | K66: 677 | L66: 403 | M66: 566 | N66: 278 | P66: -0.088626292 | Q66: 0.014553015
C68: Capex | D68: -1139 | E68: -394 | F68: -241 | G68: -238 | H68: -266 | J68: -1193 | K68: -298 | L68: -265 | M68: -312 | N68: -318 | P68: 0.32214765 | Q68: -0.04526404
C69: Proceeds from real estate | D69: 2 | E69: 0 | F69: 2 | G69: 0 | H69: 0 | J69: 10 | K69: 2 | L69: 8 | M69: 0 | N69: 0 | P69: -1 | Q69: -0.8
C70: Free cash flow from continuing operations | D70: 815 | E70: 223 | F70: 261 | G70: 296 | H70: 35 | J70: 741 | K70: 381 | L70: 146 | M70: 254 | N70: -40 | P70: -0.41469816 | Q70: 0.099865047
C72: Paid coupon perpetual hybrid bonds | D72: -67 | E72: 0 | F72: -67 | G72: 0 | H72: 0 | J72: -67 | K72: 0 | L72: -67 | M72: 0 | N72: 0 | P72: n.m. | Q72: 0
C74: Leverage
C75: Net debt / EBITDA | D75: 2.5 | E75: 2.5 | F75: 2.6 | G75: 2.5 | H75: 2.7 | J75: 2.8 | K75: 2.8 | L75: 3 | M75: 2.8 | N75: 2.3
B78: 1 Excluding changes in deferred taxes

Sheet Revenues
C2: Consolidated figures | D2: 2017 | E2: Q4 '17 | F2: Q3 '17 | G2: Q2 '17 | H2: Q1 '17 | J2: 2016 | K2: Q4 '16 | L2: Q3 '16 | M2: Q2 '16 | N2: Q1 '16 | P2: y-on-y | Q2: y-on-y
C3: Revenues | P3: Q4% | Q3: FY%
C5: Consumer | D5: 3152 | E5: 791 | F5: 789 | G5: 784 | H5: 788 | J5: 3143 | K5: 802 | L5: 801 | M5: 768 | N5: 772 | P5: -0.013715711 | Q5: 0.0028635062
C6: Business | D6: 2198 | E6: 565 | F6: 541 | G6: 540 | H6: 552 | J6: 2309 | K6: 573 | L6: 569 | M6: 574 | N6: 593 | P6: -0.013961606 | Q6: -0.048072759
C7: Wholesale | D7: 676 | E7: 162 | F7: 158 | G7: 178 | H7: 178 | J7: 760 | K7: 204 | L7: 192 | M7: 184 | N7: 180 | P7: -0.20588235 | Q7: -0.11052632
C8: Network, Operations & IT | D8: 21 | E8: 5 | F8: 6 | G8: 6 | H8: 4 | J8: 17 | K8: 3 | L8: 5 | M8: 5 | N8: 4 | P8: 0.66666667 | Q8: 0.23529412
C9: Other (incl. eliminations) | D9: -171 | E9: -42 | F9: -42 | G9: -45 | H9: -42 | J9: -177 | K9: -44 | L9: -42 | M9: -45 | N9: -46 | P9: -0.045454545 | Q9: -0.033898305
C10: The Netherlands | D10: 5876 | E10: 1481 | F10: 1452 | G10: 1463 | H10: 1480 | J10: 6052 | K10: 1538 | L10: 1525 | M10: 1486 | N10: 1503 | P10: -0.037061118 | Q10: -0.029081295
C12: iBasis | D12: 705 | E12: 146 | F12: 174 | G12: 192 | H12: 193 | J12: 867 | K12: 210 | L12: 224 | M12: 218 | N12: 215 | P12: -0.3047619 | Q12: -0.18685121
C14: Other activities | D14: 1 | E14: 1 | F14: 0 | G14: -1 | H14: 1 | J14: 4 | K14: 3 | L14: 0 | M14: 0 | N14: 1 | P14: -0.66666667 | Q14: -0.75
C16: Intercompany revenues | D16: -84 | E16: -14 | F16: -21 | G16: -23 | H16: -26 | J16: -117 | K16: -28 | L16: -31 | M16: -28 | N16: -30 | P16: -0.5 | Q16: -0.28205128
C18: Total revenues | D18: 6498 | E18: 1614 | F18: 1605 | G18: 1631 | H18: 1648 | J18: 6806 | K18: 1723 | L18: 1718 | M18: 1676 | N18: 1689 | P18: -0.063261753 | Q18: -0.045254187
C24: Consolidated figures | D24: 2017 | E24: Q4 '17 | F24: Q3 '17 | G24: Q2 '17 | H24: Q1 '17 | J24: 2016 | K24: Q4 '16 | L24: Q3 '16 | M24: Q2 '16 | N24: Q1 '16 | O24: 0 | P24: y-on-y | Q24: y-on-y
C25: Adjusted revenues | P25: Q4% | Q25: FY%
C27: Consumer | D27: 3152 | E27: 791 | F27: 789 | G27: 784 | H27: 788 | J27: 3143 | K27: 802 | L27: 801 | M27: 768 | N27: 772 | P27: -0.013715711 | Q27: 0.0028635062
C28: Business | D28: 2198 | E28: 565 | F28: 541 | G28: 540 | H28: 552 | J28: 2309 | K28: 573 | L28: 569 | M28: 574 | N28: 593 | P28: -0.013961606 | Q28: -0.048072759
C29: Wholesale | D29: 678 | E29: 162 | F29: 168 | G29: 170 | H29: 178 | J29: 734 | K29: 185 | L29: 185 | M29: 184 | N29: 180 | P29: -0.12432432 | Q29: -0.076294278
C30: Network, Operations & IT | D30: 21 | E30: 5 | F30: 6 | G30: 6 | H30: 4 | J30: 17 | K30: 3 | L30: 5 | M30: 5 | N30: 4 | P30: 0.66666667 | Q30: 0.23529412
C31: Other (incl. eliminations) | D31: -171 | E31: -42 | F31: -42 | G31: -45 | H31: -42 | J31: -177 | K31: -44 | L31: -42 | M31: -45 | N31: -46 | P31: -0.045454545 | Q31: -0.033898305
C32: The Netherlands | D32: 5878 | E32: 1481 | F32: 1462 | G32: 1455 | H32: 1480 | J32: 6026 | K32: 1519 | L32: 1518 | M32: 1486 | N32: 1503 | P32: -0.025016458 | Q32: -0.024560239
C34: iBasis | D34: 705 | E34: 146 | F34: 174 | G34: 192 | H34: 193 | J34: 867 | K34: 210 | L34: 224 | M34: 218 | N34: 215 | P34: -0.3047619 | Q34: -0.18685121
C36: Other activities | D36: 1 | E36: 1 | F36: 0 | G36: -1 | H36: 1 | J36: 4 | K36: 3 | L36: 0 | M36: 0 | N36: 1 | P36: -0.66666667 | Q36: -0.75
C38: Intercompany revenues | D38: -84 | E38: -14 | F38: -21 | G38: -23 | H38: -26 | J38: -117 | K38: -28 | L38: -31 | M38: -28 | N38: -30 | P38: -0.5 | Q38: -0.28205128
C40: Total adjusted revenues | D40: 6500 | E40: 1614 | F40: 1615 | G40: 1623 | H40: 1648 | J40: 6780 | K40: 1704 | L40: 1711 | M40: 1676 | N40: 1689 | P40: -0.052816901 | Q40: -0.041297935

Sheet Opex (excl. D&A)
C2: Consolidated figures | D2: 2017 | E2: Q4 '17 | F2: Q3 '17 | G2: =Revenues!G2 -> Q2 '17 | H2: Q1 '17 | J2: 2016 | K2: Q4 '16 | L2: Q3 '16 | M2: Q2 '16 | N2: Q1 '16 | P2: y-on-y | Q2: y-on-y
C3: Operating expenses excl. D&A by function | P3: ='P&L & Cash flow'!P3 -> Q4% | Q3: FY%
C5: Costs of goods & services | D5: =SUM(E5:H5) -> 1368 | E5: 346 | F5: 336 | G5: 337 | H5: 349 | J5: 1421 | K5: 360 | L5: 348 | M5: 357 | N5: 356 | P5: =+IFERROR(IF(E5*K5<0,"n.m.",IF(E5/K5-1>100%,">100%",E5/K5-1)),"n.m.") -> -0.038888889 | Q5: =+IFERROR(IF(D5*J5<0,"n.m.",IF(D5/J5-1>100%,">100%",D5/J5-1)),"n.m.") -> -0.037297678
C6: Personnel expenses | D6: =SUM(E6:H6) -> 1119 | E6: 282 | F6: 264 | G6: 284 | H6: 289 | J6: 1149 | K6: 285 | L6: 259 | M6: 291 | N6: 314 | P6: =+IFERROR(IF(E6*K6<0,"n.m.",IF(E6/K6-1>100%,">100%",E6/K6-1)),"n.m.") -> -0.010526316 | Q6: =+IFERROR(IF(D6*J6<0,"n.m.",IF(D6/J6-1>100%,">100%",D6/J6-1)),"n.m.") -> -0.026109661
C7: IT/TI | D7: =SUM(E7:H7) -> 502 | E7: 126 | F7: 120 | G7: 122 | H7: 134 | J7: 547 | K7: 143 | L7: 127 | M7: 134 | N7: 143 | P7: =+IFERROR(IF(E7*K7<0,"n.m.",IF(E7/K7-1>100%,">100%",E7/K7-1)),"n.m.") -> -0.11888112 | Q7: =+IFERROR(IF(D7*J7<0,"n.m.",IF(D7/J7-1>100%,">100%",D7/J7-1)),"n.m.") -> -0.08226691
C8: Other operating expenses | D8: =SUM(E8:H8) -> 587 | E8: 166 | F8: 132 | G8: 136 | H8: 153 | J8: 533 | K8: 141 | L8: 130 | M8: 130 | N8: 132 | P8: =+IFERROR(IF(E8*K8<0,"n.m.",IF(E8/K8-1>100%,">100%",E8/K8-1)),"n.m.") -> 0.17730496 | Q8: =+IFERROR(IF(D8*J8<0,"n.m.",IF(D8/J8-1>100%,">100%",D8/J8-1)),"n.m.") -> 0.10131332
C9: The Netherlands | D9: =SUM(D5:D8) -> 3576 | E9: =SUM(E5:E8) -> 920 | F9: =SUM(F5:F8) -> 852 | G9: =SUM(G5:G8) -> 879 | H9: =H5+H6+H7+H8 -> 925 | J9: 3650 | K9: 929 | L9: 864 | M9: 912 | N9: 945 | P9: =+IFERROR(IF(E9*K9<0,"n.m.",IF(E9/K9-1>100%,">100%",E9/K9-1)),"n.m.") -> -0.0096878364 | Q9: =+IFERROR(IF(D9*J9<0,"n.m.",IF(D9/J9-1>100%,">100%",D9/J9-1)),"n.m.") -> -0.020273973
C11: iBasis | D11: =SUM(E11:H11) -> 681 | E11: 140 | F11: 165 | G11: 188 | H11: 188 | J11: 844 | K11: 205 | L11: 218 | M11: 212 | N11: 209 | P11: =+IFERROR(IF(E11*K11<0,"n.m.",IF(E11/K11-1>100%,">100%",E11/K11-1)),"n.m.") -> -0.31707317 | Q11: =+IFERROR(IF(D11*J11<0,"n.m.",IF(D11/J11-1>100%,">100%",D11/J11-1)),"n.m.") -> -0.19312796
C13: Other activities | D13: =SUM(E13:H13) -> 19 | E13: 8 | F13: 6 | G13: 0 | H13: 5 | J13: 0 | K13: -9 | L13: 2 | M13: 1 | N13: 6 | P13: =+IFERROR(IF(E13*K13<0,"n.m.",IF(E13/K13-1>100%,">100%",E13/K13-1)),"n.m.") -> n.m. | Q13: =+IFERROR(IF(D13*J13<0,"n.m.",IF(D13/J13-1>100%,">100%",D13/J13-1)),"n.m.") -> n.m.
C15: Intercompany expenses | D15: =SUM(E15:H15) -> -84 | E15: -14 | F15: -21 | G15: -23 | H15: -26 | J15: -117 | K15: -28 | L15: -31 | M15: -28 | N15: -30 | P15: =+IFERROR(IF(E15*K15<0,"n.m.",IF(E15/K15-1>100%,">100%",E15/K15-1)),"n.m.") -> -0.5 | Q15: =+IFERROR(IF(D15*J15<0,"n.m.",IF(D15/J15-1>100%,">100%",D15/J15-1)),"n.m.") -> -0.28205128
C17: Total operating expenses | D17: =SUM(E17:H17) -> 4192 | E17: =SUM(E9:E15) -> 1054 | F17: =SUM(F9:F15) -> 1002 | G17: =SUM(G9:G16) -> 1044 | H17: =H9+H11+H13+H15 -> 1092 | J17: 4377 | K17: 1097 | L17: 1053 | M17: 1097 | N17: 1130 | P17: =+IFERROR(IF(E17*K17<0,"n.m.",IF(E17/K17-1>100%,">100%",E17/K17-1)),"n.m.") -> -0.039197812 | Q17: =+IFERROR(IF(D17*J17<0,"n.m.",IF(D17/J17-1>100%,">100%",D17/J17-1)),"n.m.") -> -0.042266393
C23: Consolidated figures | D23: =D2 -> 2017 | E23: =E2 -> Q4 '17 | F23: Q3 '17 | G23: =Revenues!G2 -> Q2 '17 | H23: Q1 '17 | J23: =J2 -> 2016 | K23: =K2 -> Q4 '16 | L23: =L2 -> Q3 '16 | M23: =M2 -> Q2 '16 | N23: =N2 -> Q1 '16 | O23: =O2 -> 0 | P23: =P2 -> y-on-y | Q23: =Q2 -> y-on-y
C24: Adj. operating expenses excl. D&A by function | P24: =P3 -> Q4% | Q24: =Q3 -> FY%
C26: Costs of goods & services | D26: =SUM(E26:H26) -> 1368 | E26: 346 | F26: 336 | G26: 337 | H26: 349 | J26: 1421 | K26: 360 | L26: 348 | M26: 357 | N26: 356 | P26: =+IFERROR(IF(E26*K26<0,"n.m.",IF(E26/K26-1>100%,">100%",E26/K26-1)),"n.m.") -> -0.038888889 | Q26: =+IFERROR(IF(D26*J26<0,"n.m.",IF(D26/J26-1>100%,">100%",D26/J26-1)),"n.m.") -> -0.037297678
C27: Personnel expenses | D27: =SUM(E27:H27) -> 1119 | E27: 282 | F27: 264 | G27: 284 | H27: 289 | J27: 1149 | K27: 285 | L27: 259 | M27: 291 | N27: 314 | P27: =+IFERROR(IF(E27*K27<0,"n.m.",IF(E27/K27-1>100%,">100%",E27/K27-1)),"n.m.") -> -0.010526316 | Q27: =+IFERROR(IF(D27*J27<0,"n.m.",IF(D27/J27-1>100%,">100%",D27/J27-1)),"n.m.") -> -0.026109661
C28: IT/TI | D28: =SUM(E28:H28) -> 502 | E28: 126 | F28: 120 | G28: 122 | H28: 134 | J28: 547 | K28: 143 | L28: 127 | M28: 134 | N28: 143 | P28: =+IFERROR(IF(E28*K28<0,"n.m.",IF(E28/K28-1>100%,">100%",E28/K28-1)),"n.m.") -> -0.11888112 | Q28: =+IFERROR(IF(D28*J28<0,"n.m.",IF(D28/J28-1>100%,">100%",D28/J28-1)),"n.m.") -> -0.08226691
C29: Other operating expenses | D29: =SUM(E29:H29) -> 488 | E29: 133 | F29: 111 | G29: 115 | H29: 129 | J29: 498 | K29: 129 | L29: 127 | M29: 117 | N29: 125 | P29: =+IFERROR(IF(E29*K29<0,"n.m.",IF(E29/K29-1>100%,">100%",E29/K29-1)),"n.m.") -> 0.031007752 | Q29: =+IFERROR(IF(D29*J29<0,"n.m.",IF(D29/J29-1>100%,">100%",D29/J29-1)),"n.m.") -> -0.020080321
C30: The Netherlands | D30: =SUM(D26:D29) -> 3477 | E30: =SUM(E26:E29) -> 887 | F30: =SUM(F26:F29) -> 831 | G30: =SUM(G26:G29) -> 858 | H30: 901 | J30: 3615 | K30: 917 | L30: 861 | M30: 899 | N30: 938 | P30: =+IFERROR(IF(E30*K30<0,"n.m.",IF(E30/K30-1>100%,">100%",E30/K30-1)),"n.m.") -> -0.032715376 | Q30: =+IFERROR(IF(D30*J30<0,"n.m.",IF(D30/J30-1>100%,">100%",D30/J30-1)),"n.m.") -> -0.038174274
C32: iBasis | D32: =SUM(E32:H32) -> 681 | E32: 140 | F32: 165 | G32: 188 | H32: 188 | J32: 844 | K32: 205 | L32: 218 | M32: 212 | N32: 209 | P32: =+IFERROR(IF(E32*K32<0,"n.m.",IF(E32/K32-1>100%,">100%",E32/K32-1)),"n.m.") -> -0.31707317 | Q32: =+IFERROR(IF(D32*J32<0,"n.m.",IF(D32/J32-1>100%,">100%",D32/J32-1)),"n.m.") -> -0.19312796
C34: Other activities | D34: =SUM(E34:H34) -> 9 | E34: 5 | F34: 4 | G34: -1 | H34: 1 | J34: 10 | K34: 4 | L34: 1 | M34: 1 | N34: 4 | P34: =+IFERROR(IF(E34*K34<0,"n.m.",IF(E34/K34-1>100%,">100%",E34/K34-1)),"n.m.") -> 0.25 | Q34: =+IFERROR(IF(D34*J34<0,"n.m.",IF(D34/J34-1>100%,">100%",D34/J34-1)),"n.m.") -> -0.1
C36: Intercompany expenses | D36: =SUM(E36:H36) -> -84 | E36: =E15 -> -14 | F36: -21 | G36: -23 | H36: -26 | J36: -117 | K36: -28 | L36: -31 | M36: -28 | N36: -30 | P36: =+IFERROR(IF(E36*K36<0,"n.m.",IF(E36/K36-1>100%,">100%",E36/K36-1)),"n.m.") -> -0.5 | Q36: =+IFERROR(IF(D36*J36<0,"n.m.",IF(D36/J36-1>100%,">100%",D36/J36-1)),"n.m.") -> -0.28205128
C38: Total operating expenses | D38: =D36+D30+D32+D34 -> 4083 | E38: =SUM(E30:E37) -> 1018 | F38: =SUM(F30:F37) -> 979 | G38: =SUM(G26:G29)+SUM(G31:G36) -> 1022 | H38: =H30+H32+H34+H36 -> 1064 | J38: =J36+J30+J32+J34 -> 4352 | K38: =K36+K30+K32+K34 -> 1098 | L38: =L36+L30+L32+L34 -> 1049 | M38: =M36+M30+M32+M34 -> 1084 | N38: =N36+N30+N32+N34 -> 1121 | P38: =+IFERROR(IF(E38*K38<0,"n.m.",IF(E38/K38-1>100%,">100%",E38/K38-1)),"n.m.") -> -0.072859745 | Q38: =+IFERROR(IF(D38*J38<0,"n.m.",IF(D38/J38-1>100%,">100%",D38/J38-1)),"n.m.") -> -0.061810662
C44: Consolidated figures | D44: =D2 -> 2017 | E44: =E2 -> Q4 '17 | F44: =F23 -> Q3 '17 | G44: =G23 -> Q2 '17 | H44: Q1 '17 | J44: 2016 | K44: Q4 '16 | L44: Q3 '16 | M44: Q2 '16 | N44: Q1 '16 | P44: y-on-y | Q44: y-on-y
C45: Adj. operating expenses excl. D&A by segment | P45: =P3 -> Q4% | Q45: =Q3 -> FY%
C47: Consumer | D47: =SUM(E47:H47) -> 1163 | E47: 298 | F47: 276 | G47: 292 | H47: 297 | J47: 1242 | K47: 306 | L47: 303 | M47: 316 | N47: 317 | P47: =+IFERROR(IF(E47*K47<0,"n.m.",IF(E47/K47-1>100%,">100%",E47/K47-1)),"n.m.") -> -0.026143791 | Q47: =+IFERROR(IF(D47*J47<0,"n.m.",IF(D47/J47-1>100%,">100%",D47/J47-1)),"n.m.") -> -0.063607085
C48: Business | D48: =SUM(E48:H48) -> 978 | E48: 262 | F48: 236 | G48: 234 | H48: 246 | J48: 929 | K48: 239 | L48: 221 | M48: 231 | N48: 238 | P48: =+IFERROR(IF(E48*K48<0,"n.m.",IF(E48/K48-1>100%,">100%",E48/K48-1)),"n.m.") -> 0.09623431 | Q48: =+IFERROR(IF(D48*J48<0,"n.m.",IF(D48/J48-1>100%,">100%",D48/J48-1)),"n.m.") -> 0.052744887
C49: Wholesale | D49: =SUM(E49:H49) -> 206 | E49: 43 | F49: 50 | G49: 54 | H49: 59 | J49: 252 | K49: 63 | L49: 66 | M49: 62 | N49: 61 | P49: =+IFERROR(IF(E49*K49<0,"n.m.",IF(E49/K49-1>100%,">100%",E49/K49-1)),"n.m.") -> -0.31746032 | Q49: =+IFERROR(IF(D49*J49<0,"n.m.",IF(D49/J49-1>100%,">100%",D49/J49-1)),"n.m.") -> -0.18253968
C50: Network, Operations & IT | D50: =SUM(E50:H50) -> 1033 | E50: 254 | F50: 248 | G50: 258 | H50: 273 | J50: 1106 | K50: 282 | L50: 253 | M50: 271 | N50: 300 | P50: =+IFERROR(IF(E50*K50<0,"n.m.",IF(E50/K50-1>100%,">100%",E50/K50-1)),"n.m.") -> -0.09929078 | Q50: =+IFERROR(IF(D50*J50<0,"n.m.",IF(D50/J50-1>100%,">100%",D50/J50-1)),"n.m.") -> -0.066003617
C51: Other (incl. eliminations) | D51: =SUM(E51:H51) -> 97 | E51: 30 | F51: 21 | G51: 20 | H51: 26 | J51: 86 | K51: 27 | L51: 18 | M51: 19 | N51: 22 | P51: =+IFERROR(IF(E51*K51<0,"n.m.",IF(E51/K51-1>100%,">100%",E51/K51-1)),"n.m.") -> 0.11111111 | Q51: =+IFERROR(IF(D51*J51<0,"n.m.",IF(D51/J51-1>100%,">100%",D51/J51-1)),"n.m.") -> 0.12790698
C52: The Netherlands | D52: =SUM(D47:D51) -> 3477 | E52: =SUM(E47:E51) -> 887 | F52: =SUM(F47:F51) -> 831 | G52: =SUM(G47:G51) -> 858 | H52: =SUM(H47:H51) -> 901 | J52: 3615 | K52: 917 | L52: 861 | M52: 899 | N52: 938 | P52: =+IFERROR(IF(E52*K52<0,"n.m.",IF(E52/K52-1>100%,">100%",E52/K52-1)),"n.m.") -> -0.032715376 | Q52: =+IFERROR(IF(D52*J52<0,"n.m.",IF(D52/J52-1>100%,">100%",D52/J52-1)),"n.m.") -> -0.038174274
C54: iBasis | D54: =SUM(E54:H54) -> 681 | E54: 140 | F54: 165 | G54: 188 | H54: 188 | J54: 844 | K54: 205 | L54: 218 | M54: 212 | N54: 209 | P54: =+IFERROR(IF(E54*K54<0,"n.m.",IF(E54/K54-1>100%,">100%",E54/K54-1)),"n.m.") -> -0.31707317 | Q54: =+IFERROR(IF(D54*J54<0,"n.m.",IF(D54/J54-1>100%,">100%",D54/J54-1)),"n.m.") -> -0.19312796
C56: Other activities | D56: =SUM(E56:H56) -> 9 | E56: =E34 -> 5 | F56: 4 | G56: -1 | H56: 1 | J56: 10 | K56: 4 | L56: 1 | M56: 1 | N56: 4 | P56: =+IFERROR(IF(E56*K56<0,"n.m.",IF(E56/K56-1>100%,">100%",E56/K56-1)),"n.m.") -> 0.25 | Q56: =+IFERROR(IF(D56*J56<0,"n.m.",IF(D56/J56-1>100%,">100%",D56/J56-1)),"n.m.") -> -0.1
C58: Intercompany expenses | D58: =SUM(E58:H58) -> -84 | E58: =E15 -> -14 | F58: -21 | G58: -23 | H58: -26 | J58: -117 | K58: -28 | L58: -31 | M58: -28 | N58: -30 | P58: =+IFERROR(IF(E58*K58<0,"n.m.",IF(E58/K58-1>100%,">100%",E58/K58-1)),"n.m.") -> -0.5 | Q58: =+IFERROR(IF(D58*J58<0,"n.m.",IF(D58/J58-1>100%,">100%",D58/J58-1)),"n.m.") -> -0.28205128
C60: Total operating expenses | D60: =D52+D54+D56+D58 -> 4083 | E60: =SUM(E52:E59) -> 1018 | F60: =SUM(F52:F59) -> 979 | G60: =SUM(G47:G51)+SUM(G53:G58) -> 1022 | H60: =H52+H54+H56+H58 -> 1064 | J60: =J52+J54+J56+J58 -> 4352 | K60: =K52+K54+K56+K58 -> 1098 | L60: =L52+L54+L56+L58 -> 1049 | M60: =M52+M54+M56+M58 -> 1084 | N60: =N52+N54+N56+N58 -> 1121 | P60: =+IFERROR(IF(E60*K60<0,"n.m.",IF(E60/K60-1>100%,">100%",E60/K60-1)),"n.m.") -> -0.072859745 | Q60: =+IFERROR(IF(D60*J60<0,"n.m.",IF(D60/J60-1>100%,">100%",D60/J60-1)),"n.m.") -> -0.061810662

Sheet EBITDA & contribution margin
C2: Consolidated figures | D2: ='P&L & Cash flow'!D2 -> 2017 | E2: ='P&L & Cash flow'!E2 -> Q4 '17 | F2: Q3 '17 | G2: ='P&L & Cash flow'!G2 -> Q2 '17 | H2: Q1 '17 | J2: 2016 | K2: Q4 '16 | L2: =+Revenues!L2 -> Q3 '16 | M2: =+Revenues!M2 -> Q2 '16 | N2: =+Revenues!N2 -> Q1 '16 | P2: y-on-y | Q2: y-on-y
C3: EBITDA | P3: Q4% | Q3: FY%
C5: The Netherlands | D5: =SUM(E5:H5) -> 2300 | E5: ='Growth analysis Q4'!D40 -> 561 | F5: ='Growth analysis Q3'!D40 -> 600 | G5: ='Growth analysis Q2 '!D40 -> 584 | H5: ='Growth analysis Q1'!D40 -> 555 | J5: 2402 | K5: 609 | L5: 661 | M5: 574 | N5: 558 | P5: =+IFERROR(IF(E5*K5<0,"n.m.",IF(E5/K5-1>100%,">100%",E5/K5-1)),"n.m.") -> -0.078817734 | Q5: =+IFERROR(IF(D5*J5<0,"n.m.",IF(D5/J5-1>100%,">100%",D5/J5-1)),"n.m.") -> -0.042464613
C7: iBasis | D7: =SUM(E7:H7) -> 24 | E7: ='Growth analysis Q4'!D42 -> 6 | F7: ='Growth analysis Q3'!D42 -> 9 | G7: ='Growth analysis Q2 '!D42 -> 4 | H7: ='Growth analysis Q1'!D42 -> 5 | J7: 23 | K7: 5 | L7: 6 | M7: 6 | N7: 6 | P7: =+IFERROR(IF(E7*K7<0,"n.m.",IF(E7/K7-1>100%,">100%",E7/K7-1)),"n.m.") -> 0.2 | Q7: =+IFERROR(IF(D7*J7<0,"n.m.",IF(D7/J7-1>100%,">100%",D7/J7-1)),"n.m.") -> 0.043478261
C9: Other activities | D9: =SUM(E9:H9) -> -18 | E9: ='Growth analysis Q4'!D44 -> -7 | F9: ='Growth analysis Q3'!D44 -> -6 | G9: ='Growth analysis Q2 '!D44 -> -1 | H9: ='Growth analysis Q1'!D44 -> -4 | J9: 4 | K9: 12 | L9: -2 | M9: -1 | N9: -5 | P9: =+IFERROR(IF(E9*K9<0,"n.m.",IF(E9/K9-1>100%,">100%",E9/K9-1)),"n.m.") -> n.m. | Q9: =+IFERROR(IF(D9*J9<0,"n.m.",IF(D9/J9-1>100%,">100%",D9/J9-1)),"n.m.") -> n.m.
C11: Total EBITDA (reported) | D11: =SUM(E11:H11) -> 2306 | E11: ='Growth analysis Q4'!D46 -> 560 | F11: ='Growth analysis Q3'!D46 -> 603 | G11: ='Growth analysis Q2 '!D46 -> 587 | H11: ='Growth analysis Q1'!D46 -> 556 | J11: 2429 | K11: 626 | L11: 665 | M11: 579 | N11: 559 | P11: =+IFERROR(IF(E11*K11<0,"n.m.",IF(E11/K11-1>100%,">100%",E11/K11-1)),"n.m.") -> -0.10543131 | Q11: =+IFERROR(IF(D11*J11<0,"n.m.",IF(D11/J11-1>100%,">100%",D11/J11-1)),"n.m.") -> -0.050638123
C16: Consolidated figures | D16: =D2 -> 2017 | E16: =E2 -> Q4 '17 | F16: Q3 '17 | G16: =G2 -> Q2 '17 | H16: =H2 -> Q1 '17 | J16: 2016 | K16: Q4 '16 | L16: Q3 '16 | M16: Q2 '16 | N16: Q1 '16 | P16: =+P2 -> y-on-y | Q16: =+Q2 -> y-on-y
C17: Adjusted EBITDA | P17: =+P3 -> Q4% | Q17: =+Q3 -> FY%
C19: The Netherlands | D19: =SUM(E19:H19) -> 2401 | E19: ='Growth analysis Q4'!G40 -> 594 | F19: ='Growth analysis Q3'!G40 -> 631 | G19: ='Growth analysis Q2 '!G40 -> 597 | H19: ='Growth analysis Q1'!G40 -> 579 | J19: 2411 | K19: 602 | L19: 657 | M19: 587 | N19: 565 | P19: =+IFERROR(IF(E19*K19<0,"n.m.",IF(E19/K19-1>100%,">100%",E19/K19-1)),"n.m.") -> -0.013289037 | Q19: =+IFERROR(IF(D19*J19<0,"n.m.",IF(D19/J19-1>100%,">100%",D19/J19-1)),"n.m.") -> -0.0041476566
C21: iBasis | D21: =SUM(E21:H21) -> 24 | E21: ='Growth analysis Q4'!G42 -> 6 | F21: ='Growth analysis Q3'!G42 -> 9 | G21: ='Growth analysis Q2 '!G42 -> 4 | H21: ='Growth analysis Q1'!G42 -> 5 | J21: 23 | K21: 5 | L21: 6 | M21: 6 | N21: 6 | P21: =+IFERROR(IF(E21*K21<0,"n.m.",IF(E21/K21-1>100%,">100%",E21/K21-1)),"n.m.") -> 0.2 | Q21: =+IFERROR(IF(D21*J21<0,"n.m.",IF(D21/J21-1>100%,">100%",D21/J21-1)),"n.m.") -> 0.043478261
C23: Other activities | D23: =SUM(E23:H23) -> -8 | E23: ='Growth analysis Q4'!G44 -> -4 | F23: ='Growth analysis Q3'!G44 -> -4 | G23: ='Growth analysis Q2 '!G44 -> 0 | H23: ='Growth analysis Q1'!G44 -> 0 | J23: -6 | K23: -1 | L23: -1 | M23: -1 | N23: -3 | P23: =+IFERROR(IF(E23*K23<0,"n.m.",IF(E23/K23-1>100%,">100%",E23/K23-1)),"n.m.") -> >100% | Q23: =+IFERROR(IF(D23*J23<0,"n.m.",IF(D23/J23-1>100%,">100%",D23/J23-1)),"n.m.") -> 0.33333333
C25: Total adjusted EBITDA | D25: =SUM(E25:H25) -> 2417 | E25: ='Growth analysis Q4'!G46 -> 596 | F25: ='Growth analysis Q3'!G46 -> 636 | G25: ='Growth analysis Q2 '!G46 -> 601 | H25: ='Growth analysis Q1'!G46 -> 584 | J25: 2428 | K25: 606 | L25: 662 | M25: 592 | N25: 568 | P25: =+IFERROR(IF(E25*K25<0,"n.m.",IF(E25/K25-1>100%,">100%",E25/K25-1)),"n.m.") -> -0.01650165 | Q25: =+IFERROR(IF(D25*J25<0,"n.m.",IF(D25/J25-1>100%,">100%",D25/J25-1)),"n.m.") -> -0.0045304778
C30: Consolidated figures | D30: =D16 -> 2017 | E30: =E16 -> Q4 '17 | F30: Q3 '17 | G30: =G2 -> Q2 '17 | H30: Q1 '17 | J30: 2016 | K30: Q4 '16 | L30: Q3 '16 | M30: Q2 '16 | N30: Q1 '16
C31: Adjusted EBITDA margin
C33: The Netherlands | D33: ='Growth analysis FY'!G55 -> 0.40847227 | E33: ='Growth analysis Q4'!G55 -> 0.40108035 | F33: ='Growth analysis Q3'!G55 -> 0.43160055 | G33: ='Growth analysis Q2 '!G55 -> 0.41030928 | H33: 0.39121622 | J33: 0.4 | K33: 0.396 | L33: 0.433 | M33: 0.395 | N33: 0.376
C35: iBasis | D35: ='Growth analysis FY'!G57 -> 0.034042553 | E35: ='Growth analysis Q4'!G57 -> 0.04109589 | F35: ='Growth analysis Q3'!G57 -> 0.051724138 | G35: ='Growth analysis Q2 '!G57 -> 0.020833333 | H35: 0.025906736 | J35: 0.027 | K35: 0.024 | L35: 0.027 | M35: 0.028 | N35: 0.028
C37: Other activities | D37: ='Growth analysis FY'!G59 -> n.m. | E37: ='Growth analysis Q4'!G59 -> n.m. | F37: ='Growth analysis Q3'!G59 -> n.m. | G37: ='Growth analysis Q2 '!G59 -> n.m. | H37: n.m. | J37: n.m. | K37: n.m. | L37: n.m. | M37: n.m. | N37: n.m.
C39: Total adjusted EBITDA margin | D39: ='Growth analysis FY'!G61 -> 0.37184615 | E39: ='Growth analysis Q4'!G61 -> 0.3692689 | F39: ='Growth analysis Q3'!G61 -> 0.39380805 | G39: ='Growth analysis Q2 '!G61 -> 0.37030191 | H39: 0.35436893 | J39: 0.358 | K39: 0.356 | L39: 0.387 | M39: 0.353 | N39: 0.336
C44: Consolidated figures | D44: =D30 -> 2017 | E44: =E30 -> Q4 '17 | F44: Q3 '17 | G44: =G2 -> Q2 '17 | H44: Q1 '17 | J44: 2016 | K44: Q4 '16 | L44: Q3 '16 | M44: Q2 '16 | N44: Q1 '16 | P44: y-on-y | Q44: y-on-y
C45: Adjusted contribution margin by segment | P45: =P3 -> Q4% | Q45: =Q3 -> FY%
C47: Consumer | D47: =SUM(E47:H47) -> 1989 | E47: 493 | F47: 513 | G47: 492 | H47: 491 | J47: 1901 | K47: 496 | L47: 498 | M47: 452 | N47: 455 | P47: =+IFERROR(IF(E47*K47<0,"n.m.",IF(E47/K47-1>100%,">100%",E47/K47-1)),"n.m.") -> -0.0060483871 | Q47: =+IFERROR(IF(D47*J47<0,"n.m.",IF(D47/J47-1>100%,">100%",D47/J47-1)),"n.m.") -> 0.046291426
C48: Margin | D48: =D47/Revenues!D27 -> 0.63102792 | E48: =E47/Revenues!E27 -> 0.62326169 | F48: =F47/Revenues!F27 -> 0.65019011 | G48: =G47/Revenues!G27 -> 0.62755102 | H48: =H47/Revenues!H27 -> 0.62309645 | J48: 0.605 | K48: 0.618 | L48: 0.622 | M48: 0.589 | N48: 0.589
C49: Business | D49: =SUM(E49:H49) -> 1220 | E49: 303 | F49: 305 | G49: 306 | H49: 306 | J49: 1380 | K49: 334 | L49: 348 | M49: 343 | N49: 355 | P49: =+IFERROR(IF(E49*K49<0,"n.m.",IF(E49/K49-1>100%,">100%",E49/K49-1)),"n.m.") -> -0.092814371 | Q49: =+IFERROR(IF(D49*J49<0,"n.m.",IF(D49/J49-1>100%,">100%",D49/J49-1)),"n.m.") -> -0.11594203
C50: Margin | D50: =D49/Revenues!D28 -> 0.55505005 | E50: =E49/Revenues!E28 -> 0.53628319 | F50: =F49/Revenues!F28 -> 0.56377079 | G50: =G49/Revenues!G28 -> 0.56666667 | H50: 0.55434783 | J50: 0.598 | K50: 0.583 | L50: 0.612 | M50: 0.598 | N50: 0.599
C51: Wholesale | D51: =SUM(E51:H51) -> 472 | E51: 119 | F51: 118 | G51: 116 | H51: 119 | J51: 482 | K51: 122 | L51: 119 | M51: 122 | N51: 119 | P51: =+IFERROR(IF(E51*K51<0,"n.m.",IF(E51/K51-1>100%,">100%",E51/K51-1)),"n.m.") -> -0.024590164 | Q51: =+IFERROR(IF(D51*J51<0,"n.m.",IF(D51/J51-1>100%,">100%",D51/J51-1)),"n.m.") -> -0.020746888
C52: Margin | D52: =D51/Revenues!D29 -> 0.69616519 | E52: =E51/Revenues!E29 -> 0.7345679 | F52: =F51/Revenues!F29 -> 0.70238095 | G52: =G51/Revenues!G29 -> 0.68235294 | H52: =H51/Revenues!H29 -> 0.66853933 | J52: 0.657 | K52: 0.659 | L52: 0.643 | M52: 0.663 | N52: 0.661
C53: Network, Operations & IT | D53: =SUM(E53:H53) -> -1012 | E53: -249 | F53: -242 | G53: -252 | H53: -269 | J53: -1089 | K53: -279 | L53: -248 | M53: -266 | N53: -296 | P53: =+IFERROR(IF(E53*K53<0,"n.m.",IF(E53/K53-1>100%,">100%",E53/K53-1)),"n.m.") -> -0.10752688 | Q53: =+IFERROR(IF(D53*J53<0,"n.m.",IF(D53/J53-1>100%,">100%",D53/J53-1)),"n.m.") -> -0.070707071
C54: Other (incl. eliminations) | D54: =SUM(E54:H54) -> -268 | E54: -72 | F54: -63 | G54: -65 | H54: -68 | J54: -263 | K54: -71 | L54: -60 | M54: -64 | N54: -68 | P54: =+IFERROR(IF(E54*K54<0,"n.m.",IF(E54/K54-1>100%,">100%",E54/K54-1)),"n.m.") -> 0.014084507 | Q54: =+IFERROR(IF(D54*J54<0,"n.m.",IF(D54/J54-1>100%,">100%",D54/J54-1)),"n.m.") -> 0.019011407

Sheet CF, Capex, BS & Debt sum
C2: Consolidated figures | D2: ='P&L & Cash flow'!D2 -> 2017 | E2: ='P&L & Cash flow'!E2 -> Q4 '17 | F2: Q3 '17 | G2: ='P&L & Cash flow'!G2 -> Q2 '17 | H2: Q1 '17 | J2: =+'EBITDA & contribution margin'!J2 -> 2016 | K2: Q4 '16 | L2: =+'EBITDA & contribution margin'!L2 -> Q3 '16 | M2: =+'EBITDA & contribution margin'!M2 -> Q2 '16 | N2: =+'EBITDA & contribution margin'!N2 -> Q1 '16 | P2: y-on-y | Q2: =+'EBITDA & contribution margin'!Q2 -> y-on-y
C3: Cash flow from continuing operations1 | P3: ='P&L & Cash flow'!P3 -> Q4% | Q3: =+'EBITDA & contribution margin'!Q3 -> FY%
C5: Profit before income tax | D5: ='P&L & Cash flow'!D26 -> 642 | E5: ='P&L & Cash flow'!E26 -> 111 | F5: ='P&L & Cash flow'!F26 -> 170 | G5: ='P&L & Cash flow'!G26 -> 240 | H5: ='P&L & Cash flow'!H26 -> 121 | J5: ='P&L & Cash flow'!J26 -> 466 | K5: ='P&L & Cash flow'!K26 -> 146 | L5: ='P&L & Cash flow'!L26 -> 47 | M5: ='P&L & Cash flow'!M26 -> 213 | N5: ='P&L & Cash flow'!N26 -> 60 | P5: =+IFERROR(IF(E5*K5<0,"n.m.",IF(E5/K5-1>100%,">100%",E5/K5-1)),"n.m.") -> -0.23972603 | Q5: =+IFERROR(IF(D5*J5<0,"n.m.",IF(D5/J5-1>100%,">100%",D5/J5-1)),"n.m.") -> 0.3776824
C6: Net finance costs | D6: =SUM(E6:H6) -> 241 | E6: 86 | F6: 82 | G6: -7 | H6: 80 | J6: 417 | K6: 99 | L6: 246 | M6: -10 | N6: 82 | P6: =+IFERROR(IF(E6*K6<0,"n.m.",IF(E6/K6-1>100%,">100%",E6/K6-1)),"n.m.") -> -0.13131313 | Q6: =+IFERROR(IF(D6*J6<0,"n.m.",IF(D6/J6-1>100%,">100%",D6/J6-1)),"n.m.") -> -0.42206235
C7: Share of the profit of associates and joint ventures | D7: =SUM(E7:H7) -> -1 | E7: 0 | F7: 0 | G7: -1 | H7: 0 | J7: 1 | K7: 1 | L7: -1 | M7: 2 | N7: -1 | P7: =+IFERROR(IF(E7*K7<0,"n.m.",IF(E7/K7-1>100%,">100%",E7/K7-1)),"n.m.") -> -1 | Q7: =+IFERROR(IF(D7*J7<0,"n.m.",IF(D7/J7-1>100%,">100%",D7/J7-1)),"n.m.") -> n.m.
C9: Adjustments for:
C10: Depreciation, amortization and impairments | D10: =SUM(E10:H10) -> 1424 | E10: 364 | F10: 350 | G10: 355 | H10: 355 | J10: 1545 | K10: 380 | L10: 373 | M10: 374 | N10: 418 | P10: =+IFERROR(IF(E10*K10<0,"n.m.",IF(E10/K10-1>100%,">100%",E10/K10-1)),"n.m.") -> -0.042105263 | Q10: =+IFERROR(IF(D10*J10<0,"n.m.",IF(D10/J10-1>100%,">100%",D10/J10-1)),"n.m.") -> -0.078317152
C11: Share-based compensation | D11: =SUM(E11:I11) -> 6 | E11: 2 | F11: 4 | G11: -2 | H11: 2 | J11: 7 | K11: 3 | L11: 2 | M11: 2 | N11: 0 | P11: =+IFERROR(IF(E11*K11<0,"n.m.",IF(E11/K11-1>100%,">100%",E11/K11-1)),"n.m.") -> -0.33333333 | Q11: =+IFERROR(IF(D11*J11<0,"n.m.",IF(D11/J11-1>100%,">100%",D11/J11-1)),"n.m.") -> -0.14285714
C12: Other non-cash income and expense | D12: =SUM(E12:I12) -> 4 | E12: 1 | F12: 0 | G12: 3 | H12: 0 | J12: -23 | K12: -5 | L12: -10 | M12: -8 | N12: 0 | P12: =+IFERROR(IF(E12*K12<0,"n.m.",IF(E12/K12-1>100%,">100%",E12/K12-1)),"n.m.") -> n.m. | Q12: =+IFERROR(IF(D12*J12<0,"n.m.",IF(D12/J12-1>100%,">100%",D12/J12-1)),"n.m.") -> n.m.
C13: Change in provisions2 | D13: =SUM(E13:I13) -> -4 | E13: 11 | F13: -9 | G13: -1 | H13: -5 | J13: -68 | K13: -19 | L13: -15 | M13: -7 | N13: -27 | P13: =+IFERROR(IF(E13*K13<0,"n.m.",IF(E13/K13-1>100%,">100%",E13/K13-1)),"n.m.") -> n.m. | Q13: =+IFERROR(IF(D13*J13<0,"n.m.",IF(D13/J13-1>100%,">100%",D13/J13-1)),"n.m.") -> -0.94117647
C15: Inventories | D15: =SUM(E15:I15) -> -14 | E15: 0 | F15: -2 | G15: -1 | H15: -11 | J15: 19 | K15: 11 | L15: 0 | M15: 8 | N15: 0 | P15: =+IFERROR(IF(E15*K15<0,"n.m.",IF(E15/K15-1>100%,">100%",E15/K15-1)),"n.m.") -> -1 | Q15: =+IFERROR(IF(D15*J15<0,"n.m.",IF(D15/J15-1>100%,">100%",D15/J15-1)),"n.m.") -> n.m.
C16: Trade receivables | D16: =SUM(E16:I16) -> 3 | E16: -40 | F16: 21 | G16: -10 | H16: 32 | J16: 7 | K16: -15 | L16: 4 | M16: 7 | N16: 11 | P16: =+IFERROR(IF(E16*K16<0,"n.m.",IF(E16/K16-1>100%,">100%",E16/K16-1)),"n.m.") -> >100% | Q16: =+IFERROR(IF(D16*J16<0,"n.m.",IF(D16/J16-1>100%,">100%",D16/J16-1)),"n.m.") -> -0.57142857
C17: Prepayments and accrued income | D17: =SUM(E17:I17) -> -18 | E17: 19 | F17: -9 | G17: 29 | H17: -57 | J17: 15 | K17: 49 | L17: 0 | M17: 2 | N17: -36 | P17: =+IFERROR(IF(E17*K17<0,"n.m.",IF(E17/K17-1>100%,">100%",E17/K17-1)),"n.m.") -> -0.6122449 | Q17: =+IFERROR(IF(D17*J17<0,"n.m.",IF(D17/J17-1>100%,">100%",D17/J17-1)),"n.m.") -> n.m.
C18: Other current assets | D18: =SUM(E18:I18) -> 3 | E18: 5 | F18: 0 | G18: 1 | H18: -3 | J18: 1 | K18: 1 | L18: 0 | M18: 0 | N18: 0 | P18: =+IFERROR(IF(E18*K18<0,"n.m.",IF(E18/K18-1>100%,">100%",E18/K18-1)),"n.m.") -> >100% | Q18: =+IFERROR(IF(D18*J18<0,"n.m.",IF(D18/J18-1>100%,">100%",D18/J18-1)),"n.m.") -> >100%
C19: Trade payables | D19: =SUM(E19:I19) -> -17 | E19: 131 | F19: -35 | G19: 1 | H19: -114 | J19: -137 | K19: 45 | L19: -77 | M19: 42 | N19: -147 | P19: =+IFERROR(IF(E19*K19<0,"n.m.",IF(E19/K19-1>100%,">100%",E19/K19-1)),"n.m.") -> >100% | Q19: =+IFERROR(IF(D19*J19<0,"n.m.",IF(D19/J19-1>100%,">100%",D19/J19-1)),"n.m.") -> -0.87591241
C20: Accruals and deferred income | D20: =SUM(E20:I20) -> 3 | E20: -7 | F20: 27 | G20: -98 | H20: 81 | J20: -44 | K20: 16 | L20: -34 | M20: -131 | N20: 105 | P20: =+IFERROR(IF(E20*K20<0,"n.m.",IF(E20/K20-1>100%,">100%",E20/K20-1)),"n.m.") -> n.m. | Q20: =+IFERROR(IF(D20*J20<0,"n.m.",IF(D20/J20-1>100%,">100%",D20/J20-1)),"n.m.") -> n.m.
C21: Current liabilities (excl. short-term financing) | D21: =SUM(E21:I21) -> -29 | E21: 5 | F21: -15 | G21: 8 | H21: -27 | J21: 18 | K21: 20 | L21: 4 | M21: 5 | N21: -11 | P21: =+IFERROR(IF(E21*K21<0,"n.m.",IF(E21/K21-1>100%,">100%",E21/K21-1)),"n.m.") -> -0.75 | Q21: =+IFERROR(IF(D21*J21<0,"n.m.",IF(D21/J21-1>100%,">100%",D21/J21-1)),"n.m.") -> n.m.
C22: Change in working capital2 | D22: =SUM(E22:I22) -> -69 | E22: =SUM(E15:E21) -> 113 | F22: =SUM(F15:F21) -> -13 | G22: =SUM(G15:G21) -> -70 | H22: =H15+H16+H17+H18+H19+H20+H21 -> -99 | J22: -121 | K22: 127 | L22: -103 | M22: -67 | N22: -78 | P22: =+IFERROR(IF(E22*K22<0,"n.m.",IF(E22/K22-1>100%,">100%",E22/K22-1)),"n.m.") -> -0.11023622 | Q22: =+IFERROR(IF(D22*J22<0,"n.m.",IF(D22/J22-1>100%,">100%",D22/J22-1)),"n.m.") -> -0.42975207
C24: Received dividends | D24: =SUM(E24:H24) -> 71 | E24: 0 | F24: 0 | G24: 70 | H24: 1 | J24: 110 | K24: 0 | L24: 0 | M24: 110 | N24: 0 | P24: =+IFERROR(IF(E24*K24<0,"n.m.",IF(E24/K24-1>100%,">100%",E24/K24-1)),"n.m.") -> n.m. | Q24: =+IFERROR(IF(D24*J24<0,"n.m.",IF(D24/J24-1>100%,">100%",D24/J24-1)),"n.m.") -> -0.35454545
C25: Taxes received (paid) | D25: =SUM(E25:H25) -> -13 | E25: 0 | F25: 0 | G25: -14 | H25: 1 | J25: 50 | K25: 6 | L25: 0 | M25: -6 | N25: 50 | P25: =+IFERROR(IF(E25*K25<0,"n.m.",IF(E25/K25-1>100%,">100%",E25/K25-1)),"n.m.") -> -1 | Q25: =+IFERROR(IF(D25*J25<0,"n.m.",IF(D25/J25-1>100%,">100%",D25/J25-1)),"n.m.") -> n.m.
C26: Interest received (paid) | D26: =SUM(E26:H26) -> -349 | E26: -71 | F26: -84 | G26: -39 | H26: -155 | J26: -460 | K26: -61 | L26: -136 | M26: -37 | N26: -226 | P26: =+IFERROR(IF(E26*K26<0,"n.m.",IF(E26/K26-1>100%,">100%",E26/K26-1)),"n.m.") -> 0.16393443 | Q26: =+IFERROR(IF(D26*J26<0,"n.m.",IF(D26/J26-1>100%,">100%",D26/J26-1)),"n.m.") -> -0.24130435
C27: Net cash flow from continuing operating activities | D27: =+H27+G27+F27+E27 -> 1952 | E27: =SUM(E5:E13)+E22+SUM(E24:E26) -> 617 | F27: =SUM(F5:F13)+F22+SUM(F24:F26) -> 500 | G27: =SUM(G5:G13)+G22+SUM(G24:G26) -> 534 | H27: =H5+H6+H7+H10+H11+H12+H13+H22+H24+H25+H26 -> 301 | J27: =+N27+M27+L27+K27 -> 1924 | K27: =+K24+K25+K26+K22+K5+K6+K7+K10+K11+K12+K13 -> 677 | L27: =+L24+L25+L26+L22+L5+L6+L7+L10+L11+L12+L13 -> 403 | M27: =+M24+M25+M26+M22+M5+M6+M7+M10+M11+M12+M13 -> 566 | N27: =+N24+N25+N26+N22+N5+N6+N7+N10+N11+N12+N13 -> 278 | P27: =+IFERROR(IF(E27*K27<0,"n.m.",IF(E27/K27-1>100%,">100%",E27/K27-1)),"n.m.") -> -0.088626292 | Q27: =+IFERROR(IF(D27*J27<0,"n.m.",IF(D27/J27-1>100%,">100%",D27/J27-1)),"n.m.") -> 0.014553015
C28: Net cash flow from discontinued operating activities | D28: =SUM(E28:H28) -> -2 | E28: -1 | F28: -1 | G28: 0 | H28: 0 | J28: -7 | K28: -4 | L28: 0 | M28: -1 | N28: -2 | P28: =+IFERROR(IF(E28*K28<0,"n.m.",IF(E28/K28-1>100%,">100%",E28/K28-1)),"n.m.") -> -0.75 | Q28: =+IFERROR(IF(D28*J28<0,"n.m.",IF(D28/J28-1>100%,">100%",D28/J28-1)),"n.m.") -> -0.71428571
C30: Acquisitions and disposals | D30: 721 | E30: 15 | F30: -16 | G30: 531 | H30: 191 | J30: -3 | K30: 1 | L30: -1 | M30: 4 | N30: -7 | P30: =+IFERROR(IF(E30*K30<0,"n.m.",IF(E30/K30-1>100%,">100%",E30/K30-1)),"n.m.") -> >100% | Q30: =+IFERROR(IF(D30*J30<0,"n.m.",IF(D30/J30-1>100%,">100%",D30/J30-1)),"n.m.") -> n.m.
C31: Investments in intangible assets (excl. software) | D31: =SUM(E31:H31) -> -1 | E31: 0 | F31: 0 | G31: -1 | H31: 0 | J31: -26 | K31: 0 | L31: 1 | M31: -3 | N31: -24 | P31: =+IFERROR(IF(E31*K31<0,"n.m.",IF(E31/K31-1>100%,">100%",E31/K31-1)),"n.m.") -> n.m. | Q31: =+IFERROR(IF(D31*J31<0,"n.m.",IF(D31/J31-1>100%,">100%",D31/J31-1)),"n.m.") -> -0.96153846
C32: Disposal of intangibles | D32: =SUM(E32:H32) -> 0 | E32: 0 | F32: 0 | G32: 0 | H32: 0 | J32: 0 | K32: 0 | L32: 0 | M32: 0 | N32: 0 | P32: =+IFERROR(IF(E32*K32<0,"n.m.",IF(E32/K32-1>100%,">100%",E32/K32-1)),"n.m.") -> n.m. | Q32: =+IFERROR(IF(D32*J32<0,"n.m.",IF(D32/J32-1>100%,">100%",D32/J32-1)),"n.m.") -> n.m.
C33: Investments in property, plant & equipment and software | D33: =SUM(E33:H33) -> -1139 | E33: -394 | F33: -241 | G33: -238 | H33: -266 | J33: -1193 | K33: -298 | L33: -265 | M33: -312 | N33: -318 | P33: =+IFERROR(IF(E33*K33<0,"n.m.",IF(E33/K33-1>100%,">100%",E33/K33-1)),"n.m.") -> 0.32214765 | Q33: =+IFERROR(IF(D33*J33<0,"n.m.",IF(D33/J33-1>100%,">100%",D33/J33-1)),"n.m.") -> -0.04526404
C34: Disposal of property, plant & equipment and software | D34: =SUM(E34:H34) -> 2 | E34: 0 | F34: 2 | G34: 0 | H34: 0 | J34: 10 | K34: 2 | L34: 8 | M34: 0 | N34: 0 | P34: =+IFERROR(IF(E34*K34<0,"n.m.",IF(E34/K34-1>100%,">100%",E34/K34-1)),"n.m.") -> -1 | Q34: =+IFERROR(IF(D34*J34<0,"n.m.",IF(D34/J34-1>100%,">100%",D34/J34-1)),"n.m.") -> -0.8
C35: Changes in other financial non-current assets | D35: =SUM(E35:H35) -> -190 | E35: -65 | F35: -25 | G35: 0 | H35: -100 | J35: 436 | K35: -89 | L35: 50 | M35: 360 | N35: 115 | P35: =+IFERROR(IF(E35*K35<0,"n.m.",IF(E35/K35-1>100%,">100%",E35/K35-1)),"n.m.") -> -0.26966292 | Q35: =+IFERROR(IF(D35*J35<0,"n.m.",IF(D35/J35-1>100%,">100%",D35/J35-1)),"n.m.") -> n.m.
C36: Net cash flow from continuing investing activities | D36: =SUM(D30:D35) -> -607 | E36: =SUM(E30:E35) -> -444 | F36: =SUM(F30:F35) -> -280 | G36: =SUM(G30:G35) -> 292 | H36: =SUM(H30:H35) -> -175 | J36: =SUM(J30:J35) -> -776 | K36: =SUM(K30:K35) -> -384 | L36: =SUM(L30:L35) -> -207 | M36: =SUM(M30:M35) -> 49 | N36: =SUM(N30:N35) -> -234 | P36: =+IFERROR(IF(E36*K36<0,"n.m.",IF(E36/K36-1>100%,">100%",E36/K36-1)),"n.m.") -> 0.15625 | Q36: =+IFERROR(IF(D36*J36<0,"n.m.",IF(D36/J36-1>100%,">100%",D36/J36-1)),"n.m.") -> -0.21778351
C37: Net cash flow from discontinued investing activities | D37: =SUM(E37:H37) -> -3 | E37: 0 | F37: 0 | G37: 0 | H37: -3 | J37: 1183 | K37: -1 | L37: -4 | M37: 0 | N37: 1188 | P37: =+IFERROR(IF(E37*K37<0,"n.m.",IF(E37/K37-1>100%,">100%",E37/K37-1)),"n.m.") -> -1 | Q37: =+IFERROR(IF(D37*J37<0,"n.m.",IF(D37/J37-1>100%,">100%",D37/J37-1)),"n.m.") -> n.m.
C39: Share repurchases | D39: =SUM(E39:H39) -> -209 | E39: 0 | F39: -93 | G39: -116 | H39: 0 | J39: 0 | K39: 0 | L39: 0 | M39: 0 | N39: 0 | P39: =+IFERROR(IF(E39*K39<0,"n.m.",IF(E39/K39-1>100%,">100%",E39/K39-1)),"n.m.") -> n.m. | Q39: =+IFERROR(IF(D39*J39<0,"n.m.",IF(D39/J39-1>100%,">100%",D39/J39-1)),"n.m.") -> n.m.
C40: Share repurchases for option plans | D40: =SUM(E40:H40) -> 0 | E40: 0 | F40: 0 | G40: 0 | H40: 0 | J40: 0 | K40: 0 | L40: 0 | M40: 0 | N40: 0 | P40: =+IFERROR(IF(E40*K40<0,"n.m.",IF(E40/K40-1>100%,">100%",E40/K40-1)),"n.m.") -> n.m. | Q40: =+IFERROR(IF(D40*J40<0,"n.m.",IF(D40/J40-1>100%,">100%",D40/J40-1)),"n.m.") -> n.m.
C41: Dividends paid | D41: =SUM(E41:H41) -> -514 | E41: 0 | F41: -156 | G41: -358 | H41: 0 | J41: -487 | K41: 0 | L41: -141 | M41: -320 | N41: -26 | P41: =+IFERROR(IF(E41*K41<0,"n.m.",IF(E41/K41-1>100%,">100%",E41/K41-1)),"n.m.") -> n.m. | Q41: =+IFERROR(IF(D41*J41<0,"n.m.",IF(D41/J41-1>100%,">100%",D41/J41-1)),"n.m.") -> 0.055441478
C42: Paid coupon perpetual hybrid bonds | D42: =SUM(E42:H42) -> -67 | E42: 0 | F42: -67 | G42: 0 | H42: 0 | J42: -67 | K42: 0 | L42: -67 | M42: 0 | N42: 0 | P42: =+IFERROR(IF(E42*K42<0,"n.m.",IF(E42/K42-1>100%,">100%",E42/K42-1)),"n.m.") -> n.m. | Q42: =+IFERROR(IF(D42*J42<0,"n.m.",IF(D42/J42-1>100%,">100%",D42/J42-1)),"n.m.") -> 0
C43: Exercised options | D43: =SUM(E43:H43) -> 0 | E43: 0 | F43: 0 | G43: 0 | H43: 0 | J43: 0 | K43: 0 | L43: 0 | M43: 0 | N43: 0 | P43: =+IFERROR(IF(E43*K43<0,"n.m.",IF(E43/K43-1>100%,">100%",E43/K43-1)),"n.m.") -> n.m. | Q43: =+IFERROR(IF(D43*J43<0,"n.m.",IF(D43/J43-1>100%,">100%",D43/J43-1)),"n.m.") -> n.m.
C44: Proceeds from borrowings | D44: =SUM(E44:H44) -> 0 | E44: 0 | F44: 0 | G44: 0 | H44: 0 | J44: 1235 | K44: 0 | L44: 1235 | M44: 0 | N44: 0 | P44: =+IFERROR(IF(E44*K44<0,"n.m.",IF(E44/K44-1>100%,">100%",E44/K44-1)),"n.m.") -> n.m. | Q44: =+IFERROR(IF(D44*J44<0,"n.m.",IF(D44/J44-1>100%,">100%",D44/J44-1)),"n.m.") -> -1
C45: Repayments from borrowings and settlement of derivatives | D45: =SUM(E45:H45) -> -872 | E45: -78 | F45: -56 | G45: -28 | H45: -710 | J45: -2137 | K45: 31 | L45: -1299 | M45: -12 | N45: -857 | P45: =+IFERROR(IF(E45*K45<0,"n.m.",IF(E45/K45-1>100%,">100%",E45/K45-1)),"n.m.") -> n.m. | Q45: =+IFERROR(IF(D45*J45<0,"n.m.",IF(D45/J45-1>100%,">100%",D45/J45-1)),"n.m.") -> -0.59195133
C46: Changes in Share capital and Share premium reserve | D46: =SUM(E46:H46) -> 0 | E46: 0 | F46: 0 | G46: 0 | H46: 0 | J46: -1193 | K46: 0 | L46: 0 | M46: -1193 | N46: 0 | P46: =+IFERROR(IF(E46*K46<0,"n.m.",IF(E46/K46-1>100%,">100%",E46/K46-1)),"n.m.") -> n.m. | Q46: =+IFERROR(IF(D46*J46<0,"n.m.",IF(D46/J46-1>100%,">100%",D46/J46-1)),"n.m.") -> -1
C47: Other changes in interest-bearing current liabilities | D47: =SUM(E47:H47) -> -3 | E47: -1 | F47: -1 | G47: 0 | H47: -1 | J47: -72 | K47: 0 | L47: -16 | M47: -55 | N47: -1 | P47: =+IFERROR(IF(E47*K47<0,"n.m.",IF(E47/K47-1>100%,">100%",E47/K47-1)),"n.m.") -> n.m. | Q47: =+IFERROR(IF(D47*J47<0,"n.m.",IF(D47/J47-1>100%,">100%",D47/J47-1)),"n.m.") -> -0.95833333
C48: Net cash flow from continuing financing activities | D48: =SUM(D39:D47) -> -1665 | E48: =SUM(E39:E47) -> -79 | F48: =SUM(F39:F47) -> -373 | G48: =SUM(G39:G47) -> -502 | H48: =H39+H40+H41+H42+H43+H44+H45+H46+H47 -> -711 | J48: =SUM(J39:J47) -> -2721 | K48: =SUM(K39:K47) -> 31 | L48: =SUM(L39:L47) -> -288 | M48: =SUM(M39:M47) -> -1580 | N48: =SUM(N39:N47) -> -884 | P48: =+IFERROR(IF(E48*K48<0,"n.m.",IF(E48/K48-1>100%,">100%",E48/K48-1)),"n.m.") -> n.m. | Q48: =+IFERROR(IF(D48*J48<0,"n.m.",IF(D48/J48-1>100%,">100%",D48/J48-1)),"n.m.") -> -0.38809261
C49: Net cash flow from discontinued financing activities | D49: =SUM(E49:H49) -> 0 | E49: 0 | F49: 0 | G49: 0 | H49: 0 | J49: 0 | K49: 0 | L49: 0 | M49: 0 | N49: 0 | P49: =+IFERROR(IF(E49*K49<0,"n.m.",IF(E49/K49-1>100%,">100%",E49/K49-1)),"n.m.") -> n.m. | Q49: =+IFERROR(IF(D49*J49<0,"n.m.",IF(D49/J49-1>100%,">100%",D49/J49-1)),"n.m.") -> n.m.
C51: Total net cash flow from continuing operations | D51: =SUM(E51:H51) -> -320 | E51: 94 | F51: =F27+F36+F48 -> -153 | G51: =G27+G36+G48 -> 324 | H51: =H27+H36+H48 -> -585 | J51: =+J27+J36+J48 -> -1573 | K51: =+K27+K36+K48 -> 324 | L51: =+L27+L36+L48 -> -92 | M51: =+M27+M36+M48 -> -965 | N51: =+N27+N36+N48 -> -840 | P51: =+IFERROR(IF(E51*K51<0,"n.m.",IF(E51/K51-1>100%,">100%",E51/K51-1)),"n.m.") -> -0.70987654 | Q51: =+IFERROR(IF(D51*J51<0,"n.m.",IF(D51/J51-1>100%,">100%",D51/J51-1)),"n.m.") -> -0.79656707
C52: Total net cash flow from discontinued operations | D52: =SUM(E52:H52) -> -5 | E52: =E37+E49+E28 -> -1 | F52: -1 | G52: 0 | H52: -3 | J52: 1176 | K52: -6 | L52: -3 | M52: -1 | N52: 1186 | P52: =+IFERROR(IF(E52*K52<0,"n.m.",IF(E52/K52-1>100%,">100%",E52/K52-1)),"n.m.") -> -0.83333333 | Q52: =+IFERROR(IF(D52*J52<0,"n.m.",IF(D52/J52-1>100%,">100%",D52/J52-1)),"n.m.") -> n.m.
C53: Total net cash flow (changes in cash and cash equivalents) | D53: =+H53+G53+F53+E53 -> -325 | E53: =SUM(E51:E52) -> 93 | F53: =SUM(F51:F52) -> -154 | G53: =SUM(G51:G52) -> 324 | H53: =H51+H52 -> -588 | J53: =+N53+M53+L53+K53 -> -397 | K53: 318 | L53: =L51+L52 -> -95 | M53: =M51+M52 -> -966 | N53: =N51+N52 -> 346 | P53: =+IFERROR(IF(E53*K53<0,"n.m.",IF(E53/K53-1>100%,">100%",E53/K53-1)),"n.m.") -> -0.70754717 | Q53: =+IFERROR(IF(D53*J53<0,"n.m.",IF(D53/J53-1>100%,">100%",D53/J53-1)),"n.m.") -> -0.1813602
C55: Net cash at beginning of period | D55: =J58 -> 1178 | E55: =F58 -> 759 | F55: =G58 -> 913 | G55: =H58 -> 590 | H55: =J58 -> 1178 | J55: 1575 | K55: 859 | L55: 955 | M55: 1920 | N55: 1575 | P55: =+IFERROR(IF(E55*K55<0,"n.m.",IF(E55/K55-1>100%,">100%",E55/K55-1)),"n.m.") -> -0.11641444 | Q55: =+IFERROR(IF(D55*J55<0,"n.m.",IF(D55/J55-1>100%,">100%",D55/J55-1)),"n.m.") -> -0.25206349
C56: Changes in cash | D56: =SUM(E56:H56) -> -325 | E56: 93 | F56: =F53 -> -154 | G56: =G53 -> 324 | H56: =H53 -> -588 | J56: -397 | K56: 318 | L56: -95 | M56: -966 | N56: 346 | P56: =+IFERROR(IF(E56*K56<0,"n.m.",IF(E56/K56-1>100%,">100%",E56/K56-1)),"n.m.") -> -0.70754717 | Q56: =+IFERROR(IF(D56*J56<0,"n.m.",IF(D56/J56-1>100%,">100%",D56/J56-1)),"n.m.") -> -0.1813602
C57: Exchange rate difference | D57: =SUM(E57:H57) -> -1 | E57: 0 | F57: 0 | G57: -1 | H57: 0 | J57: 0 | K57: 0 | L57: 0 | M57: 1 | N57: -1 | P57: =+IFERROR(IF(E57*K57<0,"n.m.",IF(E57/K57-1>100%,">100%",E57/K57-1)),"n.m.") -> n.m. | Q57: =+IFERROR(IF(D57*J57<0,"n.m.",IF(D57/J57-1>100%,">100%",D57/J57-1)),"n.m.") -> n.m.
C58: Net cash at end of period | D58: =SUM(D55:D57) -> 852 | E58: =SUM(E55:E57) -> 852 | F58: =SUM(F55:F57) -> 759 | G58: =SUM(G55:G57) -> 913 | H58: =H55+H56+H57 -> 590 | J58: 1178 | K58: 1178 | L58: 859 | M58: 955 | N58: 1920 | P58: =+IFERROR(IF(E58*K58<0,"n.m.",IF(E58/K58-1>100%,">100%",E58/K58-1)),"n.m.") -> -0.27674024 | Q58: =+IFERROR(IF(D58*J58<0,"n.m.",IF(D58/J58-1>100%,">100%",D58/J58-1)),"n.m.") -> -0.27674024
C59: Bank overdrafts | D59: =E59 -> 4 | E59: 4 | F59: 6 | G59: 3 | H59: 7 | J59: 1 | K59: 1 | L59: 0 | M59: 5 | N59: 5 | P59: =+IFERROR(IF(E59*K59<0,"n.m.",IF(E59/K59-1>100%,">100%",E59/K59-1)),"n.m.") -> >100% | Q59: =+IFERROR(IF(D59*J59<0,"n.m.",IF(D59/J59-1>100%,">100%",D59/J59-1)),"n.m.") -> >100%
C60: Cash classified as held for sale | D60: =SUM(E60:H60) -> 0 | E60: 0 | F60: 0 | G60: 0 | H60: 0 | J60: 0 | K60: 0 | L60: 0 | M60: 0 | N60: 0 | P60: =+IFERROR(IF(E60*K60<0,"n.m.",IF(E60/K60-1>100%,">100%",E60/K60-1)),"n.m.") -> n.m. | Q60: =+IFERROR(IF(D60*J60<0,"n.m.",IF(D60/J60-1>100%,">100%",D60/J60-1)),"n.m.") -> n.m.
C61: Cash at end of period | D61: =SUM(D58:D60) -> 856 | E61: =SUM(E58:E60) -> 856 | F61: =SUM(F58:F60) -> 765 | G61: =SUM(G58:G60) -> 916 | H61: =H58+H59+H60 -> 597 | J61: 1179 | K61: 1179 | L61: 859 | M61: 960 | N61: 1925 | P61: =+IFERROR(IF(E61*K61<0,"n.m.",IF(E61/K61-1>100%,">100%",E61/K61-1)),"n.m.") -> -0.27396098 | Q61: =+IFERROR(IF(D61*J61<0,"n.m.",IF(D61/J61-1>100%,">100%",D61/J61-1)),"n.m.") -> -0.27396098
C63: Cash flow from continuing operating activities | D63: =SUM(E63:H63) -> 1952 | E63: =E27 -> 617 | F63: =F27 -> 500 | G63: =G27 -> 534 | H63: =H27 -> 301 | J63: 1924 | K63: 677 | L63: 403 | M63: 566 | N63: 278 | P63: =+IFERROR(IF(E63*K63<0,"n.m.",IF(E63/K63-1>100%,">100%",E63/K63-1)),"n.m.") -> -0.088626292 | Q63: =+IFERROR(IF(D63*J63<0,"n.m.",IF(D63/J63-1>100%,">100%",D63/J63-1)),"n.m.") -> 0.014553015
C64: Capital expenditures from continuing operations | D64: =SUM(E64:H64) -> -1139 | E64: =E33 -> -394 | F64: =-F82 -> -241 | G64: =-G82 -> -238 | H64: =-H82 -> -266 | J64: -1193 | K64: -298 | L64: -265 | M64: -312 | N64: -318 | P64: =+IFERROR(IF(E64*K64<0,"n.m.",IF(E64/K64-1>100%,">100%",E64/K64-1)),"n.m.") -> 0.32214765 | Q64: =+IFERROR(IF(D64*J64<0,"n.m.",IF(D64/J64-1>100%,">100%",D64/J64-1)),"n.m.") -> -0.04526404
C65: Proceeds from real estate from continuing operations | D65: =SUM(E65:H65) -> 2 | E65: 0 | F65: 2 | G65: 0 | H65: 0 | J65: 10 | K65: 2 | L65: 8 | M65: 0 | N65: 0 | P65: =+IFERROR(IF(E65*K65<0,"n.m.",IF(E65/K65-1>100%,">100%",E65/K65-1)),"n.m.") -> -1 | Q65: =+IFERROR(IF(D65*J65<0,"n.m.",IF(D65/J65-1>100%,">100%",D65/J65-1)),"n.m.") -> -0.8
C66: Free cash flow from continuing operations | D66: =SUM(D63:D65) -> 815 | E66: =SUM(E63:E65) -> 223 | F66: =SUM(F63:F65) -> 261 | G66: =SUM(G63:G65) -> 296 | H66: =H63+H64+H65 -> 35 | J66: 741 | K66: 381 | L66: 146 | M66: 254 | N66: -40 | P66: =+IFERROR(IF(E66*K66<0,"n.m.",IF(E66/K66-1>100%,">100%",E66/K66-1)),"n.m.") -> -0.41469816 | Q66: =+IFERROR(IF(D66*J66<0,"n.m.",IF(D66/J66-1>100%,">100%",D66/J66-1)),"n.m.") -> 0.099865047
B69: 1 Unless stated otherwise
B70: 2 Excluding changes in deferred taxes
C73: Consolidated figures | D73: =D2 -> 2017 | E73: =E2 -> Q4 '17 | F73: =F2 -> Q3 '17 | G73: =G2 -> Q2 '17 | H73: =H2 -> Q1 '17 | J73: =+J2 -> 2016 | K73: Q4 '16 | L73: =+L2 -> Q3 '16 | M73: =+M2 -> Q2 '16 | N73: =+N2 -> Q1 '16 | P73: =+P2 -> y-on-y | Q73: =+Q2 -> y-on-y
C74: Capex | P74: =+P3 -> Q4% | Q74: =+Q3 -> FY%
C76: The Netherlands | D76: 1131 | E76: 393 | F76: 239 | G76: 235 | H76: 264 | J76: 1186 | K76: 295 | L76: 264 | M76: 310 | N76: 317 | P76: =+IFERROR(IF(E76*K76<0,"n.m.",IF(E76/K76-1>100%,">100%",E76/K76-1)),"n.m.") -> 0.33220339 | Q76: =+IFERROR(IF(D76*J76<0,"n.m.",IF(D76/J76-1>100%,">100%",D76/J76-1)),"n.m.") -> -0.046374368
C78: iBasis | D78: =SUM(E78:H78) -> 8 | E78: 2 | F78: 1 | G78: 3 | H78: 2 | J78: 7 | K78: 3 | L78: 1 | M78: 2 | N78: 1 | P78: =+IFERROR(IF(E78*K78<0,"n.m.",IF(E78/K78-1>100%,">100%",E78/K78-1)),"n.m.") -> -0.33333333 | Q78: =+IFERROR(IF(D78*J78<0,"n.m.",IF(D78/J78-1>100%,">100%",D78/J78-1)),"n.m.") -> 0.14285714
C80: Other activities | D80: =SUM(E80:H80) -> 0 | E80: -1 | F80: 1 | G80: 0 | H80: 0 | J80: 0 | K80: 0 | L80: 0 | M80: 0 | N80: 0 | P80: =+IFERROR(IF(E80*K80<0,"n.m.",IF(E80/K80-1>100%,">100%",E80/K80-1)),"n.m.") -> n.m. | Q80: =+IFERROR(IF(D80*J80<0,"n.m.",IF(D80/J80-1>100%,">100%",D80/J80-1)),"n.m.") -> n.m.
C82: Total Capex | D82: =SUM(D76:D81) -> 1139 | E82: =SUM(E76:E81) -> 394 | F82: =SUM(F76:F81) -> 241 | G82: =SUM(G76:G81) -> 238 | H82: =H76+H78+H80 -> 266 | J82: 1193 | K82: 298 | L82: 265 | M82: 312 | N82: 318 | P82: =+IFERROR(IF(E82*K82<0,"n.m.",IF(E82/K82-1>100%,">100%",E82/K82-1)),"n.m.") -> 0.32214765 | Q82: =+IFERROR(IF(D82*J82<0,"n.m.",IF(D82/J82-1>100%,">100%",D82/J82-1)),"n.m.") -> -0.04526404
C87: Consolidated figures | D87: =D73 -> 2017 | E87: =E73 -> Q4 '17 | F87: Q3 '17 | G87: =G73 -> Q2 '17 | H87: =H2 -> Q1 '17 | J87: =+J73 -> 2016 | K87: Q4 '16 | L87: =+L73 -> Q3 '16 | M87: =+M73 -> Q2 '16 | N87: =+N73 -> Q1 '16
C88: Capex / Adjusted revenues
C90: The Netherlands | D90: =+IFERROR(IF(D76*Revenues!D32<0,"n.m.",IF(D76/Revenues!D32>100%,">100%",D76/Revenues!D32)),"n.m.") -> 0.19241239 | E90: =+IFERROR(IF(E76*Revenues!E32<0,"n.m.",IF(E76/Revenues!E32>100%,">100%",E76/Revenues!E32)),"n.m.") -> 0.26536124 | F90: =+IFERROR(IF(F76*Revenues!F32<0,"n.m.",IF(F76/Revenues!F32>100%,">100%",F76/Revenues!F32)),"n.m.") -> 0.16347469 | G90: =+IFERROR(IF(G76*Revenues!G32<0,"n.m.",IF(G76/Revenues!G32>100%,">100%",G76/Revenues!G32)),"n.m.") -> 0.16151203 | H90: =+IFERROR(IF(H76*Revenues!H32<0,"n.m.",IF(H76/Revenues!H32>100%,">100%",H76/Revenues!H32)),"n.m.") -> 0.17837838 | J90: =+IFERROR(IF(J76*Revenues!J32<0,"n.m.",IF(J76/Revenues!J32>100%,">100%",J76/Revenues!J32)),"n.m.") -> 0.19681381 | K90: =+IFERROR(IF(K76*Revenues!K32<0,"n.m.",IF(K76/Revenues!K32>100%,">100%",K76/Revenues!K32)),"n.m.") -> 0.19420671 | L90: =+IFERROR(IF(L76*Revenues!L32<0,"n.m.",IF(L76/Revenues!L32>100%,">100%",L76/Revenues!L32)),"n.m.") -> 0.17391304 | M90: =+IFERROR(IF(M76*Revenues!M32<0,"n.m.",IF(M76/Revenues!M32>100%,">100%",M76/Revenues!M32)),"n.m.") -> 0.20861373 | N90: =+IFERROR(IF(N76*Revenues!N32<0,"n.m.",IF(N76/Revenues!N32>100%,">100%",N76/Revenues!N32)),"n.m.") -> 0.21091151
C92: iBasis | D92: =+IFERROR(IF(D78*Revenues!D34<0,"n.m.",IF(D78/Revenues!D34>100%,">100%",D78/Revenues!D34)),"n.m.") -> 0.011347518 | E92: =+IFERROR(IF(E78*Revenues!E34<0,"n.m.",IF(E78/Revenues!E34>100%,">100%",E78/Revenues!E34)),"n.m.") -> 0.01369863 | F92: =+IFERROR(IF(F78*Revenues!F34<0,"n.m.",IF(F78/Revenues!F34>100%,">100%",F78/Revenues!F34)),"n.m.") -> 0.0057471264 | G92: =+IFERROR(IF(G78*Revenues!G34<0,"n.m.",IF(G78/Revenues!G34>100%,">100%",G78/Revenues!G34)),"n.m.") -> 0.015625 | H92: =+IFERROR(IF(H78*Revenues!H34<0,"n.m.",IF(H78/Revenues!H34>100%,">100%",H78/Revenues!H34)),"n.m.") -> 0.010362694 | J92: =+IFERROR(IF(J78*Revenues!J34<0,"n.m.",IF(J78/Revenues!J34>100%,">100%",J78/Revenues!J34)),"n.m.") -> 0.0080738178 | K92: =+IFERROR(IF(K78*Revenues!K34<0,"n.m.",IF(K78/Revenues!K34>100%,">100%",K78/Revenues!K34)),"n.m.") -> 0.014285714 | L92: =+IFERROR(IF(L78*Revenues!L34<0,"n.m.",IF(L78/Revenues!L34>100%,">100%",L78/Revenues!L34)),"n.m.") -> 0.0044642857 | M92: =+IFERROR(IF(M78*Revenues!M34<0,"n.m.",IF(M78/Revenues!M34>100%,">100%",M78/Revenues!M34)),"n.m.") -> 0.0091743119 | N92: =+IFERROR(IF(N78*Revenues!N34<0,"n.m.",IF(N78/Revenues!N34>100%,">100%",N78/Revenues!N34)),"n.m.") -> 0.0046511628
C94: Other activities | D94: =+IFERROR(IF(D80*Revenues!D36<0,"n.m.",IF(D80/Revenues!D36>100%,">100%",D80/Revenues!D36)),"n.m.") -> 0 | E94: =+IFERROR(IF(E80*Revenues!E36<0,"n.m.",IF(E80/Revenues!E36>100%,">100%",E80/Revenues!E36)),"n.m.") -> n.m. | F94: =+IFERROR(IF(F80*Revenues!F36<0,"n.m.",IF(F80/Revenues!F36>100%,">100%",F80/Revenues!F36)),"n.m.") -> n.m. | G94: =+IFERROR(IF(G80*Revenues!G36<0,"n.m.",IF(G80/Revenues!G36>100%,">100%",G80/Revenues!G36)),"n.m.") -> 0 | H94: =+IFERROR(IF(H80*Revenues!H36<0,"n.m.",IF(H80/Revenues!H36>100%,">100%",H80/Revenues!H36)),"n.m.") -> 0 | J94: =+IFERROR(IF(J80*Revenues!J36<0,"n.m.",IF(J80/Revenues!J36>100%,">100%",J80/Revenues!J36)),"n.m.") -> 0 | K94: =+IFERROR(IF(K80*Revenues!K36<0,"n.m.",IF(K80/Revenues!K36>100%,">100%",K80/Revenues!K36)),"n.m.") -> 0 | L94: =+IFERROR(IF(L80*Revenues!L36<0,"n.m.",IF(L80/Revenues!L36>100%,">100%",L80/Revenues!L36)),"n.m.") -> n.m. | M94: =+IFERROR(IF(M80*Revenues!M36<0,"n.m.",IF(M80/Revenues!M36>100%,">100%",M80/Revenues!M36)),"n.m.") -> n.m. | N94: =+IFERROR(IF(N80*Revenues!N36<0,"n.m.",IF(N80/Revenues!N36>100%,">100%",N80/Revenues!N36)),"n.m.") -> 0
C96: Total | D96: =+IFERROR(IF(D82*Revenues!D40<0,"n.m.",IF(D82/Revenues!D40>100%,">100%",D82/Revenues!D40)),"n.m.") -> 0.17523077 | E96: =+IFERROR(IF(E82*Revenues!E40<0,"n.m.",IF(E82/Revenues!E40>100%,">100%",E82/Revenues!E40)),"n.m.") -> 0.244114 | F96: =+IFERROR(IF(F82*Revenues!F40<0,"n.m.",IF(F82/Revenues!F40>100%,">100%",F82/Revenues!F40)),"n.m.") -> 0.14922601 | G96: =+IFERROR(IF(G82*Revenues!G40<0,"n.m.",IF(G82/Revenues!G40>100%,">100%",G82/Revenues!G40)),"n.m.") -> 0.14664202 | H96: =+IFERROR(IF(H82*Revenues!H40<0,"n.m.",IF(H82/Revenues!H40>100%,">100%",H82/Revenues!H40)),"n.m.") -> 0.16140777 | J96: =+IFERROR(IF(J82*Revenues!J40<0,"n.m.",IF(J82/Revenues!J40>100%,">100%",J82/Revenues!J40)),"n.m.") -> 0.1759587 | K96: =+IFERROR(IF(K82*Revenues!K40<0,"n.m.",IF(K82/Revenues!K40>100%,">100%",K82/Revenues!K40)),"n.m.") -> 0.17488263 | L96: =+IFERROR(IF(L82*Revenues!L40<0,"n.m.",IF(L82/Revenues!L40>100%,">100%",L82/Revenues!L40)),"n.m.") -> 0.15488019 | M96: =+IFERROR(IF(M82*Revenues!M40<0,"n.m.",IF(M82/Revenues!M40>100%,">100%",M82/Revenues!M40)),"n.m.") -> 0.18615752 | N96: =+IFERROR(IF(N82*Revenues!N40<0,"n.m.",IF(N82/Revenues!N40>100%,">100%",N82/Revenues!N40)),"n.m.") -> 0.18827709
C101: Consolidated figures | D101: =D87 -> 2017 | E101: =E87 -> Q4 '17 | F101: Q3 '17 | G101: =G87 -> Q2 '17 | H101: =H2 -> Q1 '17 | J101: =+J87 -> 2016 | K101: Q4 '16 | L101: =+L87 -> Q3 '16 | M101: =+M87 -> Q2 '16 | N101: =+N87 -> Q1 '16 | P101: y-on-y | Q101: y-on-y
C102: Balance sheet | P102: =P74 -> Q4% | Q102: =Q74 -> FY%
C104: Goodwill | D104: =E104 -> 1529 | E104: 1529 | F104: 1452 | G104: 1450 | H104: 1444 | J104: 1428 | K104: 1428 | L104: 1426 | M104: 1415 | N104: 1388 | P104: =+IFERROR(IF(E104*K104<0,"n.m.",IF(E104/K104-1>100%,">100%",E104/K104-1)),"n.m.") -> 0.070728291 | Q104: =+IFERROR(IF(D104*J104<0,"n.m.",IF(D104/J104-1>100%,">100%",D104/J104-1)),"n.m.") -> 0.070728291
C105: Licences | D105: =E105 -> 976 | E105: 976 | F105: 997 | G105: 1018 | H105: 1040 | J105: 1037 | K105: 1037 | L105: 1073 | M105: 1108 | N105: 1144 | P105: =+IFERROR(IF(E105*K105<0,"n.m.",IF(E105/K105-1>100%,">100%",E105/K105-1)),"n.m.") -> -0.058823529 | Q105: =+IFERROR(IF(D105*J105<0,"n.m.",IF(D105/J105-1>100%,">100%",D105/J105-1)),"n.m.") -> -0.058823529
C106: Software1 | D106: =E106 -> 540 | E106: 540 | F106: 486 | G106: 476 | H106: 487 | J106: 519 | K106: 519 | L106: 489 | M106: 505 | N106: 515 | P106: =+IFERROR(IF(E106*K106<0,"n.m.",IF(E106/K106-1>100%,">100%",E106/K106-1)),"n.m.") -> 0.040462428 | Q106: =+IFERROR(IF(D106*J106<0,"n.m.",IF(D106/J106-1>100%,">100%",D106/J106-1)),"n.m.") -> 0.040462428
C107: Other intangibles | D107: =E107 -> 296 | E107: 296 | F107: 276 | G107: 269 | H107: 264 | J107: 266 | K107: 266 | L107: 274 | M107: 284 | N107: 280 | P107: =+IFERROR(IF(E107*K107<0,"n.m.",IF(E107/K107-1>100%,">100%",E107/K107-1)),"n.m.") -> 0.11278195 | Q107: =+IFERROR(IF(D107*J107<0,"n.m.",IF(D107/J107-1>100%,">100%",D107/J107-1)),"n.m.") -> 0.11278195
C108: Property, plant and equipment | D108: =E108 -> 5811 | E108: 5811 | F108: 5789 | G108: 5876 | H108: 5943 | J108: 5969 | K108: 5969 | L108: 6032 | M108: 6081 | N108: 6031 | P108: =+IFERROR(IF(E108*K108<0,"n.m.",IF(E108/K108-1>100%,">100%",E108/K108-1)),"n.m.") -> -0.026470095 | Q108: =+IFERROR(IF(D108*J108<0,"n.m.",IF(D108/J108-1>100%,">100%",D108/J108-1)),"n.m.") -> -0.026470095
C109: Other non-current assets | D109: =E109 -> 1297 | E109: 1297 | F109: 2595 | G109: 2506 | H109: 2687 | J109: 3383 | K109: 3383 | L109: 3254 | M109: 3297 | N109: 3768 | P109: =+IFERROR(IF(E109*K109<0,"n.m.",IF(E109/K109-1>100%,">100%",E109/K109-1)),"n.m.") -> -0.61661247 | Q109: =+IFERROR(IF(D109*J109<0,"n.m.",IF(D109/J109-1>100%,">100%",D109/J109-1)),"n.m.") -> -0.61661247
C110: Current assets | D110: =E110 -> 3080 | E110: 3080 | F110: 1850 | G110: 1996 | H110: 2269 | J110: 2132 | K110: 2132 | L110: 1767 | M110: 1960 | N110: 3306 | P110: =+IFERROR(IF(E110*K110<0,"n.m.",IF(E110/K110-1>100%,">100%",E110/K110-1)),"n.m.") -> 0.44465291 | Q110: =+IFERROR(IF(D110*J110<0,"n.m.",IF(D110/J110-1>100%,">100%",D110/J110-1)),"n.m.") -> 0.44465291
C111: - of which cash and cash equivalents | D111: =E111 -> 856 | E111: 856 | F111: 765 | G111: 916 | H111: 597 | J111: 1179 | K111: 1179 | L111: 859 | M111: 960 | N111: 1925 | P111: =+IFERROR(IF(E111*K111<0,"n.m.",IF(E111/K111-1>100%,">100%",E111/K111-1)),"n.m.") -> -0.27396098 | Q111: =+IFERROR(IF(D111*J111<0,"n.m.",IF(D111/J111-1>100%,">100%",D111/J111-1)),"n.m.") -> -0.27396098
C112: Non-current assets and disposal groups classified as held for sale | D112: =E112 -> 1 | E112: 1 | F112: 1 | G112: 1 | H112: 1 | J112: 2 | K112: 2 | L112: 1 | M112: 1 | N112: 1 | P112: =+IFERROR(IF(E112*K112<0,"n.m.",IF(E112/K112-1>100%,">100%",E112/K112-1)),"n.m.") -> -0.5 | Q112: =+IFERROR(IF(D112*J112<0,"n.m.",IF(D112/J112-1>100%,">100%",D112/J112-1)),"n.m.") -> -0.5
C113: Total assets | D113: =SUM(D104:D110,D112) -> 13530 | E113: =SUM(E104:E110)+E112 -> 13530 | F113: =SUM(F104:F110)+F112 -> 13446 | G113: =SUM(G104:G110)+G112 -> 13592 | H113: =H104+H105+H106+H107+H108+H109+H110+H112 -> 14135 | J113: =SUM(J104:J110,J112) -> 14736 | K113: =SUM(K104:K110,K112) -> 14736 | L113: =SUM(L104:L110,L112) -> 14316 | M113: =SUM(M104:M110,M112) -> 14651 | N113: =SUM(N104:N110,N112) -> 16433 | P113: =+IFERROR(IF(E113*K113<0,"n.m.",IF(E113/K113-1>100%,">100%",E113/K113-1)),"n.m.") -> -0.081840391 | Q113: =+IFERROR(IF(D113*J113<0,"n.m.",IF(D113/J113-1>100%,">100%",D113/J113-1)),"n.m.") -> -0.081840391
C115: Group equity2 | D115: =E115 -> 3358 | E115: 3358 | F115: 3407 | G115: 3517 | H115: 3906 | J115: 3601 | K115: 3601 | L115: 3220 | M115: 3448 | N115: 5148 | P115: =+IFERROR(IF(E115*K115<0,"n.m.",IF(E115/K115-1>100%,">100%",E115/K115-1)),"n.m.") -> -0.067481255 | Q115: =+IFERROR(IF(D115*J115<0,"n.m.",IF(D115/J115-1>100%,">100%",D115/J115-1)),"n.m.") -> -0.067481255
C116: Non-current liabilities | D116: =E116 -> 8290 | E116: 8290 | F116: 8304 | G116: 8320 | H116: 8423 | J116: 8507 | K116: 8507 | L116: 8583 | M116: 8409 | N116: 8472 | P116: =+IFERROR(IF(E116*K116<0,"n.m.",IF(E116/K116-1>100%,">100%",E116/K116-1)),"n.m.") -> -0.025508405 | Q116: =+IFERROR(IF(D116*J116<0,"n.m.",IF(D116/J116-1>100%,">100%",D116/J116-1)),"n.m.") -> -0.025508405
C117: - of which provisions | D117: =E117 -> 321 | E117: 321 | F117: 299 | G117: 320 | H117: 343 | J117: 351 | K117: 351 | L117: 420 | M117: 406 | N117: 379 | P117: =+IFERROR(IF(E117*K117<0,"n.m.",IF(E117/K117-1>100%,">100%",E117/K117-1)),"n.m.") -> -0.085470085 | Q117: =+IFERROR(IF(D117*J117<0,"n.m.",IF(D117/J117-1>100%,">100%",D117/J117-1)),"n.m.") -> -0.085470085
C118: Current liabilities3 | D118: =E118 -> 1882 | E118: 1882 | F118: 1735 | G118: 1755 | H118: 1806 | J118: 2628 | K118: 2628 | L118: 2513 | M118: 2794 | N118: 2813 | P118: =+IFERROR(IF(E118*K118<0,"n.m.",IF(E118/K118-1>100%,">100%",E118/K118-1)),"n.m.") -> -0.28386606 | Q118: =+IFERROR(IF(D118*J118<0,"n.m.",IF(D118/J118-1>100%,">100%",D118/J118-1)),"n.m.") -> -0.28386606
C119: Liabilities associated with assets held for sale | D119: =E119 -> 0 | E119: 0 | F119: 0 | G119: 0 | H119: 0 | J119: 0 | K119: 0 | L119: 0 | M119: 0 | N119: 0 | P119: =+IFERROR(IF(E119*K119<0,"n.m.",IF(E119/K119-1>100%,">100%",E119/K119-1)),"n.m.") -> n.m. | Q119: =+IFERROR(IF(D119*J119<0,"n.m.",IF(D119/J119-1>100%,">100%",D119/J119-1)),"n.m.") -> n.m.
C120: Total equity and liabilities | D120: =SUM(D115:D116,D118,D119) -> 13530 | E120: =SUM(E115:E116)+SUM(E118:E119) -> 13530 | F120: =SUM(F115:F116)+SUM(F118:F119) -> 13446 | G120: =SUM(G115:G116)+SUM(G118:G119) -> 13592 | H120: =H115+H116+H118+H119 -> 14135 | J120: =SUM(J115:J116,J118,J119) -> 14736 | K120: =SUM(K115:K116,K118,K119) -> 14736 | L120: =SUM(L115:L116,L118,L119) -> 14316 | M120: =SUM(M115:M116,M118,M119) -> 14651 | N120: =SUM(N115:N116,N118,N119) -> 16433 | P120: =+IFERROR(IF(E120*K120<0,"n.m.",IF(E120/K120-1>100%,">100%",E120/K120-1)),"n.m.") -> -0.081840391 | Q120: =+IFERROR(IF(D120*J120<0,"n.m.",IF(D120/J120-1>100%,">100%",D120/J120-1)),"n.m.") -> -0.081840391
B123: 1 Including development costs software
B124: 2 Including minority interest
B125: 3 Including bank overdrafts
C128: Debt summary | D128: =D101 -> 2017 | E128: =E101 -> Q4 '17 | F128: Q3 '17 | G128: =G101 -> Q2 '17 | H128: Q1 '17 | J128: 2016 | K128: Q4 '16 | L128: Q3 '16 | M128: Q2 '16 | N128: Q1 '16 | P128: y-on-y | Q128: y-on-y
C129: in € bn | P129: =P102 -> Q4% | Q129: =Q102 -> FY%
C131: Nominal debt | D131: =SUM(D132:D135) -> 8.3 | E131: =SUM(E132:E135) -> 8.3 | F131: =SUM(F132:F135) -> 8.32 | G131: =SUM(G132:G135) -> 8.32 | H131: =H132+H133+H134+H135 -> 8.32 | J131: 9.05 | K131: 9.05 | L131: 9.04 | M131: 8.8 | N131: 8.78 | P131: =+IFERROR(IF(E131*K131<0,"n.m.",IF(E131/K131-1>100%,">100%",E131/K131-1)),"n.m.") -> -0.082872928 | Q131: =+IFERROR(IF(D131*J131<0,"n.m.",IF(D131/J131-1>100%,">100%",D131/J131-1)),"n.m.") -> -0.082872928
C132: Eurobonds | D132: =E132 -> 5.4 | E132: 5.4 | F132: 5.41 | G132: 5.41 | H132: 5.41 | J132: 6.13 | K132: 6.13 | L132: 6.13 | M132: 5.88 | N132: 5.87 | P132: =+IFERROR(IF(E132*K132<0,"n.m.",IF(E132/K132-1>100%,">100%",E132/K132-1)),"n.m.") -> -0.11908646 | Q132: =+IFERROR(IF(D132*J132<0,"n.m.",IF(D132/J132-1>100%,">100%",D132/J132-1)),"n.m.") -> -0.11908646
C133: Global bonds | D133: =E133 -> 0.76 | E133: 0.76 | F133: 0.76 | G133: 0.76 | H133: 0.76 | J133: 0.76 | K133: 0.76 | L133: 0.76 | M133: 0.76 | N133: 0.76 | P133: =+IFERROR(IF(E133*K133<0,"n.m.",IF(E133/K133-1>100%,">100%",E133/K133-1)),"n.m.") -> 0 | Q133: =+IFERROR(IF(D133*J133<0,"n.m.",IF(D133/J133-1>100%,">100%",D133/J133-1)),"n.m.") -> 0
C134: Hybrid bonds | D134: =E134 -> 2.03 | E134: 2.03 | F134: 2.03 | G134: 2.03 | H134: 2.03 | J134: 2.03 | K134: 2.03 | L134: 2.03 | M134: 2.03 | N134: 2.03 | P134: =+IFERROR(IF(E134*K134<0,"n.m.",IF(E134/K134-1>100%,">100%",E134/K134-1)),"n.m.") -> 0 | Q134: =+IFERROR(IF(D134*J134<0,"n.m.",IF(D134/J134-1>100%,">100%",D134/J134-1)),"n.m.") -> 0
C135: Financial leases and other loans | D135: =E135 -> 0.11 | E135: 0.11 | F135: 0.12 | G135: 0.12 | H135: 0.12 | J135: 0.13 | K135: 0.13 | L135: 0.12 | M135: 0.13 | N135: 0.12 | P135: =+IFERROR(IF(E135*K135<0,"n.m.",IF(E135/K135-1>100%,">100%",E135/K135-1)),"n.m.") -> -0.15384615 | Q135: =+IFERROR(IF(D135*J135<0,"n.m.",IF(D135/J135-1>100%,">100%",D135/J135-1)),"n.m.") -> -0.15384615
C137: Adjustments to nominal debt | D137: =SUM(D138:D139) -> -1.08 | E137: =SUM(E138:E139) -> -1.08 | F137: =SUM(F138:F139) -> -1.03 | G137: =SUM(G138:G139) -> -0.98 | H137: =H138+H139 -> -0.95 | J137: -0.97 | K137: -0.97 | L137: -1 | M137: -0.98 | N137: -0.97 | P137: =+IFERROR(IF(E137*K137<0,"n.m.",IF(E137/K137-1>100%,">100%",E137/K137-1)),"n.m.") -> 0.11340206 | Q137: =+IFERROR(IF(D137*J137<0,"n.m.",IF(D137/J137-1>100%,">100%",D137/J137-1)),"n.m.") -> 0.11340206
C138: Equity credit hybrid bonds | D138: =E138 -> -1.01 | E138: -1.01 | F138: -1.01 | G138: -1.01 | H138: -1.01 | J138: -1.01 | K138: -1.01 | L138: -1.01 | M138: -1.01 | N138: -1.01 | P138: =+IFERROR(IF(E138*K138<0,"n.m.",IF(E138/K138-1>100%,">100%",E138/K138-1)),"n.m.") -> 0 | Q138: =+IFERROR(IF(D138*J138<0,"n.m.",IF(D138/J138-1>100%,">100%",D138/J138-1)),"n.m.") -> 0
...

Sheet FTE 
C2: Consolidated figures | D2: =+'CF, Capex, BS & Debt sum'!D2 -> 2017 | E2: Q4 '17 | F2: Q3 '17 | G2: Q2 '17 | H2: ='P&L & Cash flow'!H2 -> Q1 '17 | J2: =+'CF, Capex, BS & Debt sum'!J2 -> 2016 | K2: Q4 '16 | L2: =+'CF, Capex, BS & Debt sum'!L2 -> Q3 '16 | M2: =+'CF, Capex, BS & Debt sum'!M2 -> Q2 '16 | N2: =+'CF, Capex, BS & Debt sum'!N2 -> Q1 '16 | P2: =+'CF, Capex, BS & Debt sum'!Q2 -> y-on-y
C3: FTE own personnel | P3: FY%
C5: KPN Group | D5: =E5 -> 13275 | E5: =E6+E7 -> 13275 | F5: =F6+F7 -> 13213 | G5: =G6+G7 -> 13262 | H5: =H6+H7 -> 13444 | J5: 13530 | K5: 13530 | L5: 13705 | M5: 13800 | N5: 13961 | P5: =+IFERROR(IF(D5*J5<0,"n.m.",IF(D5/J5-1>100%,">100%",D5/J5-1)),"n.m.") -> -0.018847007
C6: - KPN The Netherlands | D6: =E6 -> 13021 | E6: 13021 | F6: 12958 | G6: 12996 | H6: 13166 | J6: 13249 | K6: 13249 | L6: 13421 | M6: 13499 | N6: 13682 | P6: =+IFERROR(IF(D6*J6<0,"n.m.",IF(D6/J6-1>100%,">100%",D6/J6-1)),"n.m.") -> -0.017208846
C7: - KPN abroad | D7: =E7 -> 254 | E7: 254 | F7: 255 | G7: 266 | H7: 278 | J7: 281 | K7: 281 | L7: 284 | M7: 301 | N7: 279 | P7: =+IFERROR(IF(D7*J7<0,"n.m.",IF(D7/J7-1>100%,">100%",D7/J7-1)),"n.m.") -> -0.096085409

Sheet Growth analysis Q4
C2: Consolidated figures | D2: Q4 2017 | E2: =+J2 -> Incidentals | G2: =+D2 -> Q4 2017 | I2: Q4 2016 | J2: Incidentals | L2: Q4 2016 | N2: Δ y-on-y | O2: Δ y-on-y
C3: Growth analysis - Revenues | D3: Reported | G3: Adjusted | I3: Reported | L3: Adjusted | N3: Reported | O3: Adjusted
C5: Consumer | D5: 791 | E5: 0 | G5: =D5-E5 -> 791 | I5: 802 | J5: 0 | L5: =I5-J5 -> 802 | N5: =+IFERROR(IF(D5*I5<0,"n.m.",IF(D5/I5-1>100%,">100%",D5/I5-1)),"n.m.") -> -0.013715711 | O5: =+IFERROR(IF(G5*L5<0,"n.m.",IF(G5/L5-1>100%,">100%",G5/L5-1)),"n.m.") -> -0.013715711
C6: Business | D6: 565 | E6: 0 | G6: =D6-E6 -> 565 | I6: 573 | J6: 0 | L6: =I6-J6 -> 573 | N6: =+IFERROR(IF(D6*I6<0,"n.m.",IF(D6/I6-1>100%,">100%",D6/I6-1)),"n.m.") -> -0.013961606 | O6: =+IFERROR(IF(G6*L6<0,"n.m.",IF(G6/L6-1>100%,">100%",G6/L6-1)),"n.m.") -> -0.013961606
C7: Wholesale | D7: 162 | E7: 0 | G7: =D7-E7 -> 162 | I7: 204 | J7: 19 | L7: =I7-J7 -> 185 | N7: =+IFERROR(IF(D7*I7<0,"n.m.",IF(D7/I7-1>100%,">100%",D7/I7-1)),"n.m.") -> -0.20588235 | O7: =+IFERROR(IF(G7*L7<0,"n.m.",IF(G7/L7-1>100%,">100%",G7/L7-1)),"n.m.") -> -0.12432432
C8: Network, Operations & IT | D8: 5 | E8: 0 | G8: =D8-E8 -> 5 | I8: 3 | J8: 0 | L8: =I8-J8 -> 3 | N8: =+IFERROR(IF(D8*I8<0,"n.m.",IF(D8/I8-1>100%,">100%",D8/I8-1)),"n.m.") -> 0.66666667 | O8: =+IFERROR(IF(G8*L8<0,"n.m.",IF(G8/L8-1>100%,">100%",G8/L8-1)),"n.m.") -> 0.66666667
C9: Other (incl. eliminations) | D9: -42 | E9: 0 | G9: =D9-E9 -> -42 | I9: -44 | J9: 0 | L9: =I9-J9 -> -44 | N9: =+IFERROR(IF(D9*I9<0,"n.m.",IF(D9/I9-1>100%,">100%",D9/I9-1)),"n.m.") -> -0.045454545 | O9: =+IFERROR(IF(G9*L9<0,"n.m.",IF(G9/L9-1>100%,">100%",G9/L9-1)),"n.m.") -> -0.045454545
C10: The Netherlands | D10: 1481 | E10: 0 | G10: =D10-E10 -> 1481 | I10: =SUM(I5:I9) -> 1538 | J10: =SUM(J5:J9) -> 19 | L10: =I10-J10 -> 1519 | N10: =+IFERROR(IF(D10*I10<0,"n.m.",IF(D10/I10-1>100%,">100%",D10/I10-1)),"n.m.") -> -0.037061118 | O10: =+IFERROR(IF(G10*L10<0,"n.m.",IF(G10/L10-1>100%,">100%",G10/L10-1)),"n.m.") -> -0.025016458
C12: iBasis | D12: 146 | E12: 0 | G12: =D12-E12 -> 146 | I12: 210 | J12: 0 | L12: =I12-J12 -> 210 | N12: =+IFERROR(IF(D12*I12<0,"n.m.",IF(D12/I12-1>100%,">100%",D12/I12-1)),"n.m.") -> -0.3047619 | O12: =+IFERROR(IF(G12*L12<0,"n.m.",IF(G12/L12-1>100%,">100%",G12/L12-1)),"n.m.") -> -0.3047619
C14: Other activities | D14: 1 | E14: 0 | G14: =D14-E14 -> 1 | I14: 3 | J14: 0 | L14: =I14-J14 -> 3 | N14: =+IFERROR(IF(D14*I14<0,"n.m.",IF(D14/I14-1>100%,">100%",D14/I14-1)),"n.m.") -> -0.66666667 | O14: =+IFERROR(IF(G14*L14<0,"n.m.",IF(G14/L14-1>100%,">100%",G14/L14-1)),"n.m.") -> -0.66666667
C16: Intercompany revenues | D16: -14 | E16: 0 | G16: =D16-E16 -> -14 | I16: -28 | J16: 0 | L16: =I16-J16 -> -28 | N16: =+IFERROR(IF(D16*I16<0,"n.m.",IF(D16/I16-1>100%,">100%",D16/I16-1)),"n.m.") -> -0.5 | O16: =+IFERROR(IF(G16*L16<0,"n.m.",IF(G16/L16-1>100%,">100%",G16/L16-1)),"n.m.") -> -0.5
C18: Total revenues | D18: =D10+D12+D14+D16 -> 1614 | E18: 0 | G18: =D18-E18 -> 1614 | H18: =H10+H12+H14 -> 0 | I18: =I10+I12+I14+I16 -> 1723 | J18: =J10+J12+J14+J16 -> 19 | L18: =I18-J18 -> 1704 | N18: =+IFERROR(IF(D18*I18<0,"n.m.",IF(D18/I18-1>100%,">100%",D18/I18-1)),"n.m.") -> -0.063261753 | O18: =+IFERROR(IF(G18*L18<0,"n.m.",IF(G18/L18-1>100%,">100%",G18/L18-1)),"n.m.") -> -0.052816901
C24: Consolidated figures | D24: =+D2 -> Q4 2017 | E24: =E2 -> Incidentals | F24: Restructuring | G24: =+G2 -> Q4 2017 | I24: Q4 2016 | J24: Incidentals | K24: Restructuring | L24: Q4 2016 | N24: Δ y-on-y | O24: Δ y-on-y
C25: Growth analysis - Opex The Netherlands | D25: Reported | G25: Adjusted | I25: Reported | L25: Adjusted | N25: Reported | O25: Adjusted
C27: Costs of goods & services | D27: 346 | E27: 0 | F27: 0 | G27: =D27+E27+F27 -> 346 | I27: 360 | J27: 0 | K27: 0 | L27: =I27+J27+K27 -> 360 | N27: =+IFERROR(IF(D27*I27<0,"n.m.",IF(D27/I27-1>100%,">100%",D27/I27-1)),"n.m.") -> -0.038888889 | O27: =+IFERROR(IF(G27*L27<0,"n.m.",IF(G27/L27-1>100%,">100%",G27/L27-1)),"n.m.") -> -0.038888889
C28: Personnel expenses | D28: 282 | E28: 0 | F28: 0 | G28: =D28+E28+F28 -> 282 | I28: 285 | J28: 0 | K28: 0 | L28: =I28+J28+K28 -> 285 | N28: =+IFERROR(IF(D28*I28<0,"n.m.",IF(D28/I28-1>100%,">100%",D28/I28-1)),"n.m.") -> -0.010526316 | O28: =+IFERROR(IF(G28*L28<0,"n.m.",IF(G28/L28-1>100%,">100%",G28/L28-1)),"n.m.") -> -0.010526316
C29: IT/TI | D29: 126 | E29: 0 | F29: 0 | G29: =D29+E29+F29 -> 126 | I29: 143 | J29: 0 | K29: 0 | L29: =I29+J29+K29 -> 143 | N29: =+IFERROR(IF(D29*I29<0,"n.m.",IF(D29/I29-1>100%,">100%",D29/I29-1)),"n.m.") -> -0.11888112 | O29: =+IFERROR(IF(G29*L29<0,"n.m.",IF(G29/L29-1>100%,">100%",G29/L29-1)),"n.m.") -> -0.11888112
C30: Other operating expenses | D30: 166 | E30: -12 | F30: -21 | G30: =D30+E30+F30 -> 133 | I30: 141 | J30: -6 | K30: -6 | L30: =I30+J30+K30 -> 129 | N30: =+IFERROR(IF(D30*I30<0,"n.m.",IF(D30/I30-1>100%,">100%",D30/I30-1)),"n.m.") -> 0.17730496 | O30: =+IFERROR(IF(G30*L30<0,"n.m.",IF(G30/L30-1>100%,">100%",G30/L30-1)),"n.m.") -> 0.031007752
C31: The Netherlands | D31: =SUM(D27:D30) -> 920 | E31: =SUM(E27:E30) -> -12 | F31: =SUM(F27:F30) -> -21 | G31: =D31+E31+F31 -> 887 | I31: 929 | J31: =SUM(J27:J30) -> -6 | K31: =SUM(K27:K30) -> -6 | L31: =I31+J31+K31 -> 917 | N31: =+IFERROR(IF(D31*I31<0,"n.m.",IF(D31/I31-1>100%,">100%",D31/I31-1)),"n.m.") -> -0.0096878364 | O31: =+IFERROR(IF(G31*L31<0,"n.m.",IF(G31/L31-1>100%,">100%",G31/L31-1)),"n.m.") -> -0.032715376
C37: Consolidated figures | D37: Q4 2017 | E37: Incidentals | F37: Restructuring | G37: Q4 2017 | I37: Q4 2016 | J37: Incidentals | K37: Restructuring | L37: Q4 2016 | N37: Δ y-on-y | O37: Δ y-on-y
C38: Growth analysis - EBITDA | D38: Reported | G38: Adjusted | I38: Reported | L38: Adjusted | N38: Reported | O38: Adjusted
C40: The Netherlands | D40: 561 | E40: -12 | F40: -21 | G40: =D40-E40-F40 -> 594 | I40: 609 | J40: 13 | K40: -6 | L40: =I40-J40-K40 -> 602 | N40: =+IFERROR(IF(D40*I40<0,"n.m.",IF(D40/I40-1>100%,">100%",D40/I40-1)),"n.m.") -> -0.078817734 | O40: =+IFERROR(IF(G40*L40<0,"n.m.",IF(G40/L40-1>100%,">100%",G40/L40-1)),"n.m.") -> -0.013289037
C42: iBasis | D42: 6 | E42: 0 | F42: 0 | G42: =D42-E42-F42 -> 6 | I42: 5 | J42: 0 | K42: 0 | L42: =I42-J42-K42 -> 5 | N42: =+IFERROR(IF(D42*I42<0,"n.m.",IF(D42/I42-1>100%,">100%",D42/I42-1)),"n.m.") -> 0.2 | O42: =+IFERROR(IF(G42*L42<0,"n.m.",IF(G42/L42-1>100%,">100%",G42/L42-1)),"n.m.") -> 0.2
C44: Other activities | D44: -7 | E44: 0 | F44: -3 | G44: =D44-E44-F44 -> -4 | I44: 12 | J44: 14 | K44: -1 | L44: =I44-J44-K44 -> -1 | N44: =+IFERROR(IF(D44*I44<0,"n.m.",IF(D44/I44-1>100%,">100%",D44/I44-1)),"n.m.") -> n.m. | O44: =+IFERROR(IF(G44*L44<0,"n.m.",IF(G44/L44-1>100%,">100%",G44/L44-1)),"n.m.") -> >100%
C46: Total | D46: =SUM(D40:D45) -> 560 | E46: =SUM(E40:E45) -> -12 | F46: =SUM(F40:F45) -> -24 | G46: =D46-E46-F46 -> 596 | H46: =H40+H42+H44 -> 0 | I46: =SUM(I40:I44) -> 626 | J46: =SUM(J40:J45) -> 27 | K46: =SUM(K40:K45) -> -7 | L46: =I46-J46-K46 -> 606 | N46: =+IFERROR(IF(D46*I46<0,"n.m.",IF(D46/I46-1>100%,">100%",D46/I46-1)),"n.m.") -> -0.10543131 | O46: =+IFERROR(IF(G46*L46<0,"n.m.",IF(G46/L46-1>100%,">100%",G46/L46-1)),"n.m.") -> -0.01650165
C52: Consolidated figures | D52: =+D24 -> Q4 2017 | G52: =+G24 -> Q4 2017 | I52: Q4 2016 | L52: Q4 2016
C53: Growth analysis - EBITDA margin | D53: Reported | G53: Adjusted | I53: Reported | L53: Adjusted
C55: The Netherlands | D55: =D40/D10 -> 0.37879811 | G55: =G40/G10 -> 0.40108035 | I55: 0.396 | L55: 0.396
C57: iBasis | D57: =D42/D12 -> 0.04109589 | G57: =G42/G12 -> 0.04109589 | I57: 0.024 | L57: 0.024
C59: Other activities | D59: n.m. | G59: n.m. | I59: n.m. | L59: n.m.
C61: Total | D61: =D46/D18 -> 0.34696406 | G61: =G46/G18 -> 0.3692689 | I61: 0.363 | L61: 0.356

Sheet Growth analysis FY
C2: Consolidated figures | D2: FY 2017 | E2: =+J2 -> Incidentals | G2: =+D2 -> FY 2017 | I2: FY 2016 | J2: Incidentals | L2: FY 2016 | N2: Δ y-on-y | O2: Δ y-on-y
C3: Growth analysis - Revenues | D3: Reported | G3: Adjusted | I3: Reported | L3: Adjusted | N3: Reported | O3: Adjusted
C5: Consumer | D5: ='Growth analysis Q2 '!D5+'Growth analysis Q1'!D5+'Growth analysis Q3'!D5+'Growth analysis Q4'!D5 -> 3152 | E5: ='Growth analysis Q2 '!E5+'Growth analysis Q1'!E5+'Growth analysis Q3'!E5+'Growth analysis Q4'!E5 -> 0 | G5: =D5-E5 -> 3152 | I5: ='Growth analysis Q2 '!I5+'Growth analysis Q1'!I5+'Growth analysis Q3'!I5+'Growth analysis Q4'!I5 -> 3143 | J5: ='Growth analysis Q2 '!J5+'Growth analysis Q1'!J5+'Growth analysis Q3'!J5+'Growth analysis Q4'!J5 -> 0 | L5: =I5-J5 -> 3143 | N5: =+IFERROR(IF(D5*I5<0,"n.m.",IF(D5/I5-1>100%,">100%",D5/I5-1)),"n.m.") -> 0.0028635062 | O5: =+IFERROR(IF(G5*L5<0,"n.m.",IF(G5/L5-1>100%,">100%",G5/L5-1)),"n.m.") -> 0.0028635062
C6: Business | D6: ='Growth analysis Q2 '!D6+'Growth analysis Q1'!D6+'Growth analysis Q3'!D6+'Growth analysis Q4'!D6 -> 2198 | E6: ='Growth analysis Q2 '!E6+'Growth analysis Q1'!E6+'Growth analysis Q3'!E6+'Growth analysis Q4'!E6 -> 0 | G6: =D6-E6 -> 2198 | I6: ='Growth analysis Q2 '!I6+'Growth analysis Q1'!I6+'Growth analysis Q3'!I6+'Growth analysis Q4'!I6 -> 2309 | J6: ='Growth analysis Q2 '!J6+'Growth analysis Q1'!J6+'Growth analysis Q3'!J6+'Growth analysis Q4'!J6 -> 0 | L6: =I6-J6 -> 2309 | N6: =+IFERROR(IF(D6*I6<0,"n.m.",IF(D6/I6-1>100%,">100%",D6/I6-1)),"n.m.") -> -0.048072759 | O6: =+IFERROR(IF(G6*L6<0,"n.m.",IF(G6/L6-1>100%,">100%",G6/L6-1)),"n.m.") -> -0.048072759
C7: Wholesale | D7: ='Growth analysis Q2 '!D7+'Growth analysis Q1'!D7+'Growth analysis Q3'!D7+'Growth analysis Q4'!D7 -> 676 | E7: ='Growth analysis Q2 '!E7+'Growth analysis Q1'!E7+'Growth analysis Q3'!E7+'Growth analysis Q4'!E7 -> -2 | G7: =D7-E7 -> 678 | I7: ='Growth analysis Q2 '!I7+'Growth analysis Q1'!I7+'Growth analysis Q3'!I7+'Growth analysis Q4'!I7 -> 760 | J7: ='Growth analysis Q2 '!J7+'Growth analysis Q1'!J7+'Growth analysis Q3'!J7+'Growth analysis Q4'!J7 -> 26 | L7: =I7-J7 -> 734 | N7: =+IFERROR(IF(D7*I7<0,"n.m.",IF(D7/I7-1>100%,">100%",D7/I7-1)),"n.m.") -> -0.11052632 | O7: =+IFERROR(IF(G7*L7<0,"n.m.",IF(G7/L7-1>100%,">100%",G7/L7-1)),"n.m.") -> -0.076294278
C8: Network, Operations & IT | D8: ='Growth analysis Q2 '!D8+'Growth analysis Q1'!D8+'Growth analysis Q3'!D8+'Growth analysis Q4'!D8 -> 21 | E8: ='Growth analysis Q2 '!E8+'Growth analysis Q1'!E8+'Growth analysis Q3'!E8+'Growth analysis Q4'!E8 -> 0 | G8: =D8-E8 -> 21 | I8: ='Growth analysis Q2 '!I8+'Growth analysis Q1'!I8+'Growth analysis Q3'!I8+'Growth analysis Q4'!I8 -> 17 | J8: ='Growth analysis Q2 '!J8+'Growth analysis Q1'!J8+'Growth analysis Q3'!J8+'Growth analysis Q4'!J8 -> 0 | L8: =I8-J8 -> 17 | N8: =+IFERROR(IF(D8*I8<0,"n.m.",IF(D8/I8-1>100%,">100%",D8/I8-1)),"n.m.") -> 0.23529412 | O8: =+IFERROR(IF(G8*L8<0,"n.m.",IF(G8/L8-1>100%,">100%",G8/L8-1)),"n.m.") -> 0.23529412
C9: Other (incl. eliminations) | D9: ='Growth analysis Q2 '!D9+'Growth analysis Q1'!D9+'Growth analysis Q3'!D9+'Growth analysis Q4'!D9 -> -171 | E9: ='Growth analysis Q2 '!E9+'Growth analysis Q1'!E9+'Growth analysis Q3'!E9+'Growth analysis Q4'!E9 -> 0 | G9: =D9-E9 -> -171 | I9: ='Growth analysis Q2 '!I9+'Growth analysis Q1'!I9+'Growth analysis Q3'!I9+'Growth analysis Q4'!I9 -> -177 | J9: ='Growth analysis Q2 '!J9+'Growth analysis Q1'!J9+'Growth analysis Q3'!J9+'Growth analysis Q4'!J9 -> 0 | L9: =I9-J9 -> -177 | N9: =+IFERROR(IF(D9*I9<0,"n.m.",IF(D9/I9-1>100%,">100%",D9/I9-1)),"n.m.") -> -0.033898305 | O9: =+IFERROR(IF(G9*L9<0,"n.m.",IF(G9/L9-1>100%,">100%",G9/L9-1)),"n.m.") -> -0.033898305
C10: The Netherlands | D10: ='Growth analysis Q2 '!D10+'Growth analysis Q1'!D10+'Growth analysis Q3'!D10+'Growth analysis Q4'!D10 -> 5876 | E10: ='Growth analysis Q2 '!E10+'Growth analysis Q1'!E10+'Growth analysis Q3'!E10+'Growth analysis Q4'!E10 -> -2 | G10: =D10-E10 -> 5878 | I10: ='Growth analysis Q2 '!I10+'Growth analysis Q1'!I10+'Growth analysis Q3'!I10+'Growth analysis Q4'!I10 -> 6052 | J10: ='Growth analysis Q2 '!J10+'Growth analysis Q1'!J10+'Growth analysis Q3'!J10+'Growth analysis Q4'!J10 -> 26 | L10: =I10-J10 -> 6026 | N10: =+IFERROR(IF(D10*I10<0,"n.m.",IF(D10/I10-1>100%,">100%",D10/I10-1)),"n.m.") -> -0.029081295 | O10: =+IFERROR(IF(G10*L10<0,"n.m.",IF(G10/L10-1>100%,">100%",G10/L10-1)),"n.m.") -> -0.024560239
I11: ='Growth analysis Q2 '!I11+'Growth analysis Q1'!I11+'Growth analysis Q3'!I11+'Growth analysis Q4'!I11 -> 0 | J11: ='Growth analysis Q2 '!J11+'Growth analysis Q1'!J11+'Growth analysis Q3'!J11+'Growth analysis Q4'!J11 -> 0
C12: iBasis | D12: ='Growth analysis Q2 '!D12+'Growth analysis Q1'!D12+'Growth analysis Q3'!D12+'Growth analysis Q4'!D12 -> 705 | E12: ='Growth analysis Q2 '!E12+'Growth analysis Q1'!E12+'Growth analysis Q3'!E12+'Growth analysis Q4'!E12 -> 0 | G12: =D12-E12 -> 705 | I12: ='Growth analysis Q2 '!I12+'Growth analysis Q1'!I12+'Growth analysis Q3'!I12+'Growth analysis Q4'!I12 -> 867 | J12: ='Growth analysis Q2 '!J12+'Growth analysis Q1'!J12+'Growth analysis Q3'!J12+'Growth analysis Q4'!J12 -> 0 | L12: =I12-J12 -> 867 | N12: =+IFERROR(IF(D12*I12<0,"n.m.",IF(D12/I12-1>100%,">100%",D12/I12-1)),"n.m.") -> -0.18685121 | O12: =+IFERROR(IF(G12*L12<0,"n.m.",IF(G12/L12-1>100%,">100%",G12/L12-1)),"n.m.") -> -0.18685121
I13: ='Growth analysis Q2 '!I13+'Growth analysis Q1'!I13+'Growth analysis Q3'!I13+'Growth analysis Q4'!I13 -> 0 | J13: ='Growth analysis Q2 '!J13+'Growth analysis Q1'!J13+'Growth analysis Q3'!J13+'Growth analysis Q4'!J13 -> 0
C14: Other activities | D14: ='Growth analysis Q2 '!D14+'Growth analysis Q1'!D14+'Growth analysis Q3'!D14+'Growth analysis Q4'!D14 -> 1 | E14: ='Growth analysis Q2 '!E14+'Growth analysis Q1'!E14+'Growth analysis Q3'!E14+'Growth analysis Q4'!E14 -> 0 | G14: =D14-E14 -> 1 | I14: ='Growth analysis Q2 '!I14+'Growth analysis Q1'!I14+'Growth analysis Q3'!I14+'Growth analysis Q4'!I14 -> 4 | J14: ='Growth analysis Q2 '!J14+'Growth analysis Q1'!J14+'Growth analysis Q3'!J14+'Growth analysis Q4'!J14 -> 0 | L14: =I14-J14 -> 4 | N14: =+IFERROR(IF(D14*I14<0,"n.m.",IF(D14/I14-1>100%,">100%",D14/I14-1)),"n.m.") -> -0.75 | O14: =+IFERROR(IF(G14*L14<0,"n.m.",IF(G14/L14-1>100%,">100%",G14/L14-1)),"n.m.") -> -0.75
I15: ='Growth analysis Q2 '!I15+'Growth analysis Q1'!I15+'Growth analysis Q3'!I15+'Growth analysis Q4'!I15 -> 0 | J15: ='Growth analysis Q2 '!J15+'Growth analysis Q1'!J15+'Growth analysis Q3'!J15+'Growth analysis Q4'!J15 -> 0
C16: Intercompany revenues | D16: ='Growth analysis Q2 '!D16+'Growth analysis Q1'!D16+'Growth analysis Q3'!D16+'Growth analysis Q4'!D16 -> -84 | E16: ='Growth analysis Q2 '!E16+'Growth analysis Q1'!E16+'Growth analysis Q3'!E16+'Growth analysis Q4'!E16 -> 0 | G16: =D16-E16 -> -84 | I16: ='Growth analysis Q2 '!I16+'Growth analysis Q1'!I16+'Growth analysis Q3'!I16+'Growth analysis Q4'!I16 -> -117 | J16: ='Growth analysis Q2 '!J16+'Growth analysis Q1'!J16+'Growth analysis Q3'!J16+'Growth analysis Q4'!J16 -> 0 | L16: =I16-J16 -> -117 | N16: =+IFERROR(IF(D16*I16<0,"n.m.",IF(D16/I16-1>100%,">100%",D16/I16-1)),"n.m.") -> -0.28205128 | O16: =+IFERROR(IF(G16*L16<0,"n.m.",IF(G16/L16-1>100%,">100%",G16/L16-1)),"n.m.") -> -0.28205128
I17: ='Growth analysis Q2 '!I17+'Growth analysis Q1'!I17+'Growth analysis Q3'!I17+'Growth analysis Q4'!I17 -> 0 | J17: ='Growth analysis Q2 '!J17+'Growth analysis Q1'!J17+'Growth analysis Q3'!J17+'Growth analysis Q4'!J17 -> 0
C18: Total revenues | D18: ='Growth analysis Q2 '!D18+'Growth analysis Q1'!D18+'Growth analysis Q3'!D18+'Growth analysis Q4'!D18 -> 6498 | E18: ='Growth analysis Q2 '!E18+'Growth analysis Q1'!E18+'Growth analysis Q3'!E18+'Growth analysis Q4'!E18 -> -2 | G18: =D18-E18 -> 6500 | H18: =H10+H12+H14 -> 0 | I18: ='Growth analysis Q2 '!I18+'Growth analysis Q1'!I18+'Growth analysis Q3'!I18+'Growth analysis Q4'!I18 -> 6806 | J18: ='Growth analysis Q2 '!J18+'Growth analysis Q1'!J18+'Growth analysis Q3'!J18+'Growth analysis Q4'!J18 -> 26 | L18: =I18-J18 -> 6780 | N18: =+IFERROR(IF(D18*I18<0,"n.m.",IF(D18/I18-1>100%,">100%",D18/I18-1)),"n.m.") -> -0.045254187 | O18: =+IFERROR(IF(G18*L18<0,"n.m.",IF(G18/L18-1>100%,">100%",G18/L18-1)),"n.m.") -> -0.041297935
C24: Consolidated figures | D24: =+D2 -> FY 2017 | E24: =E2 -> Incidentals | F24: Restructuring | G24: =+G2 -> FY 2017 | I24: =+I2 -> FY 2016 | J24: Incidentals | K24: Restructuring | L24: =+L2 -> FY 2016 | N24: Δ y-on-y | O24: Δ y-on-y
C25: Growth analysis - Opex The Netherlands | D25: Reported | G25: Adjusted | I25: Reported | L25: Adjusted | N25: Reported | O25: Adjusted
C27: Costs of goods & services | D27: ='Growth analysis Q2 '!D27+'Growth analysis Q1'!D27+'Growth analysis Q3'!D27+'Growth analysis Q4'!D27 -> 1368 | E27: ='Growth analysis Q2 '!E27+'Growth analysis Q1'!E27+'Growth analysis Q3'!E27+'Growth analysis Q4'!E27 -> 0 | F27: ='Growth analysis Q2 '!F27+'Growth analysis Q1'!F27+'Growth analysis Q3'!F27+'Growth analysis Q4'!F27 -> 0 | G27: =D27+E27+F27 -> 1368 | I27: ='Growth analysis Q2 '!I27+'Growth analysis Q1'!I27+'Growth analysis Q3'!I27+'Growth analysis Q4'!I27 -> 1421 | J27: ='Growth analysis Q2 '!J27+'Growth analysis Q1'!J27+'Growth analysis Q3'!J27+'Growth analysis Q4'!J27 -> 0 | K27: ='Growth analysis Q2 '!K27+'Growth analysis Q1'!K27+'Growth analysis Q3'!K27+'Growth analysis Q4'!K27 -> 0 | L27: =I27+J27+K27 -> 1421 | N27: =+IFERROR(IF(D27*I27<0,"n.m.",IF(D27/I27-1>100%,">100%",D27/I27-1)),"n.m.") -> -0.037297678 | O27: =+IFERROR(IF(G27*L27<0,"n.m.",IF(G27/L27-1>100%,">100%",G27/L27-1)),"n.m.") -> -0.037297678
C28: Personnel expenses | D28: ='Growth analysis Q2 '!D28+'Growth analysis Q1'!D28+'Growth analysis Q3'!D28+'Growth analysis Q4'!D28 -> 1119 | E28: ='Growth analysis Q2 '!E28+'Growth analysis Q1'!E28+'Growth analysis Q3'!E28+'Growth analysis Q4'!E28 -> 0 | F28: ='Growth analysis Q2 '!F28+'Growth analysis Q1'!F28+'Growth analysis Q3'!F28 -> 0 | G28: =D28+E28+F28 -> 1119 | I28: ='Growth analysis Q2 '!I28+'Growth analysis Q1'!I28+'Growth analysis Q3'!I28+'Growth analysis Q4'!I28 -> 1149 | J28: ='Growth analysis Q2 '!J28+'Growth analysis Q1'!J28+'Growth analysis Q3'!J28+'Growth analysis Q4'!J28 -> 0 | K28: ='Growth analysis Q2 '!K28+'Growth analysis Q1'!K28+'Growth analysis Q3'!K28+'Growth analysis Q4'!K28 -> 0 | L28: =I28+J28+K28 -> 1149 | N28: =+IFERROR(IF(D28*I28<0,"n.m.",IF(D28/I28-1>100%,">100%",D28/I28-1)),"n.m.") -> -0.026109661 | O28: =+IFERROR(IF(G28*L28<0,"n.m.",IF(G28/L28-1>100%,">100%",G28/L28-1)),"n.m.") -> -0.026109661
C29: IT/TI | D29: ='Growth analysis Q2 '!D29+'Growth analysis Q1'!D29+'Growth analysis Q3'!D29+'Growth analysis Q4'!D29 -> 502 | E29: ='Growth analysis Q2 '!E29+'Growth analysis Q1'!E29+'Growth analysis Q3'!E29+'Growth analysis Q4'!E29 -> 0 | F29: ='Growth analysis Q2 '!F29+'Growth analysis Q1'!F29+'Growth analysis Q3'!F29 -> 0 | G29: =D29+E29+F29 -> 502 | I29: ='Growth analysis Q2 '!I29+'Growth analysis Q1'!I29+'Growth analysis Q3'!I29+'Growth analysis Q4'!I29 -> 547 | J29: ='Growth analysis Q2 '!J29+'Growth analysis Q1'!J29+'Growth analysis Q3'!J29+'Growth analysis Q4'!J29 -> 0 | K29: ='Growth analysis Q2 '!K29+'Growth analysis Q1'!K29+'Growth analysis Q3'!K29+'Growth analysis Q4'!K29 -> 0 | L29: =I29+J29+K29 -> 547 | N29: =+IFERROR(IF(D29*I29<0,"n.m.",IF(D29/I29-1>100%,">100%",D29/I29-1)),"n.m.") -> -0.08226691 | O29: =+IFERROR(IF(G29*L29<0,"n.m.",IF(G29/L29-1>100%,">100%",G29/L29-1)),"n.m.") -> -0.08226691
C30: Other operating expenses | D30: ='Growth analysis Q2 '!D30+'Growth analysis Q1'!D30+'Growth analysis Q3'!D30+'Growth analysis Q4'!D30 -> 587 | E30: ='Growth analysis Q2 '!E30+'Growth analysis Q1'!E30+'Growth analysis Q3'!E30+'Growth analysis Q4'!E30 -> -23 | F30: ='Growth analysis Q2 '!F30+'Growth analysis Q1'!F30+'Growth analysis Q3'!F30+'Growth analysis Q4'!F30 -> -76 | G30: =D30+E30+F30 -> 488 | I30: ='Growth analysis Q2 '!I30+'Growth analysis Q1'!I30+'Growth analysis Q3'!I30+'Growth analysis Q4'!I30 -> 533 | J30: ='Growth analysis Q2 '!J30+'Growth analysis Q1'!J30+'Growth analysis Q3'!J30+'Growth analysis Q4'!J30 -> 6 | K30: ='Growth analysis Q2 '!K30+'Growth analysis Q1'!K30+'Growth analysis Q3'!K30+'Growth analysis Q4'!K30 -> -41 | L30: =I30+J30+K30 -> 498 | N30: =+IFERROR(IF(D30*I30<0,"n.m.",IF(D30/I30-1>100%,">100%",D30/I30-1)),"n.m.") -> 0.10131332 | O30: =+IFERROR(IF(G30*L30<0,"n.m.",IF(G30/L30-1>100%,">100%",G30/L30-1)),"n.m.") -> -0.020080321
C31: The Netherlands | D31: ='Growth analysis Q2 '!D31+'Growth analysis Q1'!D31+'Growth analysis Q3'!D31+'Growth analysis Q4'!D31 -> 3576 | E31: ='Growth analysis Q2 '!E31+'Growth analysis Q1'!E31+'Growth analysis Q3'!E31+'Growth analysis Q4'!E31 -> -23 | F31: ='Growth analysis Q2 '!F31+'Growth analysis Q1'!F31+'Growth analysis Q3'!F31+'Growth analysis Q4'!F31 -> -76 | G31: =D31+E31+F31 -> 3477 | I31: ='Growth analysis Q2 '!I31+'Growth analysis Q1'!I31+'Growth analysis Q3'!I31+'Growth analysis Q4'!I31 -> 3650 | J31: ='Growth analysis Q2 '!J31+'Growth analysis Q1'!J31+'Growth analysis Q3'!J31+'Growth analysis Q4'!J31 -> 6 | K31: ='Growth analysis Q2 '!K31+'Growth analysis Q1'!K31+'Growth analysis Q3'!K31+'Growth analysis Q4'!K31 -> -41 | L31: =I31+J31+K31 -> 3615 | N31: =+IFERROR(IF(D31*I31<0,"n.m.",IF(D31/I31-1>100%,">100%",D31/I31-1)),"n.m.") -> -0.020273973 | O31: =+IFERROR(IF(G31*L31<0,"n.m.",IF(G31/L31-1>100%,">100%",G31/L31-1)),"n.m.") -> -0.038174274
C37: Consolidated figures | D37: =+D2 -> FY 2017 | E37: Incidentals | F37: Restructuring | G37: =+G2 -> FY 2017 | I37: =+I2 -> FY 2016 | J37: Incidentals | K37: Restructuring | L37: =+L2 -> FY 2016 | N37: Δ y-on-y | O37: Δ y-on-y
C38: Growth analysis - EBITDA | D38: Reported | G38: Adjusted | I38: Reported | L38: Adjusted | N38: Reported | O38: Adjusted
C40: The Netherlands | D40: ='Growth analysis Q2 '!D40+'Growth analysis Q1'!D40+'Growth analysis Q3'!D40+'Growth analysis Q4'!D40 -> 2300 | E40: ='Growth analysis Q2 '!E40+'Growth analysis Q1'!E40+'Growth analysis Q3'!E40+'Growth analysis Q4'!E40 -> -25 | F40: ='Growth analysis Q2 '!F40+'Growth analysis Q1'!F40+'Growth analysis Q3'!F40+'Growth analysis Q4'!F40 -> -76 | G40: =D40-E40-F40 -> 2401 | I40: ='Growth analysis Q2 '!I40+'Growth analysis Q1'!I40+'Growth analysis Q3'!I40+'Growth analysis Q4'!I40 -> 2402 | J40: ='Growth analysis Q2 '!J40+'Growth analysis Q1'!J40+'Growth analysis Q3'!J40+'Growth analysis Q4'!J40 -> 32 | K40: ='Growth analysis Q2 '!K40+'Growth analysis Q1'!K40+'Growth analysis Q3'!K40+'Growth analysis Q4'!K40 -> -41 | L40: =I40-J40-K40 -> 2411 | N40: =+IFERROR(IF(D40*I40<0,"n.m.",IF(D40/I40-1>100%,">100%",D40/I40-1)),"n.m.") -> -0.042464613 | O40: =+IFERROR(IF(G40*L40<0,"n.m.",IF(G40/L40-1>100%,">100%",G40/L40-1)),"n.m.") -> -0.0041476566
C42: iBasis | D42: ='Growth analysis Q2 '!D42+'Growth analysis Q1'!D42+'Growth analysis Q3'!D42+'Growth analysis Q4'!D42 -> 24 | E42: ='Growth analysis Q2 '!E42+'Growth analysis Q1'!E42+'Growth analysis Q3'!E42+'Growth analysis Q4'!E42 -> 0 | F42: ='Growth analysis Q2 '!F42+'Growth analysis Q1'!F42+'Growth analysis Q3'!F42+'Growth analysis Q4'!F42 -> 0 | G42: =D42-E42-F42 -> 24 | I42: ='Growth analysis Q2 '!I42+'Growth analysis Q1'!I42+'Growth analysis Q3'!I42+'Growth analysis Q4'!I42 -> 23 | J42: ='Growth analysis Q2 '!J42+'Growth analysis Q1'!J42+'Growth analysis Q3'!J42+'Growth analysis Q4'!J42 -> 0 | K42: ='Growth analysis Q2 '!K42+'Growth analysis Q1'!K42+'Growth analysis Q3'!K42+'Growth analysis Q4'!K42 -> 0 | L42: =I42-J42-K42 -> 23 | N42: =+IFERROR(IF(D42*I42<0,"n.m.",IF(D42/I42-1>100%,">100%",D42/I42-1)),"n.m.") -> 0.043478261 | O42: =+IFERROR(IF(G42*L42<0,"n.m.",IF(G42/L42-1>100%,">100%",G42/L42-1)),"n.m.") -> 0.043478261
C44: Other activities | D44: ='Growth analysis Q2 '!D44+'Growth analysis Q1'!D44+'Growth analysis Q3'!D44+'Growth analysis Q4'!D44 -> -18 | E44: ='Growth analysis Q2 '!E44+'Growth analysis Q1'!E44+'Growth analysis Q3'!E44+'Growth analysis Q4'!E44 -> 0 | F44: ='Growth analysis Q2 '!F44+'Growth analysis Q1'!F44+'Growth analysis Q3'!F44+'Growth analysis Q4'!F44 -> -10 | G44: =D44-E44-F44 -> -8 | I44: ='Growth analysis Q2 '!I44+'Growth analysis Q1'!I44+'Growth analysis Q3'!I44+'Growth analysis Q4'!I44 -> 4 | J44: ='Growth analysis Q2 '!J44+'Growth analysis Q1'!J44+'Growth analysis Q3'!J44+'Growth analysis Q4'!J44 -> 14 | K44: ='Growth analysis Q2 '!K44+'Growth analysis Q1'!K44+'Growth analysis Q3'!K44+'Growth analysis Q4'!K44 -> -4 | L44: =I44-J44-K44 -> -6 | N44: =+IFERROR(IF(D44*I44<0,"n.m.",IF(D44/I44-1>100%,">100%",D44/I44-1)),"n.m.") -> n.m. | O44: =+IFERROR(IF(G44*L44<0,"n.m.",IF(G44/L44-1>100%,">100%",G44/L44-1)),"n.m.") -> 0.33333333
C46: Total | D46: ='Growth analysis Q2 '!D46+'Growth analysis Q1'!D46+'Growth analysis Q3'!D46+'Growth analysis Q4'!D46 -> 2306 | E46: ='Growth analysis Q2 '!E46+'Growth analysis Q1'!E46+'Growth analysis Q3'!E46+'Growth analysis Q4'!E46 -> -25 | F46: ='Growth analysis Q2 '!F46+'Growth analysis Q1'!F46+'Growth analysis Q3'!F46+'Growth analysis Q4'!F46 -> -86 | G46: =D46-E46-F46 -> 2417 | H46: =H40+H42+H44 -> 0 | I46: ='Growth analysis Q2 '!I46+'Growth analysis Q1'!I46+'Growth analysis Q3'!I46+'Growth analysis Q4'!I46 -> 2429 | J46: ='Growth analysis Q2 '!J46+'Growth analysis Q1'!J46+'Growth analysis Q3'!J46+'Growth analysis Q4'!J46 -> 46 | K46: ='Growth analysis Q2 '!K46+'Growth analysis Q1'!K46+'Growth analysis Q3'!K46+'Growth analysis Q4'!K46 -> -45 | L46: =I46-J46-K46 -> 2428 | N46: =+IFERROR(IF(D46*I46<0,"n.m.",IF(D46/I46-1>100%,">100%",D46/I46-1)),"n.m.") -> -0.050638123 | O46: =+IFERROR(IF(G46*L46<0,"n.m.",IF(G46/L46-1>100%,">100%",G46/L46-1)),"n.m.") -> -0.0045304778
C52: Consolidated figures | D52: =+D24 -> FY 2017 | G52: =+G24 -> FY 2017 | I52: =+I2 -> FY 2016 | L52: =+L2 -> FY 2016
C53: Growth analysis - EBITDA margin | D53: Reported | G53: Adjusted | I53: Reported | L53: Adjusted
C55: The Netherlands | D55: =D40/D10 -> 0.39142274 | G55: =G40/G10 -> 0.40847227 | I55: =I40/I10 -> 0.39689359 | L55: =L40/L10 -> 0.40009957
C57: iBasis | D57: =D42/D12 -> 0.034042553 | G57: =G42/G12 -> 0.034042553 | I57: =I42/I12 -> 0.026528258 | L57: =L42/L12 -> 0.026528258
C59: Other activities | D59: n.m. | G59: n.m. | I59: n.m. | L59: n.m.
C61: Total | D61: =D46/D18 -> 0.35487842 | G61: =G46/G18 -> 0.37184615 | I61: =I46/I18 -> 0.35689098 | L61: =L46/L18 -> 0.35811209

Sheet Growth analysis Q1
C2: Consolidated figures | D2: Q1 2017 | E2: =+J2 -> Incidentals | G2: =+D2 -> Q1 2017 | I2: Q1 2016 | J2: Incidentals | L2: Q1 2016 | N2: Δ y-on-y | O2: Δ y-on-y
C3: Growth analysis - Revenues | D3: Reported | G3: Adjusted | I3: Reported | L3: Adjusted | N3: Reported | O3: Adjusted
C5: Consumer | D5: 788 | E5: 0 | G5: =D5-E5 -> 788 | I5: 772 | J5: 0 | L5: 772 | N5: =+IFERROR(IF(D5*I5<0,"n.m.",IF(D5/I5-1>100%,">100%",D5/I5-1)),"n.m.") -> 0.020725389 | O5: =+IFERROR(IF(G5*L5<0,"n.m.",IF(G5/L5-1>100%,">100%",G5/L5-1)),"n.m.") -> 0.020725389
C6: Business | D6: 552 | E6: 0 | G6: =D6-E6 -> 552 | I6: 593 | J6: 0 | L6: 593 | N6: =+IFERROR(IF(D6*I6<0,"n.m.",IF(D6/I6-1>100%,">100%",D6/I6-1)),"n.m.") -> -0.069139966 | O6: =+IFERROR(IF(G6*L6<0,"n.m.",IF(G6/L6-1>100%,">100%",G6/L6-1)),"n.m.") -> -0.069139966
C7: Wholesale | D7: 178 | E7: 0 | G7: =D7-E7 -> 178 | I7: 180 | J7: 0 | L7: 180 | N7: =+IFERROR(IF(D7*I7<0,"n.m.",IF(D7/I7-1>100%,">100%",D7/I7-1)),"n.m.") -> -0.011111111 | O7: =+IFERROR(IF(G7*L7<0,"n.m.",IF(G7/L7-1>100%,">100%",G7/L7-1)),"n.m.") -> -0.011111111
C8: Network, Operations & IT | D8: 4 | E8: 0 | G8: =D8-E8 -> 4 | I8: 4 | J8: 0 | L8: 4 | N8: =+IFERROR(IF(D8*I8<0,"n.m.",IF(D8/I8-1>100%,">100%",D8/I8-1)),"n.m.") -> 0 | O8: =+IFERROR(IF(G8*L8<0,"n.m.",IF(G8/L8-1>100%,">100%",G8/L8-1)),"n.m.") -> 0
C9: Other (incl. eliminations) | D9: -42 | E9: 0 | G9: =D9-E9 -> -42 | I9: -46 | J9: 0 | L9: -46 | N9: =+IFERROR(IF(D9*I9<0,"n.m.",IF(D9/I9-1>100%,">100%",D9/I9-1)),"n.m.") -> -0.086956522 | O9: =+IFERROR(IF(G9*L9<0,"n.m.",IF(G9/L9-1>100%,">100%",G9/L9-1)),"n.m.") -> -0.086956522
C10: The Netherlands | D10: =D5+D6+D7+D8+D9 -> 1480 | E10: 0 | G10: =D10-E10 -> 1480 | I10: 1503 | J10: 0 | L10: 1503 | N10: =+IFERROR(IF(D10*I10<0,"n.m.",IF(D10/I10-1>100%,">100%",D10/I10-1)),"n.m.") -> -0.015302728 | O10: =+IFERROR(IF(G10*L10<0,"n.m.",IF(G10/L10-1>100%,">100%",G10/L10-1)),"n.m.") -> -0.015302728
C12: iBasis | D12: 193 | E12: 0 | G12: =D12-E12 -> 193 | I12: 215 | J12: 0 | L12: 215 | N12: =+IFERROR(IF(D12*I12<0,"n.m.",IF(D12/I12-1>100%,">100%",D12/I12-1)),"n.m.") -> -0.10232558 | O12: =+IFERROR(IF(G12*L12<0,"n.m.",IF(G12/L12-1>100%,">100%",G12/L12-1)),"n.m.") -> -0.10232558
C14: Other activities | D14: 1 | E14: 0 | G14: =D14-E14 -> 1 | I14: 1 | J14: 0 | L14: 1 | N14: =+IFERROR(IF(D14*I14<0,"n.m.",IF(D14/I14-1>100%,">100%",D14/I14-1)),"n.m.") -> 0 | O14: =+IFERROR(IF(G14*L14<0,"n.m.",IF(G14/L14-1>100%,">100%",G14/L14-1)),"n.m.") -> 0
C16: Intercompany revenues | D16: -26 | E16: 0 | G16: =D16-E16 -> -26 | I16: -30 | J16: 0 | L16: -30 | N16: =+IFERROR(IF(D16*I16<0,"n.m.",IF(D16/I16-1>100%,">100%",D16/I16-1)),"n.m.") -> -0.13333333 | O16: =+IFERROR(IF(G16*L16<0,"n.m.",IF(G16/L16-1>100%,">100%",G16/L16-1)),"n.m.") -> -0.13333333
C18: Total revenues | D18: =D10+D12+D14+D16 -> 1648 | E18: 0 | G18: =D18-E18 -> 1648 | H18: =H10+H12+H14 -> 0 | I18: 1689 | J18: 0 | L18: 1689 | N18: =+IFERROR(IF(D18*I18<0,"n.m.",IF(D18/I18-1>100%,">100%",D18/I18-1)),"n.m.") -> -0.024274719 | O18: =+IFERROR(IF(G18*L18<0,"n.m.",IF(G18/L18-1>100%,">100%",G18/L18-1)),"n.m.") -> -0.024274719
C24: Consolidated figures | D24: =+D2 -> Q1 2017 | E24: =E2 -> Incidentals | F24: Restructuring | G24: =+G2 -> Q1 2017 | I24: Q1 2016 | J24: Incidentals | K24: Restructuring | L24: Q1 2016 | N24: Δ y-on-y | O24: Δ y-on-y
C25: Growth analysis - Opex The Netherlands | D25: Reported | G25: Adjusted | I25: Reported | L25: Adjusted | N25: Reported | O25: Adjusted
C27: Costs of goods & services | D27: 349 | E27: 0 | F27: 0 | G27: =D27+E27+F27 -> 349 | I27: 356 | J27: 0 | K27: 0 | L27: =I27+J27+K27 -> 356 | N27: =+IFERROR(IF(D27*I27<0,"n.m.",IF(D27/I27-1>100%,">100%",D27/I27-1)),"n.m.") -> -0.019662921 | O27: =+IFERROR(IF(G27*L27<0,"n.m.",IF(G27/L27-1>100%,">100%",G27/L27-1)),"n.m.") -> -0.019662921
C28: Personnel expenses | D28: 289 | E28: 0 | F28: 0 | G28: =D28+E28+F28 -> 289 | I28: 314 | J28: 0 | K28: 0 | L28: =I28+J28+K28 -> 314 | N28: =+IFERROR(IF(D28*I28<0,"n.m.",IF(D28/I28-1>100%,">100%",D28/I28-1)),"n.m.") -> -0.079617834 | O28: =+IFERROR(IF(G28*L28<0,"n.m.",IF(G28/L28-1>100%,">100%",G28/L28-1)),"n.m.") -> -0.079617834
C29: IT/TI | D29: 134 | E29: 0 | F29: 0 | G29: =D29+E29+F29 -> 134 | I29: 143 | J29: 0 | K29: 0 | L29: =I29+J29+K29 -> 143 | N29: =+IFERROR(IF(D29*I29<0,"n.m.",IF(D29/I29-1>100%,">100%",D29/I29-1)),"n.m.") -> -0.062937063 | O29: =+IFERROR(IF(G29*L29<0,"n.m.",IF(G29/L29-1>100%,">100%",G29/L29-1)),"n.m.") -> -0.062937063
C30: Other operating expenses | D30: 153 | E30: -11 | F30: -13 | G30: =D30+E30+F30 -> 129 | I30: 132 | J30: 0 | K30: -7 | L30: =I30+J30+K30 -> 125 | N30: =+IFERROR(IF(D30*I30<0,"n.m.",IF(D30/I30-1>100%,">100%",D30/I30-1)),"n.m.") -> 0.15909091 | O30: =+IFERROR(IF(G30*L30<0,"n.m.",IF(G30/L30-1>100%,">100%",G30/L30-1)),"n.m.") -> 0.032
C31: The Netherlands | D31: =SUM(D27:D30) -> 925 | E31: =SUM(E27:E30) -> -11 | F31: =SUM(F27:F30) -> -13 | G31: =D31+E31+F31 -> 901 | I31: =SUM(I27:I30) -> 945 | J31: =SUM(J27:J30) -> 0 | K31: =SUM(K27:K30) -> -7 | L31: =I31+J31+K31 -> 938 | N31: =+IFERROR(IF(D31*I31<0,"n.m.",IF(D31/I31-1>100%,">100%",D31/I31-1)),"n.m.") -> -0.021164021 | O31: =+IFERROR(IF(G31*L31<0,"n.m.",IF(G31/L31-1>100%,">100%",G31/L31-1)),"n.m.") -> -0.039445629
C37: Consolidated figures | D37: Q1 2017 | E37: Incidentals | F37: Restructuring | G37: Q1 2017 | I37: Q1 2016 | J37: Incidentals | K37: Restructuring | L37: Q1 2016 | N37: Δ y-on-y | O37: Δ y-on-y
C38: Growth analysis - EBITDA | D38: Reported | G38: Adjusted | I38: Reported | L38: Adjusted | N38: Reported | O38: Adjusted
C40: The Netherlands | D40: 555 | E40: =E31 -> -11 | F40: -13 | G40: =D40-E40-F40 -> 579 | I40: 558 | J40: 0 | K40: -7 | L40: 565 | N40: =+IFERROR(IF(D40*I40<0,"n.m.",IF(D40/I40-1>100%,">100%",D40/I40-1)),"n.m.") -> -0.0053763441 | O40: =+IFERROR(IF(G40*L40<0,"n.m.",IF(G40/L40-1>100%,">100%",G40/L40-1)),"n.m.") -> 0.024778761
C42: iBasis | D42: 5 | E42: 0 | F42: 0 | G42: =D42-E42-F42 -> 5 | I42: 6 | J42: 0 | K42: 0 | L42: 6 | N42: =+IFERROR(IF(D42*I42<0,"n.m.",IF(D42/I42-1>100%,">100%",D42/I42-1)),"n.m.") -> -0.16666667 | O42: =+IFERROR(IF(G42*L42<0,"n.m.",IF(G42/L42-1>100%,">100%",G42/L42-1)),"n.m.") -> -0.16666667
C44: Other activities | D44: -4 | E44: 0 | F44: -4 | G44: =D44-E44-F44 -> 0 | I44: -5 | J44: 0 | K44: -2 | L44: -3 | N44: =+IFERROR(IF(D44*I44<0,"n.m.",IF(D44/I44-1>100%,">100%",D44/I44-1)),"n.m.") -> -0.2 | O44: =+IFERROR(IF(G44*L44<0,"n.m.",IF(G44/L44-1>100%,">100%",G44/L44-1)),"n.m.") -> -1
C46: Total | D46: =D40+D42+D44 -> 556 | E46: =E40+E42+E44 -> -11 | F46: =F40+F42+F44 -> -17 | G46: =D46-E46-F46 -> 584 | H46: =H40+H42+H44 -> 0 | I46: 559 | J46: 0 | K46: -9 | L46: 568 | N46: =+IFERROR(IF(D46*I46<0,"n.m.",IF(D46/I46-1>100%,">100%",D46/I46-1)),"n.m.") -> -0.0053667263 | O46: =+IFERROR(IF(G46*L46<0,"n.m.",IF(G46/L46-1>100%,">100%",G46/L46-1)),"n.m.") -> 0.028169014
C52: Consolidated figures | D52: =+D24 -> Q1 2017 | G52: =+G24 -> Q1 2017 | I52: Q1 2016 | L52: Q1 2016
C53: Growth analysis - EBITDA margin | D53: Reported | G53: Adjusted | I53: Reported | L53: Adjusted
C55: The Netherlands | D55: =D40/D10 -> 0.375 | G55: =G40/G10 -> 0.39121622 | I55: 0.371 | L55: 0.376
C57: iBasis | D57: =D42/D12 -> 0.025906736 | G57: =G42/G12 -> 0.025906736 | I57: 0.028 | L57: 0.028
C59: Other activities | D59: n.m. | G59: n.m. | I59: n.m. | L59: n.m.
C61: Total | D61: =D46/D18 -> 0.33737864 | G61: =G46/G18 -> 0.35436893 | I61: 0.331 | L61: 0.336

Sheet Growth analysis Q2 
C2: Consolidated figures | D2: Q2 2017 | E2: =+J2 -> Incidentals | G2: =+D2 -> Q2 2017 | I2: Q2 2016 | J2: Incidentals | L2: Q2 2016 | N2: Δ y-on-y | O2: Δ y-on-y
C3: Growth analysis - Revenues | D3: Reported | G3: Adjusted | I3: Reported | L3: Adjusted | N3: Reported | O3: Adjusted
C5: Consumer | D5: 784 | E5: 0 | G5: =D5-E5 -> 784 | I5: 768 | J5: 0 | L5: 768 | N5: =+IFERROR(IF(D5*I5<0,"n.m.",IF(D5/I5-1>100%,">100%",D5/I5-1)),"n.m.") -> 0.020833333 | O5: =+IFERROR(IF(G5*L5<0,"n.m.",IF(G5/L5-1>100%,">100%",G5/L5-1)),"n.m.") -> 0.020833333
C6: Business | D6: 540 | E6: 0 | G6: =D6-E6 -> 540 | I6: 574 | J6: 0 | L6: 574 | N6: =+IFERROR(IF(D6*I6<0,"n.m.",IF(D6/I6-1>100%,">100%",D6/I6-1)),"n.m.") -> -0.059233449 | O6: =+IFERROR(IF(G6*L6<0,"n.m.",IF(G6/L6-1>100%,">100%",G6/L6-1)),"n.m.") -> -0.059233449
C7: Wholesale | D7: 178 | E7: 8 | G7: =D7-E7 -> 170 | I7: 184 | J7: 0 | L7: 184 | N7: =+IFERROR(IF(D7*I7<0,"n.m.",IF(D7/I7-1>100%,">100%",D7/I7-1)),"n.m.") -> -0.032608696 | O7: =+IFERROR(IF(G7*L7<0,"n.m.",IF(G7/L7-1>100%,">100%",G7/L7-1)),"n.m.") -> -0.076086957
C8: Network, Operations & IT | D8: 6 | E8: 0 | G8: =D8-E8 -> 6 | I8: 5 | J8: 0 | L8: 5 | N8: =+IFERROR(IF(D8*I8<0,"n.m.",IF(D8/I8-1>100%,">100%",D8/I8-1)),"n.m.") -> 0.2 | O8: =+IFERROR(IF(G8*L8<0,"n.m.",IF(G8/L8-1>100%,">100%",G8/L8-1)),"n.m.") -> 0.2
C9: Other (incl. eliminations) | D9: -45 | E9: 0 | G9: =D9-E9 -> -45 | I9: -45 | J9: 0 | L9: -45 | N9: =+IFERROR(IF(D9*I9<0,"n.m.",IF(D9/I9-1>100%,">100%",D9/I9-1)),"n.m.") -> 0 | O9: =+IFERROR(IF(G9*L9<0,"n.m.",IF(G9/L9-1>100%,">100%",G9/L9-1)),"n.m.") -> 0
C10: The Netherlands | D10: =SUM(D5:D9) -> 1463 | E10: =SUM(E5:E9) -> 8 | G10: =SUM(G5:G9) -> 1455 | I10: 1486 | J10: 0 | L10: 1486 | N10: =+IFERROR(IF(D10*I10<0,"n.m.",IF(D10/I10-1>100%,">100%",D10/I10-1)),"n.m.") -> -0.015477793 | O10: =+IFERROR(IF(G10*L10<0,"n.m.",IF(G10/L10-1>100%,">100%",G10/L10-1)),"n.m.") -> -0.020861373
C12: iBasis | D12: 192 | E12: 0 | G12: =D12-E12 -> 192 | I12: 218 | J12: 0 | L12: 218 | N12: =+IFERROR(IF(D12*I12<0,"n.m.",IF(D12/I12-1>100%,">100%",D12/I12-1)),"n.m.") -> -0.11926606 | O12: =+IFERROR(IF(G12*L12<0,"n.m.",IF(G12/L12-1>100%,">100%",G12/L12-1)),"n.m.") -> -0.11926606
C14: Other activities | D14: -1 | E14: 0 | G14: =D14-E14 -> -1 | I14: 0 | J14: 0 | L14: - | N14: =+IFERROR(IF(D14*I14<0,"n.m.",IF(D14/I14-1>100%,">100%",D14/I14-1)),"n.m.") -> n.m. | O14: =+IFERROR(IF(G14*L14<0,"n.m.",IF(G14/L14-1>100%,">100%",G14/L14-1)),"n.m.") -> n.m.
C16: Intercompany revenues | D16: -23 | E16: 0 | G16: =D16-E16 -> -23 | I16: -28 | J16: 0 | L16: -28 | N16: =+IFERROR(IF(D16*I16<0,"n.m.",IF(D16/I16-1>100%,">100%",D16/I16-1)),"n.m.") -> -0.17857143 | O16: =+IFERROR(IF(G16*L16<0,"n.m.",IF(G16/L16-1>100%,">100%",G16/L16-1)),"n.m.") -> -0.17857143
C18: Total revenues | D18: =SUM(D5:D9)+SUM(D11:D17) -> 1631 | E18: =SUM(E5:E9)+SUM(E11:E17) -> 8 | G18: =SUM(G5:G9)+SUM(G11:G17) -> 1623 | H18: =H10+H12+H14 -> 0 | I18: 1676 | J18: 0 | L18: 1676 | N18: =+IFERROR(IF(D18*I18<0,"n.m.",IF(D18/I18-1>100%,">100%",D18/I18-1)),"n.m.") -> -0.026849642 | O18: =+IFERROR(IF(G18*L18<0,"n.m.",IF(G18/L18-1>100%,">100%",G18/L18-1)),"n.m.") -> -0.031622912
C24: Consolidated figures | D24: =+D2 -> Q2 2017 | E24: =E2 -> Incidentals | F24: Restructuring | G24: =+G2 -> Q2 2017 | I24: Q2 2016 | J24: Incidentals | K24: Restructuring | L24: Q2 2016 | N24: Δ y-on-y | O24: Δ y-on-y
C25: Growth analysis - Opex The Netherlands | D25: Reported | G25: Adjusted | I25: Reported | L25: Adjusted | N25: Reported | O25: Adjusted
C27: Costs of goods & services | D27: 337 | E27: 0 | F27: 0 | G27: =D27+E27+F27 -> 337 | I27: 357 | J27: 0 | K27: 0 | L27: =I27+J27+K27 -> 357 | N27: =+IFERROR(IF(D27*I27<0,"n.m.",IF(D27/I27-1>100%,">100%",D27/I27-1)),"n.m.") -> -0.056022409 | O27: =+IFERROR(IF(G27*L27<0,"n.m.",IF(G27/L27-1>100%,">100%",G27/L27-1)),"n.m.") -> -0.056022409
C28: Personnel expenses | D28: 284 | E28: 0 | F28: 0 | G28: =D28+E28+F28 -> 284 | I28: 291 | J28: 0 | K28: 0 | L28: =I28+J28+K28 -> 291 | N28: =+IFERROR(IF(D28*I28<0,"n.m.",IF(D28/I28-1>100%,">100%",D28/I28-1)),"n.m.") -> -0.024054983 | O28: =+IFERROR(IF(G28*L28<0,"n.m.",IF(G28/L28-1>100%,">100%",G28/L28-1)),"n.m.") -> -0.024054983
C29: IT/TI | D29: 122 | E29: 0 | F29: 0 | G29: =D29+E29+F29 -> 122 | I29: 134 | J29: 0 | K29: 0 | L29: =I29+J29+K29 -> 134 | N29: =+IFERROR(IF(D29*I29<0,"n.m.",IF(D29/I29-1>100%,">100%",D29/I29-1)),"n.m.") -> -0.089552239 | O29: =+IFERROR(IF(G29*L29<0,"n.m.",IF(G29/L29-1>100%,">100%",G29/L29-1)),"n.m.") -> -0.089552239
C30: Other operating expenses | D30: 136 | E30: 0 | F30: -21 | G30: =D30+E30+F30 -> 115 | I30: 130 | J30: 6 | K30: -19 | L30: =I30+J30+K30 -> 117 | N30: =+IFERROR(IF(D30*I30<0,"n.m.",IF(D30/I30-1>100%,">100%",D30/I30-1)),"n.m.") -> 0.046153846 | O30: =+IFERROR(IF(G30*L30<0,"n.m.",IF(G30/L30-1>100%,">100%",G30/L30-1)),"n.m.") -> -0.017094017
C31: The Netherlands | D31: =SUM(D27:D30) -> 879 | E31: =SUM(E27:E30) -> 0 | F31: =SUM(F27:F30) -> -21 | G31: =SUM(G27:G30) -> 858 | I31: =SUM(I27:I30) -> 912 | J31: 6 | K31: -19 | L31: =I31+J31+K31 -> 899 | N31: =+IFERROR(IF(D31*I31<0,"n.m.",IF(D31/I31-1>100%,">100%",D31/I31-1)),"n.m.") -> -0.036184211 | O31: =+IFERROR(IF(G31*L31<0,"n.m.",IF(G31/L31-1>100%,">100%",G31/L31-1)),"n.m.") -> -0.045606229
C37: Consolidated figures | D37: Q2 2017 | E37: Incidentals | F37: Restructuring | G37: Q2 2017 | I37: Q2 2016 | J37: Incidentals | K37: Restructuring | L37: Q2 2016 | N37: Δ y-on-y | O37: Δ y-on-y
C38: Growth analysis - EBITDA | D38: Reported | G38: Adjusted | I38: Reported | L38: Adjusted | N38: Reported | O38: Adjusted
C40: The Netherlands | D40: 584 | E40: 8 | F40: -21 | G40: =D40-E40-F40 -> 597 | I40: 574 | J40: 6 | K40: -19 | L40: =I40-J40-K40 -> 587 | N40: =+IFERROR(IF(D40*I40<0,"n.m.",IF(D40/I40-1>100%,">100%",D40/I40-1)),"n.m.") -> 0.017421603 | O40: =+IFERROR(IF(G40*L40<0,"n.m.",IF(G40/L40-1>100%,">100%",G40/L40-1)),"n.m.") -> 0.017035775
C42: iBasis | D42: 4 | E42: 0 | F42: 0 | G42: =D42-E42-F42 -> 4 | I42: 6 | J42: 0 | K42: 0 | L42: =I42-J42-K42 -> 6 | N42: =+IFERROR(IF(D42*I42<0,"n.m.",IF(D42/I42-1>100%,">100%",D42/I42-1)),"n.m.") -> -0.33333333 | O42: =+IFERROR(IF(G42*L42<0,"n.m.",IF(G42/L42-1>100%,">100%",G42/L42-1)),"n.m.") -> -0.33333333
C44: Other activities | D44: -1 | E44: 0 | F44: -1 | G44: =D44-E44-F44 -> 0 | I44: -1 | J44: 0 | K44: 0 | L44: =I44-J44-K44 -> -1 | N44: =+IFERROR(IF(D44*I44<0,"n.m.",IF(D44/I44-1>100%,">100%",D44/I44-1)),"n.m.") -> 0 | O44: =+IFERROR(IF(G44*L44<0,"n.m.",IF(G44/L44-1>100%,">100%",G44/L44-1)),"n.m.") -> -1
C46: Total | D46: =SUM(D40:D45) -> 587 | E46: =SUM(E40:E45) -> 8 | F46: =SUM(F40:F45) -> -22 | G46: =SUM(G40:G45) -> 601 | H46: =H40+H42+H44 -> 0 | I46: =SUM(I40:I45) -> 579 | J46: =SUM(J40:J45) -> 6 | K46: =SUM(K40:K45) -> -19 | L46: =SUM(L40:L45) -> 592 | N46: =+IFERROR(IF(D46*I46<0,"n.m.",IF(D46/I46-1>100%,">100%",D46/I46-1)),"n.m.") -> 0.013816926 | O46: =+IFERROR(IF(G46*L46<0,"n.m.",IF(G46/L46-1>100%,">100%",G46/L46-1)),"n.m.") -> 0.015202703
C52: Consolidated figures | D52: =+D24 -> Q2 2017 | G52: =+G24 -> Q2 2017 | I52: Q2 2016 | L52: Q2 2016
C53: Growth analysis - EBITDA margin | D53: Reported | G53: Adjusted | I53: Reported | L53: Adjusted
C55: The Netherlands | D55: =D40/D10 -> 0.39917977 | G55: =G40/G10 -> 0.41030928 | I55: 0.38627187 | L55: 0.39502019
C57: iBasis | D57: =D42/D12 -> 0.020833333 | G57: =G42/G12 -> 0.020833333 | I57: 0.027522936 | L57: 0.027522936
C59: Other activities | D59: n.m. | G59: n.m. | I59: n.m. | L59: n.m.
C61: Total | D61: =D46/D18 -> 0.3599019 | G61: =G46/G18 -> 0.37030191 | I61: 0.34546539 | L61: 0.35322196

Sheet Growth analysis Q3
C2: Consolidated figures | D2: Q3 2017 | E2: =+J2 -> Incidentals | G2: =+D2 -> Q3 2017 | I2: Q3 2016 | J2: Incidentals | L2: Q3 2016 | N2: Δ y-on-y | O2: Δ y-on-y
C3: Growth analysis - Revenues | D3: Reported | G3: Adjusted | I3: Reported | L3: Adjusted | N3: Reported | O3: Adjusted
C5: Consumer | D5: 789 | E5: 0 | G5: =D5-E5 -> 789 | I5: 801 | J5: 0 | L5: =I5-J5 -> 801 | N5: =+IFERROR(IF(D5*I5<0,"n.m.",IF(D5/I5-1>100%,">100%",D5/I5-1)),"n.m.") -> -0.014981273 | O5: =+IFERROR(IF(G5*L5<0,"n.m.",IF(G5/L5-1>100%,">100%",G5/L5-1)),"n.m.") -> -0.014981273
C6: Business | D6: 541 | E6: 0 | G6: =D6-E6 -> 541 | I6: 569 | J6: 0 | L6: =I6-J6 -> 569 | N6: =+IFERROR(IF(D6*I6<0,"n.m.",IF(D6/I6-1>100%,">100%",D6/I6-1)),"n.m.") -> -0.049209139 | O6: =+IFERROR(IF(G6*L6<0,"n.m.",IF(G6/L6-1>100%,">100%",G6/L6-1)),"n.m.") -> -0.049209139
C7: Wholesale | D7: 158 | E7: -10 | G7: =D7-E7 -> 168 | I7: 192 | J7: 7 | L7: =I7-J7 -> 185 | N7: =+IFERROR(IF(D7*I7<0,"n.m.",IF(D7/I7-1>100%,">100%",D7/I7-1)),"n.m.") -> -0.17708333 | O7: =+IFERROR(IF(G7*L7<0,"n.m.",IF(G7/L7-1>100%,">100%",G7/L7-1)),"n.m.") -> -0.091891892
C8: Network, Operations & IT | D8: 6 | E8: 0 | G8: =D8-E8 -> 6 | I8: 5 | J8: 0 | L8: =I8-J8 -> 5 | N8: =+IFERROR(IF(D8*I8<0,"n.m.",IF(D8/I8-1>100%,">100%",D8/I8-1)),"n.m.") -> 0.2 | O8: =+IFERROR(IF(G8*L8<0,"n.m.",IF(G8/L8-1>100%,">100%",G8/L8-1)),"n.m.") -> 0.2
C9: Other (incl. eliminations) | D9: -42 | E9: 0 | G9: =D9-E9 -> -42 | I9: -42 | J9: 0 | L9: =I9-J9 -> -42 | N9: =+IFERROR(IF(D9*I9<0,"n.m.",IF(D9/I9-1>100%,">100%",D9/I9-1)),"n.m.") -> 0 | O9: =+IFERROR(IF(G9*L9<0,"n.m.",IF(G9/L9-1>100%,">100%",G9/L9-1)),"n.m.") -> 0
C10: The Netherlands | D10: =SUM(D5:D9) -> 1452 | E10: =SUM(E5:E9) -> -10 | G10: =D10-E10 -> 1462 | I10: 1525 | J10: =SUM(J5:J9) -> 7 | L10: =I10-J10 -> 1518 | N10: =+IFERROR(IF(D10*I10<0,"n.m.",IF(D10/I10-1>100%,">100%",D10/I10-1)),"n.m.") -> -0.047868852 | O10: =+IFERROR(IF(G10*L10<0,"n.m.",IF(G10/L10-1>100%,">100%",G10/L10-1)),"n.m.") -> -0.036890646
C12: iBasis | D12: 174 | E12: 0 | G12: =D12-E12 -> 174 | I12: 224 | J12: 0 | L12: =I12-J12 -> 224 | N12: =+IFERROR(IF(D12*I12<0,"n.m.",IF(D12/I12-1>100%,">100%",D12/I12-1)),"n.m.") -> -0.22321429 | O12: =+IFERROR(IF(G12*L12<0,"n.m.",IF(G12/L12-1>100%,">100%",G12/L12-1)),"n.m.") -> -0.22321429
C14: Other activities | D14: 0 | E14: 0 | G14: =D14-E14 -> 0 | I14: 0 | J14: 0 | L14: =I14-J14 -> 0 | N14: =+IFERROR(IF(D14*I14<0,"n.m.",IF(D14/I14-1>100%,">100%",D14/I14-1)),"n.m.") -> n.m. | O14: =+IFERROR(IF(G14*L14<0,"n.m.",IF(G14/L14-1>100%,">100%",G14/L14-1)),"n.m.") -> n.m.
C16: Intercompany revenues | D16: -21 | E16: 0 | G16: =D16-E16 -> -21 | I16: -31 | J16: 0 | L16: =I16-J16 -> -31 | N16: =+IFERROR(IF(D16*I16<0,"n.m.",IF(D16/I16-1>100%,">100%",D16/I16-1)),"n.m.") -> -0.32258065 | O16: =+IFERROR(IF(G16*L16<0,"n.m.",IF(G16/L16-1>100%,">100%",G16/L16-1)),"n.m.") -> -0.32258065
C18: Total revenues | D18: =SUM(D10:D16) -> 1605 | E18: =SUM(E10:E17) -> -10 | G18: =D18-E18 -> 1615 | H18: =H10+H12+H14 -> 0 | I18: 1718 | J18: =J10+J12+J14+J16 -> 7 | L18: =I18-J18 -> 1711 | N18: =+IFERROR(IF(D18*I18<0,"n.m.",IF(D18/I18-1>100%,">100%",D18/I18-1)),"n.m.") -> -0.065774156 | O18: =+IFERROR(IF(G18*L18<0,"n.m.",IF(G18/L18-1>100%,">100%",G18/L18-1)),"n.m.") -> -0.056107539
C24: Consolidated figures | D24: =+D2 -> Q3 2017 | E24: =E2 -> Incidentals | F24: Restructuring | G24: =+G2 -> Q3 2017 | I24: Q3 2016 | J24: Incidentals | K24: Restructuring | L24: Q3 2016 | N24: Δ y-on-y | O24: Δ y-on-y
C25: Growth analysis - Opex The Netherlands | D25: Reported | G25: Adjusted | I25: Reported | L25: Adjusted | N25: Reported | O25: Adjusted
C27: Costs of goods & services | D27: 336 | E27: 0 | F27: 0 | G27: =D27+E27+F27 -> 336 | I27: 348 | J27: 0 | K27: 0 | L27: =I27+J27+K27 -> 348 | N27: =+IFERROR(IF(D27*I27<0,"n.m.",IF(D27/I27-1>100%,">100%",D27/I27-1)),"n.m.") -> -0.034482759 | O27: =+IFERROR(IF(G27*L27<0,"n.m.",IF(G27/L27-1>100%,">100%",G27/L27-1)),"n.m.") -> -0.034482759
C28: Personnel expenses | D28: 264 | E28: 0 | F28: 0 | G28: =D28+E28+F28 -> 264 | I28: 259 | J28: 0 | K28: 0 | L28: =I28+J28+K28 -> 259 | N28: =+IFERROR(IF(D28*I28<0,"n.m.",IF(D28/I28-1>100%,">100%",D28/I28-1)),"n.m.") -> 0.019305019 | O28: =+IFERROR(IF(G28*L28<0,"n.m.",IF(G28/L28-1>100%,">100%",G28/L28-1)),"n.m.") -> 0.019305019
C29: IT/TI | D29: 120 | E29: 0 | F29: 0 | G29: =D29+E29+F29 -> 120 | I29: 127 | J29: 0 | K29: 0 | L29: =I29+J29+K29 -> 127 | N29: =+IFERROR(IF(D29*I29<0,"n.m.",IF(D29/I29-1>100%,">100%",D29/I29-1)),"n.m.") -> -0.05511811 | O29: =+IFERROR(IF(G29*L29<0,"n.m.",IF(G29/L29-1>100%,">100%",G29/L29-1)),"n.m.") -> -0.05511811
C30: Other operating expenses | D30: 132 | E30: 0 | F30: -21 | G30: =D30+E30+F30 -> 111 | I30: 130 | J30: 6 | K30: -9 | L30: =I30+J30+K30 -> 127 | N30: =+IFERROR(IF(D30*I30<0,"n.m.",IF(D30/I30-1>100%,">100%",D30/I30-1)),"n.m.") -> 0.015384615 | O30: =+IFERROR(IF(G30*L30<0,"n.m.",IF(G30/L30-1>100%,">100%",G30/L30-1)),"n.m.") -> -0.12598425
C31: The Netherlands | D31: =SUM(D27:D30) -> 852 | E31: =SUM(E27:E30) -> 0 | F31: =SUM(F27:F30) -> -21 | G31: =D31+E31+F31 -> 831 | I31: 864 | J31: =SUM(J27:J30) -> 6 | K31: =SUM(K27:K30) -> -9 | L31: =I31+J31+K31 -> 861 | N31: =+IFERROR(IF(D31*I31<0,"n.m.",IF(D31/I31-1>100%,">100%",D31/I31-1)),"n.m.") -> -0.013888889 | O31: =+IFERROR(IF(G31*L31<0,"n.m.",IF(G31/L31-1>100%,">100%",G31/L31-1)),"n.m.") -> -0.034843206
C37: Consolidated figures | D37: Q3 2017 | E37: Incidentals | F37: Restructuring | G37: Q3 2017 | I37: Q3 2016 | J37: Incidentals | K37: Restructuring | L37: Q3 2016 | N37: Δ y-on-y | O37: Δ y-on-y
C38: Growth analysis - EBITDA | D38: Reported | G38: Adjusted | I38: Reported | L38: Adjusted | N38: Reported | O38: Adjusted
C40: The Netherlands | D40: 600 | E40: -10 | F40: -21 | G40: =D40-E40-F40 -> 631 | I40: 661 | J40: 13 | K40: -9 | L40: =I40-J40-K40 -> 657 | N40: =+IFERROR(IF(D40*I40<0,"n.m.",IF(D40/I40-1>100%,">100%",D40/I40-1)),"n.m.") -> -0.092284418 | O40: =+IFERROR(IF(G40*L40<0,"n.m.",IF(G40/L40-1>100%,">100%",G40/L40-1)),"n.m.") -> -0.03957382
C42: iBasis | D42: 9 | E42: 0 | F42: 0 | G42: =D42-E42-F42 -> 9 | I42: 6 | J42: 0 | K42: 0 | L42: =I42-J42-K42 -> 6 | N42: =+IFERROR(IF(D42*I42<0,"n.m.",IF(D42/I42-1>100%,">100%",D42/I42-1)),"n.m.") -> 0.5 | O42: =+IFERROR(IF(G42*L42<0,"n.m.",IF(G42/L42-1>100%,">100%",G42/L42-1)),"n.m.") -> 0.5
C44: Other activities | D44: -6 | E44: 0 | F44: -2 | G44: =D44-E44-F44 -> -4 | I44: -2 | J44: 0 | K44: -1 | L44: =I44-J44-K44 -> -1 | N44: =+IFERROR(IF(D44*I44<0,"n.m.",IF(D44/I44-1>100%,">100%",D44/I44-1)),"n.m.") -> >100% | O44: =+IFERROR(IF(G44*L44<0,"n.m.",IF(G44/L44-1>100%,">100%",G44/L44-1)),"n.m.") -> >100%
C46: Total | D46: =SUM(D40:D45) -> 603 | E46: =SUM(E40:E45) -> -10 | F46: =SUM(F40:F45) -> -23 | G46: =D46-E46-F46 -> 636 | H46: =H40+H42+H44 -> 0 | I46: =SUM(I40:I45) -> 665 | J46: =SUM(J40:J45) -> 13 | K46: =SUM(K40:K45) -> -10 | L46: =I46-J46-K46 -> 662 | N46: =+IFERROR(IF(D46*I46<0,"n.m.",IF(D46/I46-1>100%,">100%",D46/I46-1)),"n.m.") -> -0.093233083 | O46: =+IFERROR(IF(G46*L46<0,"n.m.",IF(G46/L46-1>100%,">100%",G46/L46-1)),"n.m.") -> -0.039274924
C52: Consolidated figures | D52: =+D24 -> Q3 2017 | G52: =+G24 -> Q3 2017 | I52: Q3 2016 | L52: Q3 2016
C53: Growth analysis - EBITDA margin | D53: Reported | G53: Adjusted | I53: Reported | L53: Adjusted
C55: The Netherlands | D55: =D40/D10 -> 0.41322314 | G55: =G40/G10 -> 0.43160055 | I55: 0.433 | L55: 0.433
C57: iBasis | D57: =D42/D12 -> 0.051724138 | G57: =G42/G12 -> 0.051724138 | I57: 0.027 | L57: 0.027
C59: Other activities | D59: n.m. | G59: n.m. | I59: n.m. | L59: n.m.
C61: Total | D61: =D46/D18 -> 0.37570093 | G61: =G46/G18 -> 0.39380805 | I61: 0.387 | L61: 0.387

Sheet Consumer revenues
C2: Consumer revenues | D2: ='P&L & Cash flow'!D2 -> 2017 | E2: ='P&L & Cash flow'!E2 -> Q4 '17 | F2: ='P&L & Cash flow'!F2 -> Q3 '17 | G2: ='P&L & Cash flow'!G2 -> Q2 '17 | H2: Q1 '17 | J2: 2016 | K2: Q4 '16 | L2: Q3 '16 | M2: Q2 '16 | N2: Q1 '16 | P2: =+'Consumer KPIs'!P2 -> y-on-y | Q2: y-on-y
P3: ='P&L & Cash flow'!P3 -> Q4% | Q3: FY%
C5: Not-bundled fixed service revenues | D5: =SUM(E5:H5) -> 312 | E5: 78 | F5: 79 | G5: 76 | H5: 79 | J5: =SUM(K5:N5) -> 344 | K5: 83 | L5: 84 | M5: 86 | N5: 91 | P5: =+IFERROR(IF(E5*K5<0,"n.m.",IF(E5/K5-1>100%,">100%",E5/K5-1)),"n.m.") -> -0.060240964 | Q5: =+IFERROR(IF(D5*J5<0,"n.m.",IF(D5/J5-1>100%,">100%",D5/J5-1)),"n.m.") -> -0.093023256
C6: Bundled fixed service revenues | D6: =SUM(E6:H6) -> 1532 | E6: 394 | F6: 390 | G6: 374 | H6: 374 | J6: =SUM(K6:N6) -> 1455 | K6: 375 | L6: 368 | M6: 358 | N6: 354 | P6: =+IFERROR(IF(E6*K6<0,"n.m.",IF(E6/K6-1>100%,">100%",E6/K6-1)),"n.m.") -> 0.050666667 | Q6: =+IFERROR(IF(D6*J6<0,"n.m.",IF(D6/J6-1>100%,">100%",D6/J6-1)),"n.m.") -> 0.052920962
C7: Other | D7: =SUM(E7:H7) -> 53 | E7: 12 | F7: 13 | G7: 14 | H7: 14 | J7: =SUM(K7:N7) -> 57 | K7: 14 | L7: 15 | M7: 13 | N7: 15 | P7: =+IFERROR(IF(E7*K7<0,"n.m.",IF(E7/K7-1>100%,">100%",E7/K7-1)),"n.m.") -> -0.14285714 | Q7: =+IFERROR(IF(D7*J7<0,"n.m.",IF(D7/J7-1>100%,">100%",D7/J7-1)),"n.m.") -> -0.070175439
C8: Consumer Residential | D8: =SUM(E8:H8) -> 1897 | E8: =E5+E6+E7 -> 484 | F8: =F5+F6+F7 -> 482 | G8: =G5+G6+G7 -> 464 | H8: =H5+H6+H7 -> 467 | J8: =SUM(K8:N8) -> 1856 | K8: =SUM(K5:K7) -> 472 | L8: =SUM(L5:L7) -> 467 | M8: =SUM(M5:M7) -> 457 | N8: =SUM(N5:N7) -> 460 | P8: =+IFERROR(IF(E8*K8<0,"n.m.",IF(E8/K8-1>100%,">100%",E8/K8-1)),"n.m.") -> 0.025423729 | Q8: =+IFERROR(IF(D8*J8<0,"n.m.",IF(D8/J8-1>100%,">100%",D8/J8-1)),"n.m.") -> 0.022090517
C10: Mobile retail service revenues | D10: =SUM(E10:H10) -> 1154 | E10: 276 | F10: 283 | G10: 297 | H10: 298 | J10: =SUM(K10:N10) -> 1179 | K10: 299 | L10: 303 | M10: 290 | N10: 287 | P10: =+IFERROR(IF(E10*K10<0,"n.m.",IF(E10/K10-1>100%,">100%",E10/K10-1)),"n.m.") -> -0.076923077 | Q10: =+IFERROR(IF(D10*J10<0,"n.m.",IF(D10/J10-1>100%,">100%",D10/J10-1)),"n.m.") -> -0.021204411
C11: Other | D11: =SUM(E11:H11) -> 101 | E11: 31 | F11: 24 | G11: 23 | H11: 23 | J11: =SUM(K11:N11) -> 108 | K11: 31 | L11: 31 | M11: 21 | N11: 25 | P11: =+IFERROR(IF(E11*K11<0,"n.m.",IF(E11/K11-1>100%,">100%",E11/K11-1)),"n.m.") -> 0 | Q11: =+IFERROR(IF(D11*J11<0,"n.m.",IF(D11/J11-1>100%,">100%",D11/J11-1)),"n.m.") -> -0.064814815
C12: Consumer Mobile | D12: =SUM(E12:H12) -> 1255 | E12: =E10+E11 -> 307 | F12: =F10+F11 -> 307 | G12: =G10+G11 -> 320 | H12: =H10+H11 -> 321 | J12: =SUM(K12:N12) -> 1287 | K12: =K10+K11 -> 330 | L12: =L10+L11 -> 334 | M12: =M10+M11 -> 311 | N12: =N10+N11 -> 312 | O12: =O10+O11 -> 0 | P12: =+IFERROR(IF(E12*K12<0,"n.m.",IF(E12/K12-1>100%,">100%",E12/K12-1)),"n.m.") -> -0.06969697 | Q12: =+IFERROR(IF(D12*J12<0,"n.m.",IF(D12/J12-1>100%,">100%",D12/J12-1)),"n.m.") -> -0.024864025
C14: Total Consumer revenues | D14: =SUM(E14:H14) -> 3152 | E14: =E8+E12 -> 791 | F14: =F8+F12 -> 789 | G14: =G8+G12 -> 784 | H14: =H8+H12 -> 788 | J14: =SUM(K14:N14) -> 3143 | K14: =K8+K12 -> 802 | L14: =L8+L12 -> 801 | M14: =M8+M12 -> 768 | N14: =N8+N12 -> 772 | O14: =O8+O12 -> 0 | P14: =+IFERROR(IF(E14*K14<0,"n.m.",IF(E14/K14-1>100%,">100%",E14/K14-1)),"n.m.") -> -0.013715711 | Q14: =+IFERROR(IF(D14*J14<0,"n.m.",IF(D14/J14-1>100%,">100%",D14/J14-1)),"n.m.") -> 0.0028635062
C20: Adjusted Consumer revenues | D20: =D2 -> 2017 | E20: =E2 -> Q4 '17 | F20: =F2 -> Q3 '17 | G20: =G2 -> Q2 '17 | H20: Q1 '17 | J20: 2016 | K20: Q4 '16 | L20: Q3 '16 | M20: Q2 '16 | N20: Q1 '16 | P20: y-on-y | Q20: y-on-y
P21: =P3 -> Q4% | Q21: =Q3 -> FY%
C23: Not-bundled fixed service revenues | D23: =SUM(E23:H23) -> 312 | E23: 78 | F23: 79 | G23: 76 | H23: 79 | J23: 344 | K23: 83 | L23: 84 | M23: 86 | N23: 91 | P23: =+IFERROR(IF(E23*K23<0,"n.m.",IF(E23/K23-1>100%,">100%",E23/K23-1)),"n.m.") -> -0.060240964 | Q23: =+IFERROR(IF(D23*J23<0,"n.m.",IF(D23/J23-1>100%,">100%",D23/J23-1)),"n.m.") -> -0.093023256
C24: Bundled fixed service revenues | D24: =SUM(E24:H24) -> 1532 | E24: 394 | F24: 390 | G24: 374 | H24: 374 | J24: 1455 | K24: 375 | L24: 368 | M24: 358 | N24: 354 | P24: =+IFERROR(IF(E24*K24<0,"n.m.",IF(E24/K24-1>100%,">100%",E24/K24-1)),"n.m.") -> 0.050666667 | Q24: =+IFERROR(IF(D24*J24<0,"n.m.",IF(D24/J24-1>100%,">100%",D24/J24-1)),"n.m.") -> 0.052920962
C25: Other | D25: =SUM(E25:H25) -> 53 | E25: 12 | F25: 13 | G25: 14 | H25: 14 | J25: 57 | K25: 14 | L25: 15 | M25: 13 | N25: 15 | P25: =+IFERROR(IF(E25*K25<0,"n.m.",IF(E25/K25-1>100%,">100%",E25/K25-1)),"n.m.") -> -0.14285714 | Q25: =+IFERROR(IF(D25*J25<0,"n.m.",IF(D25/J25-1>100%,">100%",D25/J25-1)),"n.m.") -> -0.070175439
C26: Consumer Residential | D26: =SUM(E26:H26) -> 1897 | E26: =E23+E24+E25 -> 484 | F26: =F23+F24+F25 -> 482 | G26: =G23+G24+G25 -> 464 | H26: =H23+H24+H25 -> 467 | J26: 1856 | K26: 472 | L26: 467 | M26: 457 | N26: 460 | P26: =+IFERROR(IF(E26*K26<0,"n.m.",IF(E26/K26-1>100%,">100%",E26/K26-1)),"n.m.") -> 0.025423729 | Q26: =+IFERROR(IF(D26*J26<0,"n.m.",IF(D26/J26-1>100%,">100%",D26/J26-1)),"n.m.") -> 0.022090517
C28: Mobile retail service revenues | D28: =SUM(E28:H28) -> 1154 | E28: 276 | F28: 283 | G28: 297 | H28: 298 | J28: 1179 | K28: 299 | L28: 303 | M28: 290 | N28: 287 | P28: =+IFERROR(IF(E28*K28<0,"n.m.",IF(E28/K28-1>100%,">100%",E28/K28-1)),"n.m.") -> -0.076923077 | Q28: =+IFERROR(IF(D28*J28<0,"n.m.",IF(D28/J28-1>100%,">100%",D28/J28-1)),"n.m.") -> -0.021204411
C29: Other | D29: =SUM(E29:H29) -> 101 | E29: 31 | F29: 24 | G29: 23 | H29: 23 | J29: 108 | K29: 31 | L29: 31 | M29: 21 | N29: 25 | P29: =+IFERROR(IF(E29*K29<0,"n.m.",IF(E29/K29-1>100%,">100%",E29/K29-1)),"n.m.") -> 0 | Q29: =+IFERROR(IF(D29*J29<0,"n.m.",IF(D29/J29-1>100%,">100%",D29/J29-1)),"n.m.") -> -0.064814815
C30: Consumer Mobile | D30: =SUM(E30:H30) -> 1255 | E30: =E28+E29 -> 307 | F30: =F28+F29 -> 307 | G30: =G28+G29 -> 320 | H30: =H28+H29 -> 321 | J30: 1287 | K30: 330 | L30: 334 | M30: 311 | N30: 312 | O30: =O28+O29 -> 0 | P30: =+IFERROR(IF(E30*K30<0,"n.m.",IF(E30/K30-1>100%,">100%",E30/K30-1)),"n.m.") -> -0.06969697 | Q30: =+IFERROR(IF(D30*J30<0,"n.m.",IF(D30/J30-1>100%,">100%",D30/J30-1)),"n.m.") -> -0.024864025
C32: Total Consumer revenues | D32: =SUM(E32:H32) -> 3152 | E32: =E26+E30 -> 791 | F32: =F26+F30 -> 789 | G32: =G26+G30 -> 784 | H32: =H26+H30 -> 788 | J32: 3143 | K32: 802 | L32: 801 | M32: 768 | N32: 772 | O32: =O26+O30 -> 0 | P32: =+IFERROR(IF(E32*K32<0,"n.m.",IF(E32/K32-1>100%,">100%",E32/K32-1)),"n.m.") -> -0.013715711 | Q32: =+IFERROR(IF(D32*J32<0,"n.m.",IF(D32/J32-1>100%,">100%",D32/J32-1)),"n.m.") -> 0.0028635062

Sheet Consumer KPIs
C2: Consumer KPIs - aggregated | D2: ='P&L & Cash flow'!D2 -> 2017 | E2: ='P&L & Cash flow'!E2 -> Q4 '17 | F2: ='P&L & Cash flow'!F2 -> Q3 '17 | G2: ='P&L & Cash flow'!G2 -> Q2 '17 | H2: Q1 '17 | J2: 2016 | K2: Q4 '16 | L2: Q3 '16 | M2: Q2 '16 | N2: Q1 '16 | P2: =+'CF, Capex, BS & Debt sum'!Q2 -> y-on-y | Q2: y-on-y
P3: ='P&L & Cash flow'!P3 -> Q4% | Q3: FY%
C5: Total Consumer Residential households (*1,000) | D5: =SUM(D6:D7) -> 3574 | E5: =SUM(E6:E7) -> 3574 | F5: =SUM(F6:F7) -> 3599 | G5: =SUM(G6:G7) -> 3572 | H5: =H6+H7 -> 3596 | J5: 3620 | K5: 3620 | L5: 3655 | M5: 3684 | N5: 3704 | O5: =O6+O7 -> 0 | P5: =+IFERROR(IF(E5*K5<0,"n.m.",IF(E5/K5-1>100%,">100%",E5/K5-1)),"n.m.") -> -0.012707182 | Q5: =+IFERROR(IF(D5*J5<0,"n.m.",IF(D5/J5-1>100%,">100%",D5/J5-1)),"n.m.") -> -0.012707182
C6: - Fixed-Mobile households | D6: =E6 -> 1253 | E6: 1253 | F6: 1189 | G6: 1156 | H6: 1122 | J6: 1077 | K6: 1077 | L6: 1003 | M6: 944 | N6: 888 | P6: =+IFERROR(IF(E6*K6<0,"n.m.",IF(E6/K6-1>100%,">100%",E6/K6-1)),"n.m.") -> 0.1634169 | Q6: =+IFERROR(IF(D6*J6<0,"n.m.",IF(D6/J6-1>100%,">100%",D6/J6-1)),"n.m.") -> 0.1634169
C7: - Fixed-only households | D7: =E7 -> 2321 | E7: 2321 | F7: 2410 | G7: 2416 | H7: 2474 | J7: 2543 | K7: 2543 | L7: 2652 | M7: 2740 | N7: 2816 | P7: =+IFERROR(IF(E7*K7<0,"n.m.",IF(E7/K7-1>100%,">100%",E7/K7-1)),"n.m.") -> -0.087298466 | Q7: =+IFERROR(IF(D7*J7<0,"n.m.",IF(D7/J7-1>100%,">100%",D7/J7-1)),"n.m.") -> -0.087298466
C9: Total Consumer Mobile customer base (*1,000) | D9: =SUM(D10:D12) -> 5241 | E9: =SUM(E10:E12) -> 5241 | F9: =SUM(F10:F12) -> 5263 | G9: =SUM(G10:G12) -> 5253 | H9: =H10+H11+H12 -> 5256 | J9: 5277 | K9: 5277 | L9: 5267 | M9: 5226 | N9: 5227 | O9: =O10+O11+O12 -> 0 | P9: =+IFERROR(IF(E9*K9<0,"n.m.",IF(E9/K9-1>100%,">100%",E9/K9-1)),"n.m.") -> -0.006822058 | Q9: =+IFERROR(IF(D9*J9<0,"n.m.",IF(D9/J9-1>100%,">100%",D9/J9-1)),"n.m.") -> -0.006822058
C10: - Fixed-Mobile postpaid | D10: =E10 -> 1886 | E10: 1886 | F10: 1791 | G10: 1733 | H10: 1672 | J10: 1583 | K10: 1583 | L10: 1461 | M10: 1384 | N10: 1286 | P10: =+IFERROR(IF(E10*K10<0,"n.m.",IF(E10/K10-1>100%,">100%",E10/K10-1)),"n.m.") -> 0.19140872 | Q10: =+IFERROR(IF(D10*J10<0,"n.m.",IF(D10/J10-1>100%,">100%",D10/J10-1)),"n.m.") -> 0.19140872
C11: - Mobile-only postpaid | D11: =E11 -> 1788 | E11: 1788 | F11: 1898 | G11: 1944 | H11: 2011 | J11: 2102 | K11: 2102 | L11: 2205 | M11: 2246 | N11: 2343 | P11: =+IFERROR(IF(E11*K11<0,"n.m.",IF(E11/K11-1>100%,">100%",E11/K11-1)),"n.m.") -> -0.14938154 | Q11: =+IFERROR(IF(D11*J11<0,"n.m.",IF(D11/J11-1>100%,">100%",D11/J11-1)),"n.m.") -> -0.14938154
C12: - Prepaid | D12: =E12 -> 1567 | E12: 1567 | F12: 1574 | G12: 1576 | H12: 1573 | J12: 1592 | K12: 1592 | L12: 1601 | M12: 1596 | N12: 1598 | P12: =+IFERROR(IF(E12*K12<0,"n.m.",IF(E12/K12-1>100%,">100%",E12/K12-1)),"n.m.") -> -0.015703518 | Q12: =+IFERROR(IF(D12*J12<0,"n.m.",IF(D12/J12-1>100%,">100%",D12/J12-1)),"n.m.") -> -0.015703518
C14: Market share
C15: - KPN total NL Mobile (service revenues) | F15: 0.43 | G15: 0.42 | H15: 0.42 | J15: 0.42 | K15: 0.42 | L15: 0.42 | M15: 0.42 | N15: 0.42
C16: - Broadband subscribers1 | F16: 0.41 | G16: 0.4 | H16: 0.4 | J16: 0.4 | K16: 0.4 | L16: 0.41 | M16: 0.41 | N16: 0.41
C17: - TV subscribers1 | F17: 0.32 | G17: 0.32 | H17: 0.32 | J17: 0.31 | K17: 0.31 | L17: 0.31 | M17: 0.31 | N17: 0.31
B20: 1 Source: Telecompaper (Broadband and TV include Self-Employed Business customers)
C23: Consumer Residential KPIs | D23: =D2 -> 2017 | E23: =E2 -> Q4 '17 | F23: =F2 -> Q3 '17 | G23: =G2 -> Q2 '17 | H23: =H2 -> Q1 '17 | J23: 2016 | K23: Q4 '16 | L23: Q3 '16 | M23: Q2 '16 | N23: Q1 '16 | O23: =O2 -> 0 | P23: =P2 -> y-on-y | Q23: =Q2 -> y-on-y
P24: =P3 -> Q4% | Q24: =Q3 -> FY%
C26: Households (*1,000) | D26: =D27+D31+D32 -> 3574 | E26: =E27+E31+E32 -> 3574 | F26: =F27+F31+F32 -> 3599 | G26: =G27+G31+G32 -> 3572 | H26: =H27+H31+H32 -> 3596 | J26: 3620 | K26: 3620 | L26: 3655 | M26: 3684 | N26: 3704 | O26: =O27+O31+O32 -> 0 | P26: =+IFERROR(IF(E26*K26<0,"n.m.",IF(E26/K26-1>100%,">100%",E26/K26-1)),"n.m.") -> -0.012707182 | Q26: =+IFERROR(IF(D26*J26<0,"n.m.",IF(D26/J26-1>100%,">100%",D26/J26-1)),"n.m.") -> -0.012707182
C27: - Not-bundled | D27: =E27 -> 1004 | E27: 1004 | F27: 1035 | G27: 1054 | H27: =H28+H29+H30 -> 1094 | J27: 1136 | K27: 1136 | L27: 1180 | M27: 1224 | N27: 1270 | O27: =O29+O30 -> 0 | P27: =+IFERROR(IF(E27*K27<0,"n.m.",IF(E27/K27-1>100%,">100%",E27/K27-1)),"n.m.") -> -0.11619718 | Q27: =+IFERROR(IF(D27*J27<0,"n.m.",IF(D27/J27-1>100%,">100%",D27/J27-1)),"n.m.") -> -0.11619718
C28: - of which: Broadband only | D28: =E28 -> 396 | E28: 396 | F28: 397 | G28: 384 | H28: 391 | J28: 398 | K28: 398 | L28: 405 | M28: 414 | N28: 425 | P28: =+IFERROR(IF(E28*K28<0,"n.m.",IF(E28/K28-1>100%,">100%",E28/K28-1)),"n.m.") -> -0.0050251256 | Q28: =+IFERROR(IF(D28*J28<0,"n.m.",IF(D28/J28-1>100%,">100%",D28/J28-1)),"n.m.") -> -0.0050251256
C29: - of which: Traditional voice | D29: =E29 -> 363 | E29: 363 | F29: 380 | G29: 402 | H29: 422 | J29: 443 | K29: 443 | L29: 465 | M29: 487 | N29: 516 | P29: =+IFERROR(IF(E29*K29<0,"n.m.",IF(E29/K29-1>100%,">100%",E29/K29-1)),"n.m.") -> -0.18058691 | Q29: =+IFERROR(IF(D29*J29<0,"n.m.",IF(D29/J29-1>100%,">100%",D29/J29-1)),"n.m.") -> -0.18058691
C30: - of which: Digitenne only | D30: =E30 -> 245 | E30: 245 | F30: 258 | G30: 268 | H30: 281 | J30: 295 | K30: 295 | L30: 310 | M30: 323 | N30: 329 | P30: =+IFERROR(IF(E30*K30<0,"n.m.",IF(E30/K30-1>100%,">100%",E30/K30-1)),"n.m.") -> -0.16949153 | Q30: =+IFERROR(IF(D30*J30<0,"n.m.",IF(D30/J30-1>100%,">100%",D30/J30-1)),"n.m.") -> -0.16949153
C31: - Dual Play | D31: =E31 -> 874 | E31: 874 | F31: 841 | G31: 791 | H31: 778 | J31: 769 | K31: 769 | L31: 767 | M31: 766 | N31: 764 | P31: =+IFERROR(IF(E31*K31<0,"n.m.",IF(E31/K31-1>100%,">100%",E31/K31-1)),"n.m.") -> 0.13654096 | Q31: =+IFERROR(IF(D31*J31<0,"n.m.",IF(D31/J31-1>100%,">100%",D31/J31-1)),"n.m.") -> 0.13654096
C32: - Triple Play | D32: =E32 -> 1696 | E32: 1696 | F32: 1723 | G32: 1727 | H32: 1724 | J32: 1715 | K32: 1715 | L32: 1708 | M32: 1694 | N32: 1670 | P32: =+IFERROR(IF(E32*K32<0,"n.m.",IF(E32/K32-1>100%,">100%",E32/K32-1)),"n.m.") -> -0.011078717 | Q32: =+IFERROR(IF(D32*J32<0,"n.m.",IF(D32/J32-1>100%,">100%",D32/J32-1)),"n.m.") -> -0.011078717
C34: ARPU per household | D34: 43 | E34: 44 | F34: 43 | G34: 42 | H34: 42 | J34: 41 | K34: 42 | L34: 41 | M34: 40 | N34: 40 | P34: =+IFERROR(IF(E34*K34<0,"n.m.",IF(E34/K34-1>100%,">100%",E34/K34-1)),"n.m.") -> 0.047619048 | Q34: =+IFERROR(IF(D34*J34<0,"n.m.",IF(D34/J34-1>100%,">100%",D34/J34-1)),"n.m.") -> 0.048780488
C36: Total RGUs1 (*1,000) | D36: =D37+D38+D39 -> 7842 | E36: =E37+E38+E39 -> 7842 | F36: =F37+F38+F39 -> 7885 | G36: =G37+G38+G39 -> 7817 | H36: =H37+H38+H39 -> 7823 | J36: 7819 | K36: 7819 | L36: 7838 | M36: 7838 | N36: 7808 | P36: =+IFERROR(IF(E36*K36<0,"n.m.",IF(E36/K36-1>100%,">100%",E36/K36-1)),"n.m.") -> 0.0029415526 | Q36: =+IFERROR(IF(D36*J36<0,"n.m.",IF(D36/J36-1>100%,">100%",D36/J36-1)),"n.m.") -> 0.0029415526
C37: - Voice | D37: 2505 | E37: 2505 | F37: 2560 | G37: 2578 | H37: 2602 | J37: 2621 | K37: 2621 | L37: 2646 | M37: 2658 | N37: 2670 | P37: =+IFERROR(IF(E37*K37<0,"n.m.",IF(E37/K37-1>100%,">100%",E37/K37-1)),"n.m.") -> -0.044257917 | Q37: =+IFERROR(IF(D37*J37<0,"n.m.",IF(D37/J37-1>100%,">100%",D37/J37-1)),"n.m.") -> -0.044257917
C38: - Broadband | D38: =E38 -> 2958 | E38: 2958 | F38: 2951 | G38: 2893 | H38: 2885 | J38: 2873 | K38: 2873 | L38: 2871 | M38: 2865 | N38: 2850 | P38: =+IFERROR(IF(E38*K38<0,"n.m.",IF(E38/K38-1>100%,">100%",E38/K38-1)),"n.m.") -> 0.029585799 | Q38: =+IFERROR(IF(D38*J38<0,"n.m.",IF(D38/J38-1>100%,">100%",D38/J38-1)),"n.m.") -> 0.029585799
C39: - TV | D39: =E39 -> 2379 | E39: 2379 | F39: 2374 | G39: 2346 | H39: =H40+H41 -> 2336 | J39: 2325 | K39: 2325 | L39: 2321 | M39: 2315 | N39: 2288 | O39: =O40+O41 -> 0 | P39: =+IFERROR(IF(E39*K39<0,"n.m.",IF(E39/K39-1>100%,">100%",E39/K39-1)),"n.m.") -> 0.023225806 | Q39: =+IFERROR(IF(D39*J39<0,"n.m.",IF(D39/J39-1>100%,">100%",D39/J39-1)),"n.m.") -> 0.023225806
C40: - of which: IPTV | D40: =E40 -> 2116 | E40: 2116 | F40: 2095 | G40: 2055 | H40: 2030 | J40: 2003 | K40: 2003 | L40: 1985 | M40: 1963 | N40: 1930 | P40: =+IFERROR(IF(E40*K40<0,"n.m.",IF(E40/K40-1>100%,">100%",E40/K40-1)),"n.m.") -> 0.056415377 | Q40: =+IFERROR(IF(D40*J40<0,"n.m.",IF(D40/J40-1>100%,">100%",D40/J40-1)),"n.m.") -> 0.056415377
C41: - of which: Other2 | D41: =E41 -> 263 | E41: 263 | F41: 279 | G41: 291 | H41: 306 | J41: 322 | K41: 322 | L41: 336 | M41: 352 | N41: 358 | P41: =+IFERROR(IF(E41*K41<0,"n.m.",IF(E41/K41-1>100%,">100%",E41/K41-1)),"n.m.") -> -0.18322981 | Q41: =+IFERROR(IF(D41*J41<0,"n.m.",IF(D41/J41-1>100%,">100%",D41/J41-1)),"n.m.") -> -0.18322981
C42: RGUs per household | D42: =E42 -> 2.19 | E42: 2.19 | F42: 2.19 | G42: 2.19 | H42: 2.18 | J42: 2.16 | K42: 2.16 | L42: 2.14 | M42: 2.13 | N42: 2.1 | P42: =+IFERROR(IF(E42*K42<0,"n.m.",IF(E42/K42-1>100%,">100%",E42/K42-1)),"n.m.") -> 0.013888889 | Q42: =+IFERROR(IF(D42*J42<0,"n.m.",IF(D42/J42-1>100%,">100%",D42/J42-1)),"n.m.") -> 0.013888889
B45: 1 Including Solcon consolidation (47k broadband and 17k IPTV customers) per Q3 2017
B46: 2 Including Digitenne used as primary TV connection and analog TV customers
C49: Consumer Mobile KPIs | D49: =D2 -> 2017 | E49: =E2 -> Q4 '17 | F49: =F23 -> Q3 '17 | G49: =G2 -> Q2 '17 | H49: =H2 -> Q1 '17 | J49: 2016 | K49: Q4 '16 | L49: Q3 '16 | M49: Q2 '16 | N49: Q1 '16 | O49: =O2 -> 0 | P49: =P2 -> y-on-y | Q49: =Q2 -> y-on-y
P50: =P3 -> Q4% | Q50: =Q3 -> FY%
C52: Customers (*1,000) | D52: =SUM(D53:D54) -> 5241 | E52: =SUM(E53:E54) -> 5241 | F52: =SUM(F53:F54) -> 5263 | G52: =SUM(G53:G54) -> 5253.32 | H52: =H53+H54 -> 5256 | J52: 5277 | K52: 5277 | L52: 5267 | M52: 5226 | N52: 5227 | O52: =O53+O54 -> 0 | P52: =+IFERROR(IF(E52*K52<0,"n.m.",IF(E52/K52-1>100%,">100%",E52/K52-1)),"n.m.") -> -0.006822058 | Q52: =+IFERROR(IF(D52*J52<0,"n.m.",IF(D52/J52-1>100%,">100%",D52/J52-1)),"n.m.") -> -0.006822058
C53: - Postpaid1 | D53: =E53 -> 3674 | E53: 3674 | F53: 3689 | G53: 3677.32 | H53: 3683 | J53: 3685 | K53: 3685 | L53: 3666 | M53: 3630 | N53: 3629 | O53: =O54+O55 -> 0 | P53: =+IFERROR(IF(E53*K53<0,"n.m.",IF(E53/K53-1>100%,">100%",E53/K53-1)),"n.m.") -> -0.0029850746 | Q53: =+IFERROR(IF(D53*J53<0,"n.m.",IF(D53/J53-1>100%,">100%",D53/J53-1)),"n.m.") -> -0.0029850746
C54: - Prepaid | D54: =E54 -> 1567 | E54: 1567 | F54: 1574 | G54: 1576 | H54: 1573 | J54: 1592 | K54: 1592 | L54: 1601 | M54: 1596 | N54: 1598 | P54: =+IFERROR(IF(E54*K54<0,"n.m.",IF(E54/K54-1>100%,">100%",E54/K54-1)),"n.m.") -> -0.015703518 | Q54: =+IFERROR(IF(D54*J54<0,"n.m.",IF(D54/J54-1>100%,">100%",D54/J54-1)),"n.m.") -> -0.015703518
C56: ARPU | D56: 19 | E56: 18 | F56: 18 | G56: 19 | H56: 19 | J56: 19 | K56: 19 | L56: 20 | M56: 19 | N56: 19 | P56: =+IFERROR(IF(E56*K56<0,"n.m.",IF(E56/K56-1>100%,">100%",E56/K56-1)),"n.m.") -> -0.052631579 | Q56: =+IFERROR(IF(D56*J56<0,"n.m.",IF(D56/J56-1>100%,">100%",D56/J56-1)),"n.m.") -> 0
C57: - Postpaid | D57: 25 | E57: 24 | F57: 25 | G57: 26 | H57: 26 | J57: 26 | K57: 26 | L57: 26 | M57: 26 | N57: 25 | P57: =+IFERROR(IF(E57*K57<0,"n.m.",IF(E57/K57-1>100%,">100%",E57/K57-1)),"n.m.") -> -0.076923077 | Q57: =+IFERROR(IF(D57*J57<0,"n.m.",IF(D57/J57-1>100%,">100%",D57/J57-1)),"n.m.") -> -0.038461538
C58: - Prepaid | D58: 2 | E58: 2 | F58: 2 | G58: 2 | H58: 2 | J58: 3 | K58: 2 | L58: 3 | M58: 3 | N58: 3 | P58: =+IFERROR(IF(E58*K58<0,"n.m.",IF(E58/K58-1>100%,">100%",E58/K58-1)),"n.m.") -> 0 | Q58: =+IFERROR(IF(D58*J58<0,"n.m.",IF(D58/J58-1>100%,">100%",D58/J58-1)),"n.m.") -> -0.33333333
C60: Postpaid SAC/SRC per subscriber | D60: 183 | E60: 191 | F60: 157 | G60: 192 | H60: 193 | J60: 217 | K60: 218 | L60: 203 | M60: 225 | N60: 221 | P60: =+IFERROR(IF(E60*K60<0,"n.m.",IF(E60/K60-1>100%,">100%",E60/K60-1)),"n.m.") -> -0.12385321 | Q60: =+IFERROR(IF(D60*J60<0,"n.m.",IF(D60/J60-1>100%,">100%",D60/J60-1)),"n.m.") -> -0.15668203
C62: Postpaid ADPU (in MB) | D62: 1973 | E62: 2397 | F62: 2202 | G62: 1788 | H62: 1507 | J62: 1335 | K62: 1550 | L62: 1449 | M62: 1281 | N62: 1057 | P62: =+IFERROR(IF(E62*K62<0,"n.m.",IF(E62/K62-1>100%,">100%",E62/K62-1)),"n.m.") -> 0.54645161 | Q62: =+IFERROR(IF(D62*J62<0,"n.m.",IF(D62/J62-1>100%,">100%",D62/J62-1)),"n.m.") -> 0.47790262
C65: 1 Including 6k clean-up at KPN brand in Q4 '17; 15k migration to Business in Q2 '17; 4k clean-up at Simyo in Q1 '17 and 22k one-off negative impact for KPN brand related to migration to new order management IT platform in Q2 '16

Sheet Business revenues
C2: Business revenues | D2: ='P&L & Cash flow'!D2 -> 2017 | E2: ='P&L & Cash flow'!E2 -> Q4 '17 | F2: ='P&L & Cash flow'!F2 -> Q3 '17 | G2: ='P&L & Cash flow'!G2 -> Q2 '17 | H2: Q1 '17 | J2: 2016 | K2: Q4 '16 | L2: Q3 '16 | M2: Q2 '16 | N2: Q1 '16 | P2: =+'Consumer KPIs'!P2 -> y-on-y | Q2: =+'Consumer KPIs'!Q2 -> y-on-y
P3: =+'Consumer KPIs'!P3 -> Q4% | Q3: =+'Consumer KPIs'!Q3 -> FY%
C5: Mainly SME
C6: Multi play revenues | D6: =SUM(E6:H6) -> 164 | E6: 47 | F6: 43 | G6: 39 | H6: 35 | J6: =SUM(K6:N6) -> 120 | K6: 33 | L6: 31 | M6: 29 | N6: 27 | P6: =+IFERROR(IF(E6*K6<0,"n.m.",IF(E6/K6-1>100%,">100%",E6/K6-1)),"n.m.") -> 0.42424242 | Q6: =+IFERROR(IF(D6*J6<0,"n.m.",IF(D6/J6-1>100%,">100%",D6/J6-1)),"n.m.") -> 0.36666667
C7: Mobile-only revenues | D7: =SUM(E7:H7) -> 423 | E7: 96 | F7: 96 | G7: 108 | H7: 123 | J7: =SUM(K7:N7) -> 526 | K7: 126 | L7: 131 | M7: 128 | N7: 141 | P7: =+IFERROR(IF(E7*K7<0,"n.m.",IF(E7/K7-1>100%,">100%",E7/K7-1)),"n.m.") -> -0.23809524 | Q7: =+IFERROR(IF(D7*J7<0,"n.m.",IF(D7/J7-1>100%,">100%",D7/J7-1)),"n.m.") -> -0.19581749
C8: Fixed-only revenues | D8: =SUM(E8:H8) -> 315 | E8: 71 | F8: 78 | G8: 80 | H8: 86 | J8: =SUM(K8:N8) -> 385 | K8: 88 | L8: 93 | M8: 99 | N8: 105 | P8: =+IFERROR(IF(E8*K8<0,"n.m.",IF(E8/K8-1>100%,">100%",E8/K8-1)),"n.m.") -> -0.19318182 | Q8: =+IFERROR(IF(D8*J8<0,"n.m.",IF(D8/J8-1>100%,">100%",D8/J8-1)),"n.m.") -> -0.18181818
C10: Mainly LE/Corporate
C11: Network and IT services | D11: =SUM(E11:H11) -> 503 | E11: 134 | F11: 128 | G11: 117 | H11: 124 | J11: =SUM(K11:N11) -> 508 | K11: 124 | L11: 127 | M11: 126 | N11: 131 | P11: =+IFERROR(IF(E11*K11<0,"n.m.",IF(E11/K11-1>100%,">100%",E11/K11-1)),"n.m.") -> 0.080645161 | Q11: =+IFERROR(IF(D11*J11<0,"n.m.",IF(D11/J11-1>100%,">100%",D11/J11-1)),"n.m.") -> -0.0098425197
C12: Customized solutions | D12: =SUM(E12:H12) -> 565 | E12: 150 | F12: 141 | G12: 141 | H12: 133 | J12: =SUM(K12:N12) -> 560 | K12: 149 | L12: 138 | M12: 140 | N12: 133 | P12: =+IFERROR(IF(E12*K12<0,"n.m.",IF(E12/K12-1>100%,">100%",E12/K12-1)),"n.m.") -> 0.0067114094 | Q12: =+IFERROR(IF(D12*J12<0,"n.m.",IF(D12/J12-1>100%,">100%",D12/J12-1)),"n.m.") -> 0.0089285714
C14: New services | D14: =SUM(E14:H14) -> 134 | E14: 40 | F14: 33 | G14: 32 | H14: 29 | J14: =SUM(K14:N14) -> 115 | K14: 29 | L14: 30 | M14: 28 | N14: 28 | P14: =+IFERROR(IF(E14*K14<0,"n.m.",IF(E14/K14-1>100%,">100%",E14/K14-1)),"n.m.") -> 0.37931034 | Q14: =+IFERROR(IF(D14*J14<0,"n.m.",IF(D14/J14-1>100%,">100%",D14/J14-1)),"n.m.") -> 0.16521739
C16: Other | D16: =SUM(E16:H16) -> 94 | E16: 27 | F16: 22 | G16: 23 | H16: 22 | J16: =SUM(K16:N16) -> 95 | K16: 24 | L16: 19 | M16: 24 | N16: 28 | P16: =+IFERROR(IF(E16*K16<0,"n.m.",IF(E16/K16-1>100%,">100%",E16/K16-1)),"n.m.") -> 0.125 | Q16: =+IFERROR(IF(D16*J16<0,"n.m.",IF(D16/J16-1>100%,">100%",D16/J16-1)),"n.m.") -> -0.010526316
C18: Total Business revenues | D18: =D6+D7+D8+D11+D12+D14+D16 -> 2198 | E18: =E6+E7+E8+E11+E12+E14+E16 -> 565 | F18: =F6+F7+F8+F11+F12+F14+F16 -> 541 | G18: =G6+G7+G8+G11+G12+G14+G16 -> 540 | H18: =H6+H7+H8+H11+H12+H14+H16 -> 552 | J18: =SUM(K18:N18) -> 2309 | K18: =SUM(K6:K16) -> 573 | L18: =SUM(L6:L16) -> 569 | M18: =SUM(M6:M16) -> 574 | N18: =SUM(N6:N16) -> 593 | O18: =+O6+O7+O8+O11+O12+O14+O16 -> 0 | P18: =+IFERROR(IF(E18*K18<0,"n.m.",IF(E18/K18-1>100%,">100%",E18/K18-1)),"n.m.") -> -0.013961606 | Q18: =+IFERROR(IF(D18*J18<0,"n.m.",IF(D18/J18-1>100%,">100%",D18/J18-1)),"n.m.") -> -0.048072759
C19: - of which: total mobile Business service revenues | D19: =SUM(E19:H19) -> 639 | E19: 158 | F19: 158 | G19: 163 | H19: 160 | J19: =SUM(K19:N19) -> 678 | K19: 162 | L19: 174 | M19: 167 | N19: 175 | P19: =+IFERROR(IF(E19*K19<0,"n.m.",IF(E19/K19-1>100%,">100%",E19/K19-1)),"n.m.") -> -0.024691358 | Q19: =+IFERROR(IF(D19*J19<0,"n.m.",IF(D19/J19-1>100%,">100%",D19/J19-1)),"n.m.") -> -0.057522124
C25: Adjusted Business revenues | D25: =D2 -> 2017 | E25: =E2 -> Q4 '17 | F25: =F2 -> Q3 '17 | G25: =G2 -> Q2 '17 | H25: =H2 -> Q1 '17 | J25: 2016 | K25: Q4 '16 | L25: Q3 '16 | M25: Q2 '16 | N25: Q1 '16 | P25: =+'Consumer KPIs'!P23 -> y-on-y | Q25: =+'Consumer KPIs'!Q23 -> y-on-y
P26: =+'Consumer KPIs'!P24 -> Q4% | Q26: =+'Consumer KPIs'!Q24 -> FY%
C28: Mainly SME
C29: Multi play revenues | D29: =SUM(E29:H29) -> 164 | E29: 47 | F29: 43 | G29: 39 | H29: 35 | J29: 120 | K29: 33 | L29: 31 | M29: 29 | N29: 27 | P29: =+IFERROR(IF(E29*K29<0,"n.m.",IF(E29/K29-1>100%,">100%",E29/K29-1)),"n.m.") -> 0.42424242 | Q29: =+IFERROR(IF(D29*J29<0,"n.m.",IF(D29/J29-1>100%,">100%",D29/J29-1)),"n.m.") -> 0.36666667
C30: Mobile-only revenues | D30: =SUM(E30:H30) -> 423 | E30: 96 | F30: 96 | G30: 108 | H30: 123 | J30: 526 | K30: 126 | L30: 131 | M30: 128 | N30: 141 | P30: =+IFERROR(IF(E30*K30<0,"n.m.",IF(E30/K30-1>100%,">100%",E30/K30-1)),"n.m.") -> -0.23809524 | Q30: =+IFERROR(IF(D30*J30<0,"n.m.",IF(D30/J30-1>100%,">100%",D30/J30-1)),"n.m.") -> -0.19581749
C31: Fixed-only revenues | D31: =SUM(E31:H31) -> 315 | E31: 71 | F31: 78 | G31: 80 | H31: 86 | J31: 385 | K31: 88 | L31: 93 | M31: 99 | N31: 105 | P31: =+IFERROR(IF(E31*K31<0,"n.m.",IF(E31/K31-1>100%,">100%",E31/K31-1)),"n.m.") -> -0.19318182 | Q31: =+IFERROR(IF(D31*J31<0,"n.m.",IF(D31/J31-1>100%,">100%",D31/J31-1)),"n.m.") -> -0.18181818
C33: Mainly LE/Corporate
C34: Network and IT services | D34: =SUM(E34:H34) -> 503 | E34: 134 | F34: 128 | G34: 117 | H34: 124 | J34: 508 | K34: 124 | L34: 127 | M34: 126 | N34: 131 | P34: =+IFERROR(IF(E34*K34<0,"n.m.",IF(E34/K34-1>100%,">100%",E34/K34-1)),"n.m.") -> 0.080645161 | Q34: =+IFERROR(IF(D34*J34<0,"n.m.",IF(D34/J34-1>100%,">100%",D34/J34-1)),"n.m.") -> -0.0098425197
C35: Customized solutions | D35: =SUM(E35:H35) -> 565 | E35: 150 | F35: 141 | G35: 141 | H35: 133 | J35: 560 | K35: 149 | L35: 138 | M35: 140 | N35: 133 | P35: =+IFERROR(IF(E35*K35<0,"n.m.",IF(E35/K35-1>100%,">100%",E35/K35-1)),"n.m.") -> 0.0067114094 | Q35: =+IFERROR(IF(D35*J35<0,"n.m.",IF(D35/J35-1>100%,">100%",D35/J35-1)),"n.m.") -> 0.0089285714
C37: New services | D37: =SUM(E37:H37) -> 134 | E37: 40 | F37: 33 | G37: 32 | H37: 29 | J37: 115 | K37: 29 | L37: 30 | M37: 28 | N37: 28 | P37: =+IFERROR(IF(E37*K37<0,"n.m.",IF(E37/K37-1>100%,">100%",E37/K37-1)),"n.m.") -> 0.37931034 | Q37: =+IFERROR(IF(D37*J37<0,"n.m.",IF(D37/J37-1>100%,">100%",D37/J37-1)),"n.m.") -> 0.16521739
C39: Other | D39: =SUM(E39:H39) -> 94 | E39: 27 | F39: 22 | G39: 23 | H39: 22 | J39: 95 | K39: 24 | L39: 19 | M39: 24 | N39: 28 | P39: =+IFERROR(IF(E39*K39<0,"n.m.",IF(E39/K39-1>100%,">100%",E39/K39-1)),"n.m.") -> 0.125 | Q39: =+IFERROR(IF(D39*J39<0,"n.m.",IF(D39/J39-1>100%,">100%",D39/J39-1)),"n.m.") -> -0.010526316
C41: Total Business revenues | D41: =D29+D30+D31+D34+D35+D37+D39 -> 2198 | E41: =E29+E30+E31+E34+E35+E37+E39 -> 565 | F41: =F29+F30+F31+F34+F35+F37+F39 -> 541 | G41: =G29+G30+G31+G34+G35+G37+G39 -> 540 | H41: =H29+H30+H31+H34+H35+H37+H39 -> 552 | J41: 2309 | K41: 573 | L41: 569 | M41: 574 | N41: 593 | O41: =+O29+O30+O31+O34+O35+O37+O39 -> 0 | P41: =+IFERROR(IF(E41*K41<0,"n.m.",IF(E41/K41-1>100%,">100%",E41/K41-1)),"n.m.") -> -0.013961606 | Q41: =+IFERROR(IF(D41*J41<0,"n.m.",IF(D41/J41-1>100%,">100%",D41/J41-1)),"n.m.") -> -0.048072759
C42: - of which: total mobile Business service revenues | D42: =SUM(E42:H42) -> 639 | E42: 158 | F42: 158 | G42: 163 | H42: 160 | J42: =SUM(K42:N42) -> 678 | K42: 162 | L42: 174 | M42: 167 | N42: 175 | P42: =+IFERROR(IF(E42*K42<0,"n.m.",IF(E42/K42-1>100%,">100%",E42/K42-1)),"n.m.") -> -0.024691358 | Q42: =+IFERROR(IF(D42*J42<0,"n.m.",IF(D42/J42-1>100%,">100%",D42/J42-1)),"n.m.") -> -0.057522124

Sheet Business KPIs
C2: Business KPIs - aggregated | D2: ='P&L & Cash flow'!D2 -> 2017 | E2: ='P&L & Cash flow'!E2 -> Q4 '17 | F2: ='P&L & Cash flow'!F2 -> Q3 '17 | G2: ='P&L & Cash flow'!G2 -> Q2 '17 | H2: Q1 '17 | J2: ='P&L & Cash flow'!J2 -> 2016 | K2: ='P&L & Cash flow'!K2 -> Q4 '16 | L2: ='P&L & Cash flow'!L2 -> Q3 '16 | M2: ='P&L & Cash flow'!M2 -> Q2 '16 | N2: ='P&L & Cash flow'!N2 -> Q1 '16 | O2: ='P&L & Cash flow'!O2 -> 0 | P2: =+'Consumer KPIs'!P2 -> y-on-y | Q2: =+'Consumer KPIs'!Q2 -> y-on-y
P3: =+'Consumer KPIs'!P3 -> Q4% | Q3: =+'Consumer KPIs'!Q3 -> FY%
C5: Total Mobile customer base (*1,000) | D5: =D6+D9 -> 1906 | E5: =E6+E9 -> 1906 | F5: =F6+F9 -> 1887 | G5: =G6+G9 -> 1842 | H5: =H6+H9 -> 1826 | J5: 1820 | K5: 1820 | L5: 1832 | M5: 1809 | N5: 1792 | O5: =O6+O9 -> 0 | P5: =+IFERROR(IF(E5*K5<0,"n.m.",IF(E5/K5-1>100%,">100%",E5/K5-1)),"n.m.") -> 0.047252747 | Q5: =+IFERROR(IF(D5*J5<0,"n.m.",IF(D5/J5-1>100%,">100%",D5/J5-1)),"n.m.") -> 0.047252747
C6: - Mainly SME | D6: =E6 -> 1204 | E6: 1204 | F6: 1190 | G6: 1206 | H6: =H7+H8 -> 1208 | J6: 1244 | K6: 1244 | L6: 1322 | M6: 1329 | N6: 1368 | O6: =+O7+O8 -> 0 | P6: =+IFERROR(IF(E6*K6<0,"n.m.",IF(E6/K6-1>100%,">100%",E6/K6-1)),"n.m.") -> -0.032154341 | Q6: =+IFERROR(IF(D6*J6<0,"n.m.",IF(D6/J6-1>100%,">100%",D6/J6-1)),"n.m.") -> -0.032154341
C7: - of which: Mobile in multi play1 | D7: =E7 -> 204 | E7: 204 | F7: 167 | G7: 132 | H7: 105 | J7: 82 | K7: 82 | L7: 68 | M7: 65 | N7: 37 | P7: =+IFERROR(IF(E7*K7<0,"n.m.",IF(E7/K7-1>100%,">100%",E7/K7-1)),"n.m.") -> >100% | Q7: =+IFERROR(IF(D7*J7<0,"n.m.",IF(D7/J7-1>100%,">100%",D7/J7-1)),"n.m.") -> >100%
C8: - of which: Mobile-only2 | D8: =E8 -> 1000 | E8: 1000 | F8: 1024 | G8: 1074 | H8: 1103 | J8: 1162 | K8: 1162 | L8: 1254 | M8: 1264 | N8: 1331 | P8: =+IFERROR(IF(E8*K8<0,"n.m.",IF(E8/K8-1>100%,">100%",E8/K8-1)),"n.m.") -> -0.1394148 | Q8: =+IFERROR(IF(D8*J8<0,"n.m.",IF(D8/J8-1>100%,">100%",D8/J8-1)),"n.m.") -> -0.1394148
C9: - Mainly LE/Corporate | D9: =E9 -> 702 | E9: 702 | F9: 697 | G9: 636 | H9: 618 | J9: 576 | K9: 576 | L9: 510 | M9: 480 | N9: 424 | P9: =+IFERROR(IF(E9*K9<0,"n.m.",IF(E9/K9-1>100%,">100%",E9/K9-1)),"n.m.") -> 0.21875 | Q9: =+IFERROR(IF(D9*J9<0,"n.m.",IF(D9/J9-1>100%,">100%",D9/J9-1)),"n.m.") -> 0.21875
B12: 1 Including migration of 19k RoutIT customers per Q2 '16, following acquisition remaining shares RoutIT
B13: 2 Including migration of 15k from Consumer in Q2 '17 and 32k customers per Q3 '16 following acquisition of Dekatel
C16: Mainly SME - Multi play KPIs1 | D16: =D2 -> 2017 | E16: =E2 -> Q4 '17 | F16: =F2 -> Q3 '17 | G16: =G2 -> Q2 '17 | H16: =H2 -> Q1 '17 | J16: =J2 -> 2016 | K16: Q4 '16 | L16: Q3 '16 | M16: Q2 '16 | N16: Q1 '16 | O16: =O2 -> 0 | P16: y-on-y | Q16: y-on-y
P17: =P3 -> Q4% | Q17: =Q3 -> FY%
C19: Multi play seats (*1,000) | D19: =E19 -> 474 | E19: 474 | F19: 436 | G19: 391 | H19: 352 | J19: 316 | K19: 316 | L19: 289 | M19: 276 | N19: 68 | P19: =+IFERROR(IF(E19*K19<0,"n.m.",IF(E19/K19-1>100%,">100%",E19/K19-1)),"n.m.") -> 0.5 | Q19: =+IFERROR(IF(D19*J19<0,"n.m.",IF(D19/J19-1>100%,">100%",D19/J19-1)),"n.m.") -> 0.5
C21: ARPU per multi play seat | D21: 34 | E21: 33 | F21: 34 | G21: 34 | H21: 34 | J21: 35 | K21: 36 | L21: 35 | M21: 35 | N21: 44 | P21: =+IFERROR(IF(E21*K21<0,"n.m.",IF(E21/K21-1>100%,">100%",E21/K21-1)),"n.m.") -> -0.083333333 | Q21: =+IFERROR(IF(D21*J21<0,"n.m.",IF(D21/J21-1>100%,">100%",D21/J21-1)),"n.m.") -> -0.028571429
B24: 1 Including migration of 201k RoutIT seats per Q2 '16, following acquisition remaining shares RoutIT
C27: Mainly SME - Mobile-only KPIs1 | D27: =D16 -> 2017 | E27: =E16 -> Q4 '17 | F27: =F2 -> Q3 '17 | G27: =G2 -> Q2 '17 | H27: =H2 -> Q1 '17 | J27: =J16 -> 2016 | K27: Q4 '16 | L27: Q3 '16 | M27: Q2 '16 | N27: Q1 '16 | P27: y-on-y | Q27: y-on-y
P28: =P17 -> Q4% | Q28: =Q17 -> FY%
C30: Mobile-only customers (*1,000)2 | D30: =E30 -> 1000 | E30: 1000 | F30: 1024 | G30: 1074 | H30: 1103 | J30: 1162 | K30: 1162 | L30: 1254 | M30: 1264 | N30: 1331 | P30: =+IFERROR(IF(E30*K30<0,"n.m.",IF(E30/K30-1>100%,">100%",E30/K30-1)),"n.m.") -> -0.1394148 | Q30: =+IFERROR(IF(D30*J30<0,"n.m.",IF(D30/J30-1>100%,">100%",D30/J30-1)),"n.m.") -> -0.1394148
C32: Mobile-only ARPU | D32: 30 | E32: 29 | F32: 30 | G32: 32 | H32: 32 | J32: 32 | K32: 31 | L32: 33 | M32: 31 | N32: 33 | O32: 35 | P32: =+IFERROR(IF(E32*K32<0,"n.m.",IF(E32/K32-1>100%,">100%",E32/K32-1)),"n.m.") -> -0.064516129 | Q32: =+IFERROR(IF(D32*J32<0,"n.m.",IF(D32/J32-1>100%,">100%",D32/J32-1)),"n.m.") -> -0.0625
B35: 1 Excluding M2M
B36: 2 Including migration of 15k from Consumer in Q2 '17 and 32k customers per Q3 '16 following acquisition of Dekatel
C39: Mainly SME - Fixed-only traditional KPIs | D39: =D27 -> 2017 | E39: =E27 -> Q4 '17 | F39: =F2 -> Q3 '17 | G39: =G2 -> Q2 '17 | H39: =H2 -> Q1 '17 | J39: =J27 -> 2016 | K39: Q4 '16 | L39: Q3 '16 | M39: Q2 '16 | N39: Q1 '16 | P39: y-on-y | Q39: y-on-y
P40: =P28 -> Q4% | Q40: =Q28 -> FY%
C42: Fixed-only voice lines (*1,000) | D42: 382 | E42: 382 | F42: 405 | G42: 427 | H42: 449 | J42: 474 | K42: 474 | L42: 506 | M42: 530 | N42: 563 | P42: =+IFERROR(IF(E42*K42<0,"n.m.",IF(E42/K42-1>100%,">100%",E42/K42-1)),"n.m.") -> -0.19409283 | Q42: =+IFERROR(IF(D42*J42<0,"n.m.",IF(D42/J42-1>100%,">100%",D42/J42-1)),"n.m.") -> -0.19409283
C44: Fixed-only voice ARPU | D44: =E44 -> 47 | E44: 47 | F44: 47 | G44: 48 | H44: 48 | J44: 48 | K44: 48 | L44: 47 | M44: 49 | N44: 49 | P44: =+IFERROR(IF(E44*K44<0,"n.m.",IF(E44/K44-1>100%,">100%",E44/K44-1)),"n.m.") -> -0.020833333 | Q44: =+IFERROR(IF(D44*J44<0,"n.m.",IF(D44/J44-1>100%,">100%",D44/J44-1)),"n.m.") -> -0.020833333
C46: Fixed-only broadband lines (*1,000)1 | D46: =E46 -> 104 | E46: 104 | F46: 118 | G46: 125 | H46: 131 | J46: 137 | K46: 137 | L46: 143 | M46: 145 | N46: 150 | P46: =+IFERROR(IF(E46*K46<0,"n.m.",IF(E46/K46-1>100%,">100%",E46/K46-1)),"n.m.") -> -0.24087591 | Q46: =+IFERROR(IF(D46*J46<0,"n.m.",IF(D46/J46-1>100%,">100%",D46/J46-1)),"n.m.") -> -0.24087591
C48: Fixed-only broadband ARPU | D48: 41 | E48: 42 | F48: 43 | G48: 38.74501 | H48: 39 | J48: 38 | K48: 40 | L48: 40 | M48: 35 | N48: 36 | P48: =+IFERROR(IF(E48*K48<0,"n.m.",IF(E48/K48-1>100%,">100%",E48/K48-1)),"n.m.") -> 0.05 | Q48: =+IFERROR(IF(D48*J48<0,"n.m.",IF(D48/J48-1>100%,">100%",D48/J48-1)),"n.m.") -> 0.078947368
B51: 1 Including 8k clean-up in Q4 '17

Sheet Wholesale revenues
C2: Wholesale revenues | D2: ='P&L & Cash flow'!D2 -> 2017 | E2: ='P&L & Cash flow'!E2 -> Q4 '17 | F2: ='P&L & Cash flow'!F2 -> Q3 '17 | G2: ='P&L & Cash flow'!G2 -> Q2 '17 | H2: Q1 '17 | J2: 2016 | K2: Q4 '16 | L2: Q3 '16 | M2: Q2 '16 | N2: Q1 '16 | P2: =+'Consumer KPIs'!P2 -> y-on-y | Q2: =+'Consumer KPIs'!Q2 -> y-on-y
P3: =+'Consumer KPIs'!P3 -> Q4% | Q3: =+'Consumer KPIs'!Q3 -> FY%
C5: Mobile service revenues | D5: =SUM(E5:H5) -> 120 | E5: 31 | F5: 29 | G5: 28 | H5: 32 | J5: =SUM(K5:N5) -> 132 | K5: 34 | L5: 34 | M5: 33 | N5: 31 | P5: =+IFERROR(IF(E5*K5<0,"n.m.",IF(E5/K5-1>100%,">100%",E5/K5-1)),"n.m.") -> -0.088235294 | Q5: =+IFERROR(IF(D5*J5<0,"n.m.",IF(D5/J5-1>100%,">100%",D5/J5-1)),"n.m.") -> -0.090909091
C6: Fixed revenues | D6: =SUM(E6:H6) -> 556 | E6: 131 | F6: 129 | G6: 150 | H6: 146 | J6: =SUM(K6:N6) -> 628 | K6: 170 | L6: 158 | M6: 151 | N6: 149 | P6: =+IFERROR(IF(E6*K6<0,"n.m.",IF(E6/K6-1>100%,">100%",E6/K6-1)),"n.m.") -> -0.22941176 | Q6: =+IFERROR(IF(D6*J6<0,"n.m.",IF(D6/J6-1>100%,">100%",D6/J6-1)),"n.m.") -> -0.11464968
C7: Total Wholesale revenues | D7: =SUM(D5:D6) -> 676 | E7: =SUM(E5:E6) -> 162 | F7: =SUM(F5:F6) -> 158 | G7: =SUM(G5:G6) -> 178 | H7: =H5+H6 -> 178 | J7: =SUM(K7:N7) -> 760 | K7: =SUM(K5:K6) -> 204 | L7: =SUM(L5:L6) -> 192 | M7: 184 | N7: 180 | P7: =+IFERROR(IF(E7*K7<0,"n.m.",IF(E7/K7-1>100%,">100%",E7/K7-1)),"n.m.") -> -0.20588235 | Q7: =+IFERROR(IF(D7*J7<0,"n.m.",IF(D7/J7-1>100%,">100%",D7/J7-1)),"n.m.") -> -0.11052632
C13: Adjusted Wholesale revenues | D13: =D2 -> 2017 | E13: =E2 -> Q4 '17 | F13: =F2 -> Q3 '17 | G13: =G2 -> Q2 '17 | H13: Q1 '17 | J13: 2016 | K13: Q4 '16 | L13: Q3 '16 | M13: Q2 '16 | N13: Q1 '16 | P13: y-on-y | Q13: y-on-y
P14: =P3 -> Q4% | Q14: =Q3 -> FY%
C16: Mobile service revenues | D16: =SUM(E16:H16) -> 120 | E16: 31 | F16: 29 | G16: 28 | H16: 32 | J16: =SUM(K16:N16) -> 132 | K16: 34 | L16: 34 | M16: 33 | N16: 31 | P16: =+IFERROR(IF(E16*K16<0,"n.m.",IF(E16/K16-1>100%,">100%",E16/K16-1)),"n.m.") -> -0.088235294 | Q16: =+IFERROR(IF(D16*J16<0,"n.m.",IF(D16/J16-1>100%,">100%",D16/J16-1)),"n.m.") -> -0.090909091
C17: Fixed revenues | D17: =SUM(E17:H17) -> 558 | E17: 131 | F17: 139 | G17: 142 | H17: 146 | J17: =SUM(K17:N17) -> 602 | K17: 151 | L17: 151 | M17: 151 | N17: 149 | P17: =+IFERROR(IF(E17*K17<0,"n.m.",IF(E17/K17-1>100%,">100%",E17/K17-1)),"n.m.") -> -0.13245033 | Q17: =+IFERROR(IF(D17*J17<0,"n.m.",IF(D17/J17-1>100%,">100%",D17/J17-1)),"n.m.") -> -0.073089701
C18: Total Wholesale revenues | D18: =SUM(D16:D17) -> 678 | E18: =SUM(E16:E17) -> 162 | F18: =SUM(F16:F17) -> 168 | G18: =SUM(G16:G17) -> 170 | H18: =H16+H17 -> 178 | J18: =SUM(K18:N18) -> 734 | K18: 185 | L18: 185 | M18: 184 | N18: 180 | P18: =+IFERROR(IF(E18*K18<0,"n.m.",IF(E18/K18-1>100%,">100%",E18/K18-1)),"n.m.") -> -0.12432432 | Q18: =+IFERROR(IF(D18*J18<0,"n.m.",IF(D18/J18-1>100%,">100%",D18/J18-1)),"n.m.") -> -0.076294278

Sheet Wholesale KPIs
C2: Wholesale Mobile KPIs | D2: ='P&L & Cash flow'!D2 -> 2017 | E2: ='P&L & Cash flow'!E2 -> Q4 '17 | F2: ='P&L & Cash flow'!F2 -> Q3 '17 | G2: ='P&L & Cash flow'!G2 -> Q2 '17 | H2: Q1 '17 | J2: 2016 | K2: Q4 '16 | L2: Q3 '16 | M2: Q2 '16 | N2: Q1 '16 | P2: =+'CF, Capex, BS & Debt sum'!Q2 -> y-on-y | Q2: y-on-y
P3: ='Wholesale revenues'!P3 -> Q4% | Q3: FY%
C5: Customers¹ (*1,000) | D5: =D6+D7 -> 775 | E5: =E6+E7 -> 775 | F5: =F6+F7 -> 779 | G5: =G6+G7 -> 771 | H5: =H6+H7 -> 780 | J5: 778 | K5: 778 | L5: 787 | M5: 825 | N5: 827 | P5: =+IFERROR(IF(E5*K5<0,"n.m.",IF(E5/K5-1>100%,">100%",E5/K5-1)),"n.m.") -> -0.0038560411 | Q5: =+IFERROR(IF(D5*J5<0,"n.m.",IF(D5/J5-1>100%,">100%",D5/J5-1)),"n.m.") -> -0.0038560411
C6: - Postpaid2 | D6: =E6 -> 313 | E6: 313 | F6: 316 | G6: 312 | H6: 319 | J6: 314 | K6: 314 | L6: 316 | M6: 351 | N6: 349 | P6: =+IFERROR(IF(E6*K6<0,"n.m.",IF(E6/K6-1>100%,">100%",E6/K6-1)),"n.m.") -> -0.0031847134 | Q6: =+IFERROR(IF(D6*J6<0,"n.m.",IF(D6/J6-1>100%,">100%",D6/J6-1)),"n.m.") -> -0.0031847134
C7: - Prepaid | D7: =E7 -> 462 | E7: 462 | F7: 463 | G7: 459 | H7: 461 | J7: 464 | K7: 464 | L7: 471 | M7: 474 | N7: 478 | P7: =+IFERROR(IF(E7*K7<0,"n.m.",IF(E7/K7-1>100%,">100%",E7/K7-1)),"n.m.") -> -0.0043103448 | Q7: =+IFERROR(IF(D7*J7<0,"n.m.",IF(D7/J7-1>100%,">100%",D7/J7-1)),"n.m.") -> -0.0043103448
B10: 1 Full MVNO customers are not included
B11: 2 Including migration of 32k Dekatel customers to Business per Q3 '16, following acquisition of Dekatel
C14: Wholesale Fixed KPIs | D14: =D2 -> 2017 | E14: =E2 -> Q4 '17 | F14: =F2 -> Q3 '17 | G14: =G2 -> Q2 '17 | H14: =H2 -> Q1 '17 | J14: 2016 | K14: Q4 '16 | L14: Q3 '16 | M14: Q2 '16 | N14: Q1 '16 | O14: =O2 -> 0 | P14: =P2 -> y-on-y | Q14: =Q2 -> y-on-y
P15: =P3 -> Q4% | Q15: =Q3 -> FY%
C17: Total wholesale lines1 (*1,000) | D17: =E17 -> 931 | E17: 931 | F17: 941 | G17: 986 | H17: 997 | J17: 1001 | K17: 1001 | L17: 1004 | M17: 992 | N17: 1030 | O17: =O19+O20 -> 0 | P17: =+IFERROR(IF(E17*K17<0,"n.m.",IF(E17/K17-1>100%,">100%",E17/K17-1)),"n.m.") -> -0.06993007 | Q17: =+IFERROR(IF(D17*J17<0,"n.m.",IF(D17/J17-1>100%,">100%",D17/J17-1)),"n.m.") -> -0.06993007
C18: - of which: Voice lines (WLR) | D18: =E18 -> 162 | E18: 162 | F18: 172 | G18: 182 | H18: 191 | J18: 199 | K18: 199 | L18: 205 | M18: 216 | N18: 221 | P18: =+IFERROR(IF(E18*K18<0,"n.m.",IF(E18/K18-1>100%,">100%",E18/K18-1)),"n.m.") -> -0.18592965 | Q18: =+IFERROR(IF(D18*J18<0,"n.m.",IF(D18/J18-1>100%,">100%",D18/J18-1)),"n.m.") -> -0.18592965
C19: - of which: ULL / MDF | D19: =E19 -> 191 | E19: 191 | F19: 197 | G19: 205 | H19: 215 | J19: 249 | K19: 249 | L19: 323 | M19: 359 | N19: 412 | P19: =+IFERROR(IF(E19*K19<0,"n.m.",IF(E19/K19-1>100%,">100%",E19/K19-1)),"n.m.") -> -0.23293173 | Q19: =+IFERROR(IF(D19*J19<0,"n.m.",IF(D19/J19-1>100%,">100%",D19/J19-1)),"n.m.") -> -0.23293173
C20: - of which: VULA / WBA2 | D20: =E20 -> 582 | E20: 582 | F20: 578 | G20: 612 | H20: 607 | J20: 572 | K20: 572 | L20: 486 | M20: 433 | N20: 447 | P20: =+IFERROR(IF(E20*K20<0,"n.m.",IF(E20/K20-1>100%,">100%",E20/K20-1)),"n.m.") -> 0.017482517 | Q20: =+IFERROR(IF(D20*J20<0,"n.m.",IF(D20/J20-1>100%,">100%",D20/J20-1)),"n.m.") -> 0.017482517
B23: 1 ULL/MDF + VULA/WBA + Voice lines (WLR) - MDF / WBA shared lines (+ Interconnect leased lines on copper and fiber)
B24: 2 Including migration of 35k Solcon customers to Consumer per Q3 '17; and 50k RoutIT lines per Q2 '16, following acquisition remaining shares RoutIT

Sheet Bond overview
C2: Bond overview1,2
D4: GMTN | E4: Currency | F4: Nominal amount outstanding (m) | G4: Nominal euro amount outstanding (m) | H4: Coupon | I4: Issue date | J4: Interest date(s) | K4: Redemption | L4: ISIN code | M4: Comments | N4: Days convention
C7: Eurobond | D7: yes | E7: EUR | F7: 465 | G7: 465 | H7: 0.075 | I7: 4-Feb-'09 | J7: 4-Feb | K7: 4-Feb-'19 | L7: XS0411850075 | M7: Put event applicable in case of Change of Control as specified in GMTN prospectus 2008 | N7: Actual/ Actual
C9: Eurobond | D9: yes | E9: GBP | F9: 96 | G9: 123 | H9: 0.06 | I9: 29-May-'07 | J9: 29-May | K9: 29-May-'19 | L9: XS0303070113 | M9: Swapped into Fixed Rate of 4.58% (30/360) Put event applicable in case of Change of Control as specified in GMTN prospectus 2007 | N9: Actual/ Actual
C11: Eurobond | D11: yes | E11: EUR | F11: 461 | G11: 461 | H11: 0.0375 | I11: 21-Sep-'10 | J11: 21-Sep | K11: 21-Sep-'20 | L11: XS0543354236 | M11: Swapped to fixed rate of 1.04% Put event applicable in case of Change of Control as specified in GMTN prospectus 2010 | N11: Actual/ Actual
C13: Eurobond | D13: yes | E13: EUR | F13: 361 | G13: 361 | H13: 0.0325 | I13: 1-Aug-'12 | J13: 1-Feb | K13: 1-Feb-'21 | L13: XS0811124790 | M13: Put event applicable in case of Change of Control as specified in GMTN prospectus 2012 | N13: Actual/ Actual
C15: Eurobond | D15: yes | E15: EUR | F15: 253 | G15: 253 | H15: 0.045 | I15: 15-Sep-'11 | J15: 4-Oct | K15: 4-Oct-'21 | L15: XS0677389347 | M15: Swapped to fixed rate of 0.87% Put event applicable in case of Change of Control as specified in GMTN prospectus 2011 | N15: Actual/ Actual
C17: Eurobond | D17: yes | E17: EUR | F17: 616 | G17: 616 | H17: 0.0425 | I17: 1-Mar-'12 | J17: 1-Mar | K17: 1-Mar-'22 | L17: XS0752092311 | M17: Put event applicable in case of Change of Control as specified in GMTN prospectus 2011 | N17: Actual/ Actual
C19: Eurobond | D19: yes | E19: EUR | F19: 431 | G19: 431 | H19: 0.05625 | I19: 30-Sep-'09 | J19: 30-Sep | K19: 30-Sep-'24 | L19: XS0454773713 | M19: Swapped to fixed rate of 3.43% Put event applicable in case of Change of Control as specified in GMTN prospectus 2009 | N19: Actual/ Actual
C21: Eurobond | D21: yes | E21: EUR | F21: 625 | G21: 625 | H21: 0.00625 | I21: 9-Sep-'16 | J21: 9-Apr | K21: 9-Apr-'25 | L21: XS1485532896 | M21: Put event applicable in case of Change of Control as specified in GMTN prospectus 2016 | N21: Actual/ Actual
C23: Eurobond | D23: yes | E23: GBP | F23: 400 | G23: 474 | H23: 0.05 | I23: 18-Nov-'11 | J23: 18-Nov | K23: 18-Nov-'26 | L23: XS0707430947 | M23: Swapped into Fixed Rate of 4.42% (30/360) Put event applicable in case of Change of Control as specified in GMTN prospectus 2011 | N23: Actual/ Actual
C25: Eurobond | D25: yes | E25: EUR | F25: 625 | G25: 625 | H25: 0.01125 | I25: 9-Sep-'16 | J25: 11-Sep | K25: 11-Sep-'28 | L25: XS1485533431 | M25: Swapped into floating Rate 6 month Euribor Put event applicable in case of Change of Control as specified in GMTN prospectus 2016 | N25: Actual/ Actual
C27: Eurobond | D27: yes | E27: GBP | F27: 850 | G27: 972 | H27: 0.0575 | I27: 17-Sep-'09 | J27: 17-Sep | K27: 17-Sep-'29 | L27: XS0451790280 | M27: Swapped into Fixed Rate of 5.43% (30/360) Put event applicable in case of Change of Control as specified in GMTN prospectus 2009 | N27: Actual/ Actual
C29: Global bond | D29: no | E29: USD | F29: 1000 | G29: 756 | H29: 0.08375 | I29: 4-Oct-'00 | J29: 1-Apr 1-Oct | K29: 1-Oct-'30 | L29: US780641AH94 | M29: Swapped into Fixed Rate of 8.56% (30/360) After exchange offer Issued as USN7637QAC70 (Reg S Global Note) & US780641AC08 (144A Global Note) | N29: 30/360
C31: Total Senior Bonds Royal KPN NV | G31: =SUM(G6:G29) -> 6162
C33: Hybrid bond | D33: no | E33: EUR | F33: 1100 | G33: 1100 | H33: 0.06125 | I33: 7-Mar-'13 | J33: 14-Sep | K33: Perpetual | L33: XS0903872355 | M33: First call date on 14 September 2018 | N33: Actual/ Actual
C35: Hybrid bond | D35: no | E35: GBP | F35: 400 | G35: 460 | H35: 0.06875 | I35: 7-Mar-'13 | J35: 14-Mar | K35: 14-Mar-'73 | L35: XS0903872603 | M35: Swapped into Fixed rate of 6.78% until 2020 First call date on 14 March 2020 | N35: Actual/ Actual
C37: Hybrid bond | D37: no | E37: USD | F37: 600 | G37: 465 | H37: 0.07 | I37: 21-Mar-'13 | J37: 28-Mar 28-Sep | K37: 28-Mar-'73 | L37: US50048VAA89/USN4297BBC74 | M37: Swapped into Fixed rate of 6.34% until 2023 First call date on 28 March 2023 | N37: 30/360
C39: Total Hybrid Bonds Royal KPN NV | G39: =SUM(G33:G37) -> 2025
C41: Total Bonds Royal KPN NV | G41: =+G39+G31 -> 8187
C43: 1 All bonds are listed in Amsterdam
C44: 2 Bankers Trust is Paying Agent for the Global Bond, Citibank for all other bonds
